Workbook

Sheet 封面
A6: 柳城县
A7: 2024年财政预算执行情况和2025年财政预算表
A14: 柳城县财政局编制
A15: 2024年12月

Sheet 目录
A1: 目 录
A2: 一、一般公共预算报表
A3: （一）柳城县一般公共预算2025年收入预算
A4: （二）柳城县一般公共预算2025年支出预算
A5: （三）柳城县本级一般公共预算2025年收入预算
A6: （四）柳城县本级一般公共预算2025年支出预算
A7: （五）柳城县本级一般公共预算2025年基本支出预算（按政府经济分类科目）
A8: （六）柳城县一般公共预算2025年税收返还和转移支付预算
A9: （七）柳城县一般公共预算2025年对下级财政转移支付支出分项目预算
A10: （八）柳城县一般公共预算2025年对下级财政转移支付支出分地区预算
A11: （九）柳城县2024年一般债务余额及年度限额统计表
A12: 二、政府性基金预算报表
... A31: （二十五）柳城县2024年-2025年政府债券发行及还本付息情况表

Sheet 全公收
A1: 附表1
A2: 柳城县一般公共预算2025年收入预算
J3: 单位：万元
A4: 项目 | B4: 2024年 | E4: 2025年预算
B5: 年初预算数 | C5: 执行数 | D5: 完成年初预算% | E5: 建议数 | I5: 比2024年执行数增减
E6: 合计 | F6: 本级当年安排 | G6: 上级提前下达 | H6: 上年结转 | I6: 金额 | J6: 比率 | M6: 税收全口径
A7: 一、税收收入 | B7: =SUM(B8:B21) -> 49000 | C7: =SUM(C8:C21) -> 38453 | D7: =IF(B7=0,0,C7/B7)*100 -> 78.47551 | E7: =SUM(E8:E21) -> 42000 | F7: =SUM(F8:F21) -> 42000 | I7: =E7-C7 -> 3547 | J7: =IF(C7=0,0,I7/C7)*100 -> 9.2242478 | L7: =O7-N7 -> 1912 | M7: =SUM(M8:M20) -> 58000 | N7: =SUM(N8:N21) -> 24328 | O7: =SUM(O8:O21) -> 26240 | P7: =SUM(P8:P21) -> 70000.339
A8: 增值税 | B8: 19000 | C8: 15116 | D8: =IF(B8=0,0,C8/B8)*100 -> 79.557895 | E8: =SUM(F8:H8) -> 16700 | F8: 16700 | I8: =E8-C8 -> 1584 | J8: =IF(C8=0,0,I8/C8)*100 -> 10.478963 | M8: 35000 | N8: 11128 | O8: 12741 | P8: =O8/0.32 -> 39815.625
A9: 企业所得税 | B9: 6500 | C9: 4546 | D9: =IF(B9=0,0,C9/B9)*100 -> 69.938462 | E9: =SUM(F9:H9) -> 5000 | F9: 5000 | I9: =E9-C9 -> 454 | J9: =IF(C9=0,0,I9/C9)*100 -> 9.9868016 | M9: 8900 | N9: 3500 | O9: 6600 | P9: =O9/0.3 -> 22000
A10: 个人所得税 | B10: 1000 | C10: 583 | D10: =IF(B10=0,0,C10/B10)*100 -> 58.3 | E10: =SUM(F10:H10) -> 700 | F10: 700 | I10: =E10-C10 -> 117 | J10: =IF(C10=0,0,I10/C10)*100 -> 20.068611 | M10: 4000 | N10: 700 | O10: 400 | P10: =O10/0.25 -> 1600
A11: 环境保护税 | B11: 200 | C11: 156 | D11: =IF(B11=0,0,C11/B11)*100 -> 78 | E11: =SUM(F11:H11) -> 200 | F11: 200 | I11: =E11-C11 -> 44 | J11: =IF(C11=0,0,I11/C11)*100 -> 28.205128 | M11: 300 | N11: 200 | O11: 200 | P11: =O11/0.7 -> 285.71429
A12: 资源税 | B12: 700 | C12: 431 | D12: =IF(B12=0,0,C12/B12)*100 -> 61.571429 | E12: =SUM(F12:H12) -> 500 | F12: 500 | I12: =E12-C12 -> 69 | J12: =IF(C12=0,0,I12/C12)*100 -> 16.009281 | M12: 1500 | N12: 900 | O12: 700 | P12: 700
A13: 城市维护建设税 | B13: 2000 | C13: 2157 | D13: =IF(B13=0,0,C13/B13)*100 -> 107.85 | E13: =SUM(F13:H13) -> 2400 | F13: 2400 | I13: =E13-C13 -> 243 | J13: =IF(C13=0,0,I13/C13)*100 -> 11.265647 | M13: 1500 | N13: 1500 | O13: 1000 | P13: 1000
A14: 房产税 | B14: 1000 | C14: 2679 | D14: =IF(B14=0,0,C14/B14)*100 -> 267.9 | E14: =SUM(F14:H14) -> 2300 | F14: 2300 | I14: =E14-C14 -> -379 | J14: =IF(C14=0,0,I14/C14)*100 -> -14.14707 | M14: 1000 | N14: 1000 | O14: 800 | P14: 800
A15: 印花税 | B15: 2000 | C15: 1602 | D15: =IF(B15=0,0,C15/B15)*100 -> 80.1 | E15: =SUM(F15:H15) -> 1800 | F15: 1800 | I15: =E15-C15 -> 198 | J15: =IF(C15=0,0,I15/C15)*100 -> 12.359551 | M15: 800 | N15: 1000 | O15: 799 | P15: 799
A16: 城镇土地使用税 | B16: 1200 | C16: 1776 | D16: =IF(B16=0,0,C16/B16)*100 -> 148 | E16: =SUM(F16:H16) -> 2000 | F16: 2000 | I16: =E16-C16 -> 224 | J16: =IF(C16=0,0,I16/C16)*100 -> 12.612613 | M16: 900 | N16: 1000 | O16: 1000 | P16: 1000
A17: 土地增值税 | B17: 1500 | C17: 96 | D17: =IF(B17=0,0,C17/B17)*100 -> 6.4 | E17: =SUM(F17:H17) -> 100 | F17: 100 | I17: =E17-C17 -> 4 | J17: =IF(C17=0,0,I17/C17)*100 -> 4.1666667 | M17: 1700 | N17: 1100 | O17: 800 | P17: 800
A18: 车船税 | B18: 3100 | C18: 3526 | D18: =IF(B18=0,0,C18/B18)*100 -> 113.74194 | E18: =SUM(F18:H18) -> 3600 | F18: 3600 | I18: =E18-C18 -> 74 | J18: =IF(C18=0,0,I18/C18)*100 -> 2.0986954 | M18: 700 | N18: 700 | O18: 600 | P18: 600
A19: 耕地占用税 | B19: 8000 | C19: 4647 | D19: =IF(B19=0,0,C19/B19)*100 -> 58.0875 | E19: =SUM(F19:H19) -> 5500 | F19: 5500 | I19: =E19-C19 -> 853 | J19: =IF(C19=0,0,I19/C19)*100 -> 18.355929 | M19: 200 | N19: 100
A20: 契税 | B20: 2800 | C20: 1138 | D20: =IF(B20=0,0,C20/B20)*100 -> 40.642857 | E20: =SUM(F20:H20) -> 1200 | F20: 1200 | I20: =E20-C20 -> 62 | J20: =IF(C20=0,0,I20/C20)*100 -> 5.4481547 | M20: 1500 | N20: 1500 | O20: 600 | P20: 600
A21: 其他税收收入 | B21: 0 | D21: =IF(B21=0,0,C21/B21)*100 -> 0 | E21: =SUM(F21:H21) -> 0 | I21: =E21-C21 -> 0 | J21: =IF(C21=0,0,I21/C21)*100 -> 0
A22: 二、非税收入 | B22: =SUM(B23:B30) -> 30000 | C22: =SUM(C23:C30) -> 14967 | D22: =IF(B22=0,0,C22/B22)*100 -> 49.89 | E22: =SUM(E23:E30) -> 13000 | F22: =SUM(F23:F30) -> 13000 | I22: =E22-C22 -> -1967 | J22: =IF(C22=0,0,I22/C22)*100 -> -13.142246 | L22: =O22-N22 -> 0 | N22: =SUM(N23:N30) -> 55770 | O22: =SUM(O23:O30) -> 55770 | P22: =SUM(P23:P30) -> 55770
A23: 专项收入 | B23: 2800 | C23: 3256 | D23: =IF(B23=0,0,C23/B23)*100 -> 116.28571 | E23: =SUM(F23:H23) -> 3100 | F23: 3100 | I23: =E23-C23 -> -156 | J23: =IF(C23=0,0,I23/C23)*100 -> -4.7911548 | N23: 2500 | O23: 2500 | P23: 2500
A24: 行政事业性收费收入 | B24: 2500 | C24: 2841 | D24: =IF(B24=0,0,C24/B24)*100 -> 113.64 | E24: =SUM(F24:H24) -> 2900 | F24: 2900 | I24: =E24-C24 -> 59 | J24: =IF(C24=0,0,I24/C24)*100 -> 2.0767335 | N24: 2500 | O24: 2500 | P24: 2500
A25: 罚没收入 | B25: 2500 | C25: 2992 | D25: =IF(B25=0,0,C25/B25)*100 -> 119.68 | E25: =SUM(F25:H25) -> 3000 | F25: 3000 | I25: =E25-C25 -> 8 | J25: =IF(C25=0,0,I25/C25)*100 -> 0.26737968 | N25: 2500 | O25: 2500 | P25: 2500
A26: 国有资本经营收入 | B26: 2000 | C26: 1620 | D26: =IF(B26=0,0,C26/B26)*100 -> 81 | E26: =SUM(F26:H26) -> 0 | I26: =E26-C26 -> -1620 | J26: =IF(C26=0,0,I26/C26)*100 -> -100
A27: 国有资源(资产)有偿使用收入 | B27: 20150 | C27: 4033 | D27: =IF(B27=0,0,C27/B27)*100 -> 20.014888 | E27: =SUM(F27:H27) -> 3800 | F27: 3800 | I27: =E27-C27 -> -233 | J27: =IF(C27=0,0,I27/C27)*100 -> -5.777337 | N27: 48172 | O27: 48000 | P27: 48000
A28: 捐赠收入 | B28: 0 | D28: =IF(B28=0,0,C28/B28)*100 -> 0 | E28: =SUM(F28:H28) -> 0 | I28: =E28-C28 -> 0 | J28: =IF(C28=0,0,I28/C28)*100 -> 0
A29: 政府住房基金收入 | B29: 50 | C29: 224 | D29: =IF(B29=0,0,C29/B29)*100 -> 448 | E29: =SUM(F29:H29) -> 200 | F29: 200 | I29: =E29-C29 -> -24 | J29: =IF(C29=0,0,I29/C29)*100 -> -10.714286 | N29: 98 | O29: 270 | P29: 270
A30: 其他收入 | B30: 0 | C30: 1 | D30: =IF(B30=0,0,C30/B30)*100 -> 0 | E30: =SUM(F30:H30) -> 0 | I30: =E30-C30 -> -1 | J30: =IF(C30=0,0,I30/C30)*100 -> -100
A31: 一般公共预算收入合计 | B31: =SUM(B7,B22) -> 79000 | C31: =SUM(C7,C22) -> 53420 | D31: =IF(B31=0,0,C31/B31)*100 -> 67.620253 | E31: =SUM(E7,E22) -> 55000 | F31: =SUM(F7,F22) -> 55000 | I31: =E31-C31 -> 1580 | J31: =IF(C31=0,0,I31/C31)*100 -> 2.9576937 | L31: =SUM(L7,L22) -> 1912 | M31: =SUM(M7,M22) -> 58000 | N31: =SUM(N7,N22) -> 80098 | O31: =SUM(O7,O22) -> 82010 | P31: =SUM(P7,P22) -> 125770.34
A32: 转移性收入 | B32: =SUM(B33,B92,B93,B97:B99) -> 231685 | C32: =SUM(C33,C92,C93,C97:C99) -> 300548 | D32: =IF(B32=0,0,C32/B32)*100 -> 129.72268 | E32: =SUM(E33,E92,E93,E97:E99) -> 254314 | F32: =SUM(F33,F92,F93,F97:F99) -> 106085 | G32: =SUM(G33,G92,G93,G97:G99) -> 97503 | H32: =SUM(H33,H92,H93,H97:H99) -> 50726 | I32: =E32-C32 -> -46234 | J32: =IF(C32=0,0,I32/C32)*100 -> -15.383233 | P32: 119213
A33: 上级补助收入 | B33: 148979 | C33: =SUM(C34,C41,C70) -> 213219 | D33: =IF(B33=0,0,C33/B33)*100 -> 143.12017 | E33: =SUM(E34,E41,E70) -> 172968 | F33: =SUM(F34,F41,F70) -> 86165 | G33: =SUM(G34,G41,G70) -> 86803 | H33: =SUM(H34,H41,H70) -> 0 | I33: =E33-C33 -> -40251 | J33: =IF(C33=0,0,I33/C33)*100 -> -18.877774 | P33: =(P31-P32)/P32 -> 0.055005237
A34: 返还性收入 | B34: 9510 | C34: =SUM(C35:C40) -> 9510 | D34: =IF(B34=0,0,C34/B34)*100 -> 100 | E34: =SUM(E35:E40) -> 9510 | F34: =SUM(F35:F40) -> 9510 | G34: =SUM(G35:G40) -> 0 | H34: =SUM(H35:H40) -> 0 | I34: =E34-C34 -> 0 | J34: =IF(C34=0,0,I34/C34)*100 -> 0
A35: 增值税税收返还收入 | B35: 5742 | C35: 1432 | D35: =IF(B35=0,0,C35/B35)*100 -> 24.939046 | E35: =SUM(F35:H35) -> 1432 | F35: 1432 | I35: =E35-C35 -> 0 | J35: =IF(C35=0,0,I35/C35)*100 -> 0
A36: 消费税基数返还收入 | B36: 36 | C36: 586 | D36: =IF(B36=0,0,C36/B36)*100 -> 1627.7778 | E36: =SUM(F36:H36) -> 586 | F36: 586 | I36: =E36-C36 -> 0 | J36: =IF(C36=0,0,I36/C36)*100 -> 0
A37: 所得税基数返还收入 | B37: 1432 | C37: 5742 | D37: =IF(B37=0,0,C37/B37)*100 -> 400.97765 | E37: =SUM(F37:H37) -> 5742 | F37: 5742 | I37: =E37-C37 -> 0 | J37: =IF(C37=0,0,I37/C37)*100 -> 0
A38: 成品油价格和税费改革税收返还收入 | B38: 586 | C38: 36 | D38: =IF(B38=0,0,C38/B38)*100 -> 6.1433447 | E38: =SUM(F38:H38) -> 36 | F38: 36 | I38: =E38-C38 -> 0 | J38: =IF(C38=0,0,I38/C38)*100 -> 0
A39: 增值税“五五分享”税收返还收入 | B39: 180 | C39: 180 | D39: =IF(B39=0,0,C39/B39)*100 -> 100 | E39: =SUM(F39:H39) -> 180 | F39: 180 | I39: =E39-C39 -> 0 | J39: =IF(C39=0,0,I39/C39)*100 -> 0
A40: 其他返还性收入 | B40: 1534 | C40: 1534 | D40: =IF(B40=0,0,C40/B40)*100 -> 100 | E40: =SUM(F40:H40) -> 1534 | F40: 1534 | I40: =E40-C40 -> 0 | J40: =IF(C40=0,0,I40/C40)*100 -> 0
A41: 一般性转移支付收入 | B41: 135543 | C41: =SUM(C42:C69) -> 192871 | D41: =IF(B41=0,0,C41/B41)*100 -> 142.29507 | E41: =SUM(E42:E69) -> 156832 | F41: =SUM(F42:F69) -> 76655 | G41: =SUM(G42:G69) -> 80177 | H41: =SUM(H42:H69) -> 0 | I41: =E41-C41 -> -36039 | J41: =IF(C41=0,0,I41/C41)*100 -> -18.685546
A42: 体制补助收入 | B42: 980 | C42: 980 | D42: =IF(B42=0,0,C42/B42)*100 -> 100 | E42: =SUM(F42:H42) -> 980 | F42: 980 | I42: =E42-C42 -> 0 | J42: =IF(C42=0,0,I42/C42)*100 -> 0
A43: 均衡性转移支付补助收入 | B43: 35759 | C43: 46586 | D43: =IF(B43=0,0,C43/B43)*100 -> 130.27769 | E43: =SUM(F43:H43) -> 37088 | F43: 37088 | I43: =E43-C43 -> -9498 | J43: =IF(C43=0,0,I43/C43)*100 -> -20.388099
A44: 县级基本财力保障机制奖补资金收入 | B44: 11082 | C44: 18499 | D44: =IF(B44=0,0,C44/B44)*100 -> 166.92835 | E44: =SUM(F44:H44) -> 17632 | F44: 17632 | I44: =E44-C44 -> -867 | J44: =IF(C44=0,0,I44/C44)*100 -> -4.6867398
A45: 结算补助收入 | B45: 394 | C45: 1896 | D45: =IF(B45=0,0,C45/B45)*100 -> 481.21827 | E45: =SUM(F45:H45) -> 395 | F45: 188 | G45: 207 | I45: =E45-C45 -> -1501 | J45: =IF(C45=0,0,I45/C45)*100 -> -79.166667
A46: 资源枯竭型城市转移支付补助收入 | B46: 0 | C46: 0 | D46: =IF(B46=0,0,C46/B46)*100 -> 0 | E46: =SUM(F46:H46) -> 0 | I46: =E46-C46 -> 0 | J46: =IF(C46=0,0,I46/C46)*100 -> 0
A47: 产粮（油）大县奖励资金收入 | B47: 0 | C47: 428 | D47: =IF(B47=0,0,C47/B47)*100 -> 0 | E47: =SUM(F47:H47) -> 0 | I47: =E47-C47 -> -428 | J47: =IF(C47=0,0,I47/C47)*100 -> -100
A48: 重点生态功能区转移支付收入 | B48: 0 | C48: 0 | D48: =IF(B48=0,0,C48/B48)*100 -> 0 | E48: =SUM(F48:H48) -> 0 | I48: =E48-C48 -> 0 | J48: =IF(C48=0,0,I48/C48)*100 -> 0
A49: 固定数额补助收入 | B49: 17159 | C49: 17421 | D49: =IF(B49=0,0,C49/B49)*100 -> 101.5269 | E49: =SUM(F49:H49) -> 17159 | F49: 17159 | I49: =E49-C49 -> -262 | J49: =IF(C49=0,0,I49/C49)*100 -> -1.503932
A50: 革命老区转移支付收入 | B50: 1036 | C50: 1151 | D50: =IF(B50=0,0,C50/B50)*100 -> 111.10039 | E50: =SUM(F50:H50) -> 1036 | G50: 1036 | I50: =E50-C50 -> -115 | J50: =IF(C50=0,0,I50/C50)*100 -> -9.9913119
A51: 民族地区转移支付收入 | B51: 3475 | C51: 9238 | D51: =IF(B51=0,0,C51/B51)*100 -> 265.84173 | E51: =SUM(F51:H51) -> 3475 | F51: 3475 | I51: =E51-C51 -> -5763 | J51: =IF(C51=0,0,I51/C51)*100 -> -62.383633
A52: 边境地区转移支付收入 | B52: 0 | C52: 0 | D52: =IF(B52=0,0,C52/B52)*100 -> 0 | E52: =SUM(F52:H52) -> 0 | I52: =E52-C52 -> 0 | J52: =IF(C52=0,0,I52/C52)*100 -> 0
A53: 巩固脱贫攻坚成果衔接乡村振兴转移支付收入 | B53: 6625 | C53: 13141 | D53: =IF(B53=0,0,C53/B53)*100 -> 198.35472 | E53: =SUM(F53:H53) -> 8541 | G53: 8541 | I53: =E53-C53 -> -4600 | J53: =IF(C53=0,0,I53/C53)*100 -> -35.004946
A54: 公共安全共同财政事权转移支付收入 | B54: 7 | C54: 971 | D54: =IF(B54=0,0,C54/B54)*100 -> 13871.429 | E54: =SUM(F54:H54) -> 829 | G54: 829 | I54: =E54-C54 -> -142 | J54: =IF(C54=0,0,I54/C54)*100 -> -14.624099
A55: 教育共同财政事权转移支付收入 | B55: 9503 | C55: 11382 | D55: =IF(B55=0,0,C55/B55)*100 -> 119.7727 | E55: =SUM(F55:H55) -> 9554 | G55: 9554 | I55: =E55-C55 -> -1828 | J55: =IF(C55=0,0,I55/C55)*100 -> -16.060446
A56: 科学技术共同财政事权转移支付收入 | B56: 0 | C56: 10 | D56: 0 | E56: =SUM(F56:H56) -> 0 | I56: =E56-C56 -> -10 | J56: =IF(C56=0,0,I56/C56)*100 -> -100
A57: 文化旅游体育与传媒共同财政事权转移支付收入 | B57: 300 | C57: 334 | D57: =IF(B57=0,0,C57/B57)*100 -> 111.33333 | E57: =SUM(F57:H57) -> 81 | G57: 81 | I57: =E57-C57 -> -253 | J57: =IF(C57=0,0,I57/C57)*100 -> -75.748503
A58: 社会保障和就业共同财政事权转移支付收入 | B58: 19927 | C58: 27995 | D58: =IF(B58=0,0,C58/B58)*100 -> 140.48778 | E58: =SUM(F58:H58) -> 22070 | G58: 22070 | I58: =E58-C58 -> -5925 | J58: =IF(C58=0,0,I58/C58)*100 -> -21.164494
A59: 医疗卫生共同财政事权转移支付收入 | B59: 5272 | C59: 7639 | D59: =IF(B59=0,0,C59/B59)*100 -> 144.89757 | E59: =SUM(F59:H59) -> 6747 | G59: 6747 | I59: =E59-C59 -> -892 | J59: =IF(C59=0,0,I59/C59)*100 -> -11.676921
A60: 节能环保共同财政事权转移支付收入 | B60: 13 | C60: 13 | D60: =IF(B60=0,0,C60/B60)*100 -> 100 | E60: =SUM(F60:H60) -> 384 | G60: 384 | I60: =E60-C60 -> 371 | J60: =IF(C60=0,0,I60/C60)*100 -> 2853.8462
A61: 农林水共同财政事权转移支付收入 | B61: 22217 | C61: 28856 | D61: =IF(B61=0,0,C61/B61)*100 -> 129.88252 | E61: =SUM(F61:H61) -> 28920 | G61: 28920 | I61: =E61-C61 -> 64 | J61: =IF(C61=0,0,I61/C61)*100 -> 0.22179096
A62: 交通运输共同财政事权转移支付收入 | B62: 272 | C62: 3113 | D62: =IF(B62=0,0,C62/B62)*100 -> 1144.4853 | E62: =SUM(F62:H62) -> 718 | G62: 718 | I62: =E62-C62 -> -2395 | J62: =IF(C62=0,0,I62/C62)*100 -> -76.935432
A63: 住房保障共同财政事权转移支付收入 | B63: 450 | C63: 917 | D63: =IF(B63=0,0,C63/B63)*100 -> 203.77778 | E63: =SUM(F63:H63) -> 330 | G63: 330 | I63: =E63-C63 -> -587 | J63: =IF(C63=0,0,I63/C63)*100 -> -64.013086
A64: 粮油物资储备共同财政事权转移支付收入 | B64: 130 | C64: 130 | D64: =IF(B64=0,0,C64/B64)*100 -> 100 | E64: =SUM(F64:H64) -> 107 | G64: 107 | I64: =E64-C64 -> -23 | J64: =IF(C64=0,0,I64/C64)*100 -> -17.692308
A65: 灾害防治及应急管理共同财政事权转移支付收入 | B65: 200 | C65: 269 | D65: =IF(B65=0,0,C65/B65)*100 -> 134.5 | E65: =SUM(F65:H65) -> 4 | G65: 4 | I65: =E65-C65 -> -265 | J65: =IF(C65=0,0,I65/C65)*100 -> -98.513011
A66: 增值税留抵退税转移支付收入 | C66: 0
A67: 其他退税减税降费转移支付收入 | C67: 0
A68: 补充县区财力转移支付收入 | C68: 0
A69: 其他一般性转移支付收入 | B69: 742 | C69: 1902 | D69: =IF(B69=0,0,C69/B69)*100 -> 256.33423 | E69: =SUM(F69:H69) -> 782 | F69: 133 | G69: 649 | I69: =E69-C69 -> -1120 | J69: =IF(C69=0,0,I69/C69)*100 -> -58.885384
A70: 专项转移支付收入 | B70: =SUM(B71:B91) -> 3926 | C70: =SUM(C71:C91) -> 10838 | D70: =IF(B70=0,0,C70/B70)*100 -> 276.05706 | E70: =SUM(E71:E91) -> 6626 | G70: =SUM(G71:G91) -> 6626 | H70: =SUM(H71:H91) -> 0 | I70: =E70-C70 -> -4212 | J70: =IF(C70=0,0,I70/C70)*100 -> -38.863259
A71: 一般公共服务 | B71: 52 | C71: 371 | D71: =IF(B71=0,0,C71/B71)*100 -> 713.46154 | E71: =SUM(F71:H71) -> 45 | G71: 45 | I71: =E71-C71 -> -326 | J71: =IF(C71=0,0,I71/C71)*100 -> -87.87062
A72: 外交 | B72: 0 | D72: =IF(B72=0,0,C72/B72)*100 -> 0 | E72: =SUM(F72:H72) -> 0 | I72: =E72-C72 -> 0 | J72: =IF(C72=0,0,I72/C72)*100 -> 0
A73: 国防 | B73: 0 | D73: =IF(B73=0,0,C73/B73)*100 -> 0 | E73: =SUM(F73:H73) -> 0 | I73: =E73-C73 -> 0 | J73: =IF(C73=0,0,I73/C73)*100 -> 0
A74: 公共安全 | B74: 0 | C74: 0 | D74: =IF(B74=0,0,C74/B74)*100 -> 0 | E74: =SUM(F74:H74) -> 0 | I74: =E74-C74 -> 0 | J74: =IF(C74=0,0,I74/C74)*100 -> 0
A75: 教育 | B75: 0 | C75: 0 | D75: =IF(B75=0,0,C75/B75)*100 -> 0 | E75: =SUM(F75:H75) -> 0 | I75: =E75-C75 -> 0 | J75: =IF(C75=0,0,I75/C75)*100 -> 0
A76: 科学技术 | B76: 0 | C76: 0 | D76: =IF(B76=0,0,C76/B76)*100 -> 0 | E76: =SUM(F76:H76) -> 0 | I76: =E76-C76 -> 0 | J76: =IF(C76=0,0,I76/C76)*100 -> 0
A77: 文化旅游体育与传媒 | B77: 0 | C77: 25 | D77: =IF(B77=0,0,C77/B77)*100 -> 0 | E77: =SUM(F77:H77) -> 0 | I77: =E77-C77 -> -25 | J77: =IF(C77=0,0,I77/C77)*100 -> -100
A78: 社会保障和就业 | B78: 172 | C78: 192 | D78: =IF(B78=0,0,C78/B78)*100 -> 111.62791 | E78: =SUM(F78:H78) -> 41 | G78: 41 | I78: =E78-C78 -> -151 | J78: =IF(C78=0,0,I78/C78)*100 -> -78.645833
A79: 卫生健康 | B79: 388 | C79: 501 | D79: =IF(B79=0,0,C79/B79)*100 -> 129.12371 | E79: =SUM(F79:H79) -> 353 | G79: 353 | I79: =E79-C79 -> -148 | J79: =IF(C79=0,0,I79/C79)*100 -> -29.540918
A80: 节能环保 | B80: -398 | C80: 3318 | D80: =IF(B80=0,0,C80/B80)*100 -> -833.66834 | E80: =SUM(F80:H80) -> 0 | G80: 0 | I80: =E80-C80 -> -3318 | J80: =IF(C80=0,0,I80/C80)*100 -> -100
A81: 城乡社区 | B81: 0 | C81: 115 | D81: =IF(B81=0,0,C81/B81)*100 -> 0 | E81: =SUM(F81:H81) -> 0 | I81: =E81-C81 -> -115 | J81: =IF(C81=0,0,I81/C81)*100 -> -100
A82: 农林水 | B82: 2699 | C82: 2959 | D82: =IF(B82=0,0,C82/B82)*100 -> 109.6332 | E82: =SUM(F82:H82) -> 6180 | G82: 6180 | I82: =E82-C82 -> 3221 | J82: =IF(C82=0,0,I82/C82)*100 -> 108.85434
A83: 交通运输 | B83: 100 | C83: 239 | D83: =IF(B83=0,0,C83/B83)*100 -> 239 | E83: =SUM(F83:H83) -> 0 | G83: 0 | I83: =E83-C83 -> -239 | J83: =IF(C83=0,0,I83/C83)*100 -> -100
A84: 资源勘探工业信息等 | B84: 0 | C84: 1740 | D84: =IF(B84=0,0,C84/B84)*100 -> 0 | E84: =SUM(F84:H84) -> 0 | I84: =E84-C84 -> -1740 | J84: =IF(C84=0,0,I84/C84)*100 -> -100
A85: 商业服务业等 | B85: 750 | C85: 510 | D85: =IF(B85=0,0,C85/B85)*100 -> 68 | E85: =SUM(F85:H85) -> 0 | G85: 0 | I85: =E85-C85 -> -510 | J85: =IF(C85=0,0,I85/C85)*100 -> -100
A86: 金融 | B86: 0 | C86: 705 | D86: =IF(B86=0,0,C86/B86)*100 -> 0 | E86: =SUM(F86:H86) -> 0 | I86: =E86-C86 -> -705 | J86: =IF(C86=0,0,I86/C86)*100 -> -100
A87: 自然资源海洋气象等 | B87: 0 | C87: 0 | D87: =IF(B87=0,0,C87/B87)*100 -> 0 | E87: =SUM(F87:H87) -> 0 | I87: =E87-C87 -> 0 | J87: =IF(C87=0,0,I87/C87)*100 -> 0
A88: 住房保障 | B88: 0 | D88: =IF(B88=0,0,C88/B88)*100 -> 0 | E88: =SUM(F88:H88) -> 0 | I88: =E88-C88 -> 0 | J88: =IF(C88=0,0,I88/C88)*100 -> 0
A89: 粮油物资储备 | B89: 2 | C89: 2 | D89: =IF(B89=0,0,C89/B89)*100 -> 100 | E89: =SUM(F89:H89) -> 2 | G89: 2 | I89: =E89-C89 -> 0 | J89: =IF(C89=0,0,I89/C89)*100 -> 0
A90: 灾害防治及应急管理 | B90: 161 | C90: 161 | D90: =IF(B90=0,0,C90/B90)*100 -> 100 | E90: =SUM(F90:H90) -> 5 | G90: 5 | I90: =E90-C90 -> -156 | J90: =IF(C90=0,0,I90/C90)*100 -> -96.89441
A91: 其他收入 | B91: 0 | C91: 0 | D91: =IF(B91=0,0,C91/B91)*100 -> 0 | E91: =SUM(F91:H91) -> 0 | I91: =E91-C91 -> 0 | J91: =IF(C91=0,0,I91/C91)*100 -> 0
A92: 上年结余收入 | B92: 61706 | C92: 62019 | D92: =IF(B92=0,0,C92/B92)*100 -> 100.50724 | E92: =SUM(F92:H92) -> 50726 | H92: =全公支!D1301 -> 50726 | I92: =E92-C92 -> -11293 | J92: =IF(C92=0,0,I92/C92)*100 -> -18.208936
A93: 调入资金 | B93: =SUM(B94:B96) -> 21000 | C93: =SUM(C94:C96) -> 537 | D93: =IF(B93=0,0,C93/B93)*100 -> 2.5571429 | E93: =SUM(F93:H93) -> 120 | F93: =SUM(F94:F96) -> 120 | I93: =E93-C93 -> -417 | J93: =IF(C93=0,0,I93/C93)*100 -> -77.653631
A94: 从政府性基金预算调入一般公共预算 | B94: 21000 | C94: 466 | D94: =IF(B94=0,0,C94/B94)*100 -> 2.2190476 | E94: =SUM(F94:H94) -> 0 | F94: 0 | I94: =E94-C94 -> -466 | J94: =IF(C94=0,0,I94/C94)*100 -> -100
A95: 从国有资本经营预算调入一般公共预算 | B95: 0 | C95: 71 | D95: =IF(B95=0,0,C95/B95)*100 -> 0 | E95: =SUM(F95:H95) -> 120 | F95: 120 | I95: =E95-C95 -> 49 | J95: =IF(C95=0,0,I95/C95)*100 -> 69.014085
A96: 从其他资金调入一般公共预算 | B96: 0 | D96: =IF(B96=0,0,C96/B96)*100 -> 0 | E96: =SUM(F96:H96) -> 0 | I96: =E96-C96 -> 0 | J96: =IF(C96=0,0,I96/C96)*100 -> 0
A97: 地方政府一般债券转贷收入 | B97: 0 | C97: 24773 | D97: =IF(B97=0,0,C97/B97)*100 -> 0 | E97: =SUM(F97:H97) -> 10700 | G97: 10700 | I97: =E97-C97 -> -14073 | J97: =IF(C97=0,0,I97/C97)*100 -> -56.807815
A98: 接受其他地区援助收入 | B98: 0 | D98: =IF(B98=0,0,C98/B98)*100 -> 0 | E98: =SUM(F98:H98) -> 0 | I98: =E98-C98 -> 0 | J98: =IF(C98=0,0,I98/C98)*100 -> 0
A99: 动用预算稳定调节基金 | B99: 0 | C99: 0 | D99: =IF(B99=0,0,C99/B99)*100 -> 0 | E99: =SUM(F99:H99) -> 19800 | F99: 19800 | I99: =E99-C99 -> 19800 | J99: =IF(C99=0,0,I99/C99)*100 -> 0
A100: 收入总计 | B100: 309732 | C100: =SUM(C31:C32) -> 353968 | D100: =IF(B100=0,0,C100/B100)*100 -> 114.28202 | E100: =SUM(F100:H100) -> 309314 | F100: =SUM(F31:F32) -> 161085 | G100: =SUM(G31:G32) -> 97503 | H100: =SUM(H31:H32) -> 50726 | I100: =E100-C100 -> -44654 | J100: =IF(C100=0,0,I100/C100)*100 -> -12.615265

Sheet 全公支
A1: 附表2
B2: 柳城县一般公共预算2025年支出预算
K3: 单位：万元
A4: 科目编码 | B4: 项目 | C4: 2024年 | F4: 2025年预算
C5: 年初预算数 | D5: 执行数 | E5: 完成年初预算% | F5: 建议数 | J5: 比2024年年初预算增减
F6: 合计 | G6: 本级当年安排 | H6: 上级提前下达 | I6: 上年结转 | J6: 金额 | K6: %
A7: 201 | B7: 一般公共服务支出 | C7: =SUM(C8,C20,C29,C39,C50,C61,C72,C80,C89,C102,C111,C122,C134,C141,C149,C155,C162,C169,C176,C183,C190,C198,C204,C210,C217,C245,C232,C239) -> 25055 | D7: =SUM(D8,D20,D29,D39,D50,D61,D72,D80,D89,D102,D111,D122,D134,D141,D149,D155,D162,D169,D176,D183,D190,D198,D204,D210,D217,D245,D232,D239) -> 28689 | E7: =IF(C7=0,0,D7/C7)*100 -> 114.50409 | F7: =G7+H7+I7 -> 23240 | G7: =SUM(G8,G20,G29,G39,G50,G61,G72,G80,G89,G102,G111,G122,G134,G141,G149,G155,G162,G169,G176,G183,G190,G198,G204,G210,G217,G245,G232,G239) -> 22449 | H7: =SUM(H8,H20,H29,H39,H50,H61,H72,H80,H89,H102,H111,H122,H134,H141,H149,H155,H162,H169,H176,H183,H190,H198,H204,H210,H217,H245,H232,H239) -> 133 | I7: =SUM(I8,I20,I29,I39,I50,I61,I72,I80,I89,I102,I111,I122,I134,I141,I149,I155,I162,I169,I176,I183,I190,I198,I204,I210,I217,I245,I232,I239) -> 658 | J7: =F7-C7 -> -1815 | K7: =IF(C7=0,0,J7/C7*100) -> -7.2440631
A8: 20101 | B8: 人大事务 | C8: 451 | D8: =SUM(D9:D19) -> 498 | E8: =IF(C8=0,0,D8/C8)*100 -> 110.42129 | F8: =G8+H8+I8 -> 437 | G8: =SUM(G9:G19) -> 437 | H8: =SUM(H9:H19) -> 0 | I8: =SUM(I9:I19) -> 0 | J8: =F8-C8 -> -14 | K8: =IF(C8=0,0,J8/C8*100) -> -3.1042129
A9: 2010101 | B9: 行政运行（人大事务） | C9: 396 | D9: 374 | E9: =IF(C9=0,0,D9/C9)*100 -> 94.444444 | F9: =G9+H9+I9 -> 376 | G9: 376 | J9: =F9-C9 -> -20 | K9: =IF(C9=0,0,J9/C9*100) -> -5.0505051
A10: 2010102 | B10: 一般行政管理事务（人大事务） | C10: 0 | D10: 8 | E10: =IF(C10=0,0,D10/C10)*100 -> 0 | F10: =G10+H10+I10 -> 0 | J10: =F10-C10 -> 0 | K10: =IF(C10=0,0,J10/C10*100) -> 0
A11: 2010103 | B11: 机关服务（人大事务） | C11: 0 | D11: 0 | E11: =IF(C11=0,0,D11/C11)*100 -> 0 | F11: =G11+H11+I11 -> 0 | J11: =F11-C11 -> 0 | K11: =IF(C11=0,0,J11/C11*100) -> 0
A12: 2010104 | B12: 人大会议 | C12: 45 | D12: 44 | E12: =IF(C12=0,0,D12/C12)*100 -> 97.777778 | F12: =G12+H12+I12 -> 45 | G12: 45 | J12: =F12-C12 -> 0 | K12: =IF(C12=0,0,J12/C12*100) -> 0
A13: 2010105 | B13: 人大立法 | C13: 0 | D13: 0 | E13: =IF(C13=0,0,D13/C13)*100 -> 0 | F13: =G13+H13+I13 -> 0 | J13: =F13-C13 -> 0 | K13: =IF(C13=0,0,J13/C13*100) -> 0
A14: 2010106 | B14: 人大监督 | C14: 0 | D14: 0 | E14: =IF(C14=0,0,D14/C14)*100 -> 0 | F14: =G14+H14+I14 -> 0 | J14: =F14-C14 -> 0 | K14: =IF(C14=0,0,J14/C14*100) -> 0
A15: 2010107 | B15: 人大代表履职能力提升 | C15: 0 | D15: 10 | E15: =IF(C15=0,0,D15/C15)*100 -> 0 | F15: =G15+H15+I15 -> 0 | J15: =F15-C15 -> 0 | K15: =IF(C15=0,0,J15/C15*100) -> 0
A16: 2010108 | B16: 代表工作 | C16: 0 | D16: 0 | E16: =IF(C16=0,0,D16/C16)*100 -> 0 | F16: =G16+H16+I16 -> 0 | J16: =F16-C16 -> 0 | K16: =IF(C16=0,0,J16/C16*100) -> 0
A17: 2010109 | B17: 人大信访工作 | C17: 0 | D17: 0 | E17: =IF(C17=0,0,D17/C17)*100 -> 0 | F17: =G17+H17+I17 -> 0 | J17: =F17-C17 -> 0 | K17: =IF(C17=0,0,J17/C17*100) -> 0
A18: 2010150 | B18: 事业运行（人大事务） | C18: 10 | D18: 12 | E18: =IF(C18=0,0,D18/C18)*100 -> 120 | F18: =G18+H18+I18 -> 16 | G18: 16 | J18: =F18-C18 -> 6 | K18: =IF(C18=0,0,J18/C18*100) -> 60
A19: 2010199 | B19: 其他人大事务支出 | C19: 0 | D19: 50 | E19: =IF(C19=0,0,D19/C19)*100 -> 0 | F19: =G19+H19+I19 -> 0 | J19: =F19-C19 -> 0 | K19: =IF(C19=0,0,J19/C19*100) -> 0
A20: 20102 | B20: 政协事务 | C20: 390 | D20: =SUM(D21:D28) -> 345 | E20: =IF(C20=0,0,D20/C20)*100 -> 88.461538 | F20: =G20+H20+I20 -> 337 | G20: =SUM(G21:G28) -> 337 | H20: =SUM(H21:H28) -> 0 | I20: =SUM(I21:I28) -> 0 | J20: =F20-C20 -> -53 | K20: =IF(C20=0,0,J20/C20*100) -> -13.589744
A21: 2010201 | B21: 行政运行（政协事务） | C21: 340 | D21: 313 | E21: =IF(C21=0,0,D21/C21)*100 -> 92.058824 | F21: =G21+H21+I21 -> 283 | G21: 283 | J21: =F21-C21 -> -57 | K21: =IF(C21=0,0,J21/C21*100) -> -16.764706
A22: 2010202 | B22: 一般行政管理事务（政协事务） | C22: 0 | D22: 2 | E22: =IF(C22=0,0,D22/C22)*100 -> 0 | F22: =G22+H22+I22 -> 0 | J22: =F22-C22 -> 0 | K22: =IF(C22=0,0,J22/C22*100) -> 0
A23: 2010203 | B23: 机关服务（政协事务） | C23: 0 | D23: 0 | E23: =IF(C23=0,0,D23/C23)*100 -> 0 | F23: =G23+H23+I23 -> 0 | J23: =F23-C23 -> 0 | K23: =IF(C23=0,0,J23/C23*100) -> 0
A24: 2010204 | B24: 政协会议 | C24: 33 | D24: 12 | E24: =IF(C24=0,0,D24/C24)*100 -> 36.363636 | F24: =G24+H24+I24 -> 33 | G24: 33 | J24: =F24-C24 -> 0 | K24: =IF(C24=0,0,J24/C24*100) -> 0
A25: 2010205 | B25: 委员视察 | C25: 0 | D25: 0 | E25: =IF(C25=0,0,D25/C25)*100 -> 0 | F25: =G25+H25+I25 -> 0 | J25: =F25-C25 -> 0 | K25: =IF(C25=0,0,J25/C25*100) -> 0
A26: 2010206 | B26: 参政议政 | C26: 0 | D26: 0 | E26: =IF(C26=0,0,D26/C26)*100 -> 0 | F26: =G26+H26+I26 -> 0 | J26: =F26-C26 -> 0 | K26: =IF(C26=0,0,J26/C26*100) -> 0
A27: 2010250 | B27: 事业运行（政协事务） | C27: 17 | D27: 18 | E27: =IF(C27=0,0,D27/C27)*100 -> 105.88235 | F27: =G27+H27+I27 -> 21 | G27: 21 | J27: =F27-C27 -> 4 | K27: =IF(C27=0,0,J27/C27*100) -> 23.529412
A28: 2010299 | B28: 其他政协事务支出 | C28: 0 | D28: 0 | E28: =IF(C28=0,0,D28/C28)*100 -> 0 | F28: =G28+H28+I28 -> 0 | J28: =F28-C28 -> 0 | K28: =IF(C28=0,0,J28/C28*100) -> 0
A29: 20103 | B29: 政府办公厅（室）及相关机构事务 | C29: 12030 | D29: =SUM(D30:D38) -> 12776 | E29: =IF(C29=0,0,D29/C29)*100 -> 106.20116 | F29: =G29+H29+I29 -> 10378 | G29: =SUM(G30:G38) -> 10378 | H29: =SUM(H30:H38) -> 0 | I29: =SUM(I30:I38) -> 0 | J29: =F29-C29 -> -1652 | K29: =IF(C29=0,0,J29/C29*100) -> -13.732336
A30: 2010301 | B30: 行政运行（政府办公厅（室）及相关机构事务） | C30: 7732 | D30: 8132 | E30: =IF(C30=0,0,D30/C30)*100 -> 105.17331 | F30: =G30+H30+I30 -> 6195 | G30: 6195 | J30: =F30-C30 -> -1537 | K30: =IF(C30=0,0,J30/C30*100) -> -19.878427
A31: 2010302 | B31: 一般行政管理事务（政府办公厅（室）及相关机构事务） | C31: 90 | D31: 617 | E31: =IF(C31=0,0,D31/C31)*100 -> 685.55556 | F31: =G31+H31+I31 -> 53 | G31: 53 | J31: =F31-C31 -> -37 | K31: =IF(C31=0,0,J31/C31*100) -> -41.111111
A32: 2010303 | B32: 机关服务（政府办公厅（室）及相关机构事务） | C32: 614 | D32: 783 | E32: =IF(C32=0,0,D32/C32)*100 -> 127.52443 | F32: =G32+H32+I32 -> 581 | G32: 581 | J32: =F32-C32 -> -33 | K32: =IF(C32=0,0,J32/C32*100) -> -5.3745928
A33: 2010304 | B33: 专项服务 | C33: 0 | D33: 0 | E33: =IF(C33=0,0,D33/C33)*100 -> 0 | F33: =G33+H33+I33 -> 0 | J33: =F33-C33 -> 0 | K33: =IF(C33=0,0,J33/C33*100) -> 0
A34: 2010305 | B34: 专项业务及机关事务管理活动 | C34: 0 | D34: 0 | E34: =IF(C34=0,0,D34/C34)*100 -> 0 | F34: =G34+H34+I34 -> 0 | J34: =F34-C34 -> 0 | K34: =IF(C34=0,0,J34/C34*100) -> 0
A35: 2010306 | B35: 政务公开审批 | C35: 0 | D35: 0 | E35: =IF(C35=0,0,D35/C35)*100 -> 0 | F35: =G35+H35+I35 -> 0 | J35: =F35-C35 -> 0 | K35: =IF(C35=0,0,J35/C35*100) -> 0
A36: 2010309 | B36: 参事事务 | C36: 0 | D36: 0 | E36: =IF(C36=0,0,D36/C36)*100 -> 0 | F36: =G36+H36+I36 -> 0 | J36: =F36-C36 -> 0 | K36: =IF(C36=0,0,J36/C36*100) -> 0
A37: 2010350 | B37: 事业运行（政府办公厅（室）及相关机构事务） | C37: 1153 | D37: 1108 | E37: =IF(C37=0,0,D37/C37)*100 -> 96.097138 | F37: =G37+H37+I37 -> 1309 | G37: 1309 | J37: =F37-C37 -> 156 | K37: =IF(C37=0,0,J37/C37*100) -> 13.529922
A38: 2010399 | B38: 其他政府办公厅（室）及相关机构事务支出 | C38: 2441 | D38: 2136 | E38: =IF(C38=0,0,D38/C38)*100 -> 87.505121 | F38: =G38+H38+I38 -> 2240 | G38: 2240 | J38: =F38-C38 -> -201 | K38: =IF(C38=0,0,J38/C38*100) -> -8.2343302
A39: 20104 | B39: 发展与改革事务 | C39: 470 | D39: =SUM(D40:D49) -> 741 | E39: =IF(C39=0,0,D39/C39)*100 -> 157.65957 | F39: =G39+H39+I39 -> 525 | G39: =SUM(G40:G49) -> 351 | H39: =SUM(H40:H49) -> 0 | I39: =SUM(I40:I49) -> 174 | J39: =F39-C39 -> 55 | K39: =IF(C39=0,0,J39/C39*100) -> 11.702128
A40: 2010401 | B40: 行政运行（发展与改革事务） | C40: 215 | D40: 200 | E40: =IF(C40=0,0,D40/C40)*100 -> 93.023256 | F40: =G40+H40+I40 -> 139 | G40: 139 | J40: =F40-C40 -> -76 | K40: =IF(C40=0,0,J40/C40*100) -> -35.348837
A41: 2010402 | B41: 一般行政管理事务（发展与改革事务） | C41: 0 | D41: 0 | E41: =IF(C41=0,0,D41/C41)*100 -> 0 | F41: =G41+H41+I41 -> 0 | J41: =F41-C41 -> 0 | K41: =IF(C41=0,0,J41/C41*100) -> 0
A42: 2010403 | B42: 机关服务（发展与改革事务） | C42: 0 | D42: 0 | E42: =IF(C42=0,0,D42/C42)*100 -> 0 | F42: =G42+H42+I42 -> 0 | J42: =F42-C42 -> 0 | K42: =IF(C42=0,0,J42/C42*100) -> 0
A43: 2010404 | B43: 战略规划与实施 | C43: 0 | D43: 0 | E43: =IF(C43=0,0,D43/C43)*100 -> 0 | F43: =G43+H43+I43 -> 0 | J43: =F43-C43 -> 0 | K43: =IF(C43=0,0,J43/C43*100) -> 0
A44: 2010405 | B44: 日常经济运行调节 | C44: 0 | D44: 0 | E44: =IF(C44=0,0,D44/C44)*100 -> 0 | F44: =G44+H44+I44 -> 0 | J44: =F44-C44 -> 0 | K44: =IF(C44=0,0,J44/C44*100) -> 0
A45: 2010406 | B45: 社会事业发展规划 | C45: 0 | D45: 0 | E45: =IF(C45=0,0,D45/C45)*100 -> 0 | F45: =G45+H45+I45 -> 0 | J45: =F45-C45 -> 0 | K45: =IF(C45=0,0,J45/C45*100) -> 0
A46: 2010407 | B46: 经济体制改革研究 | C46: 0 | D46: 0 | E46: =IF(C46=0,0,D46/C46)*100 -> 0 | F46: =G46+H46+I46 -> 0 | J46: =F46-C46 -> 0 | K46: =IF(C46=0,0,J46/C46*100) -> 0
A47: 2010408 | B47: 物价管理 | C47: 5 | D47: 2 | E47: =IF(C47=0,0,D47/C47)*100 -> 40 | F47: =G47+H47+I47 -> 4 | I47: 4 | J47: =F47-C47 -> -1 | K47: =IF(C47=0,0,J47/C47*100) -> -20
A48: 2010450 | B48: 事业运行（发展与改革事务） | C48: 228 | D48: 212 | E48: =IF(C48=0,0,D48/C48)*100 -> 92.982456 | F48: =G48+H48+I48 -> 204 | G48: 204 | J48: =F48-C48 -> -24 | K48: =IF(C48=0,0,J48/C48*100) -> -10.526316
A49: 2010499 | B49: 其他发展与改革事务支出 | C49: 22 | D49: 327 | E49: =IF(C49=0,0,D49/C49)*100 -> 1486.3636 | F49: =G49+H49+I49 -> 178 | G49: 8 | I49: 170 | J49: =F49-C49 -> 156 | K49: =IF(C49=0,0,J49/C49*100) -> 709.09091
A50: 20105 | B50: 统计信息事务 | C50: 333 | D50: =SUM(D51:D60) -> 439 | E50: =IF(C50=0,0,D50/C50)*100 -> 131.83183 | F50: =G50+H50+I50 -> 255 | G50: =SUM(G51:G60) -> 222 | H50: =SUM(H51:H60) -> 28 | I50: =SUM(I51:I60) -> 5 | J50: =F50-C50 -> -78 | K50: =IF(C50=0,0,J50/C50*100) -> -23.423423
A51: 2010501 | B51: 行政运行（统计信息事务） | C51: 218 | D51: 238 | E51: =IF(C51=0,0,D51/C51)*100 -> 109.17431 | F51: =G51+H51+I51 -> 167 | G51: 167 | J51: =F51-C51 -> -51 | K51: =IF(C51=0,0,J51/C51*100) -> -23.394495
A52: 2010502 | B52: 一般行政管理事务（统计信息事务） | C52: 0 | D52: 0 | E52: =IF(C52=0,0,D52/C52)*100 -> 0 | F52: =G52+H52+I52 -> 29 | G52: 29 | J52: =F52-C52 -> 29 | K52: =IF(C52=0,0,J52/C52*100) -> 0
A53: 2010503 | B53: 机关服务（统计信息事务） | C53: 0 | D53: 0 | E53: =IF(C53=0,0,D53/C53)*100 -> 0 | F53: =G53+H53+I53 -> 0 | J53: =F53-C53 -> 0 | K53: =IF(C53=0,0,J53/C53*100) -> 0
A54: 2010504 | B54: 信息事务 | C54: 0 | D54: 0 | E54: =IF(C54=0,0,D54/C54)*100 -> 0 | F54: =G54+H54+I54 -> 0 | J54: =F54-C54 -> 0 | K54: =IF(C54=0,0,J54/C54*100) -> 0
A55: 2010505 | B55: 专项统计业务 | C55: 0 | D55: 0 | E55: =IF(C55=0,0,D55/C55)*100 -> 0 | F55: =G55+H55+I55 -> 0 | J55: =F55-C55 -> 0 | K55: =IF(C55=0,0,J55/C55*100) -> 0
A56: 2010506 | B56: 统计管理 | C56: 42 | D56: 47 | E56: =IF(C56=0,0,D56/C56)*100 -> 111.90476 | F56: =G56+H56+I56 -> 28 | H56: 28 | I56: 0 | J56: =F56-C56 -> -14 | K56: =IF(C56=0,0,J56/C56*100) -> -33.333333
A57: 2010507 | B57: 专项普查活动 | C57: 34 | D57: 86 | E57: =IF(C57=0,0,D57/C57)*100 -> 252.94118 | F57: =G57+H57+I57 -> 5 | I57: 5 | J57: =F57-C57 -> -29 | K57: =IF(C57=0,0,J57/C57*100) -> -85.294118
A58: 2010508 | B58: 统计抽样调查 | C58: 0 | D58: 37 | E58: =IF(C58=0,0,D58/C58)*100 -> 0 | F58: =G58+H58+I58 -> 0 | J58: =F58-C58 -> 0 | K58: =IF(C58=0,0,J58/C58*100) -> 0
A59: 2010550 | B59: 事业运行（统计信息事务） | C59: 39 | D59: 31 | E59: =IF(C59=0,0,D59/C59)*100 -> 79.487179 | F59: =G59+H59+I59 -> 26 | G59: 26 | J59: =F59-C59 -> -13 | K59: =IF(C59=0,0,J59/C59*100) -> -33.333333
A60: 2010599 | B60: 其他统计信息事务支出 | C60: 0 | D60: 0 | E60: =IF(C60=0,0,D60/C60)*100 -> 0 | F60: =G60+H60+I60 -> 0 | J60: =F60-C60 -> 0 | K60: =IF(C60=0,0,J60/C60*100) -> 0
A61: 20106 | B61: 财政事务 | C61: 1340 | D61: =SUM(D62:D71) -> 1291 | E61: =IF(C61=0,0,D61/C61)*100 -> 96.343284 | F61: =G61+H61+I61 -> 805 | G61: =SUM(G62:G71) -> 805 | H61: =SUM(H62:H71) -> 0 | I61: =SUM(I62:I71) -> 0 | J61: =F61-C61 -> -535 | K61: =IF(C61=0,0,J61/C61*100) -> -39.925373
A62: 2010601 | B62: 行政运行（财政事务） | C62: 1102 | D62: 944 | E62: =IF(C62=0,0,D62/C62)*100 -> 85.662432 | F62: =G62+H62+I62 -> 582 | G62: 582 | J62: =F62-C62 -> -520 | K62: =IF(C62=0,0,J62/C62*100) -> -47.186933
A63: 2010602 | B63: 一般行政管理事务（财政事务） | C63: 5 | D63: 15 | E63: =IF(C63=0,0,D63/C63)*100 -> 300 | F63: =G63+H63+I63 -> 8 | G63: 8 | J63: =F63-C63 -> 3 | K63: =IF(C63=0,0,J63/C63*100) -> 60
A64: 2010603 | B64: 机关服务（财政事务） | C64: 0 | D64: 0 | E64: =IF(C64=0,0,D64/C64)*100 -> 0 | F64: =G64+H64+I64 -> 0 | J64: =F64-C64 -> 0 | K64: =IF(C64=0,0,J64/C64*100) -> 0
A65: 2010604 | B65: 预算改革业务 | C65: 0 | D65: 0 | E65: =IF(C65=0,0,D65/C65)*100 -> 0 | F65: =G65+H65+I65 -> 0 | J65: =F65-C65 -> 0 | K65: =IF(C65=0,0,J65/C65*100) -> 0
A66: 2010605 | B66: 财政国库业务 | C66: 0 | D66: 0 | E66: =IF(C66=0,0,D66/C66)*100 -> 0 | F66: =G66+H66+I66 -> 0 | J66: =F66-C66 -> 0 | K66: =IF(C66=0,0,J66/C66*100) -> 0
A67: 2010606 | B67: 财政监察 | C67: 0 | D67: 0 | E67: =IF(C67=0,0,D67/C67)*100 -> 0 | F67: =G67+H67+I67 -> 0 | J67: =F67-C67 -> 0 | K67: =IF(C67=0,0,J67/C67*100) -> 0
A68: 2010607 | B68: 信息化建设 | C68: 0 | D68: 0 | E68: =IF(C68=0,0,D68/C68)*100 -> 0 | F68: =G68+H68+I68 -> 0 | J68: =F68-C68 -> 0 | K68: =IF(C68=0,0,J68/C68*100) -> 0
A69: 2010608 | B69: 财政委托业务支出 | C69: 0 | D69: 0 | E69: =IF(C69=0,0,D69/C69)*100 -> 0 | F69: =G69+H69+I69 -> 0 | J69: =F69-C69 -> 0 | K69: =IF(C69=0,0,J69/C69*100) -> 0
A70: 2010650 | B70: 事业运行（财政事务） | C70: 219 | D70: 192 | E70: =IF(C70=0,0,D70/C70)*100 -> 87.671233 | F70: =G70+H70+I70 -> 191 | G70: 191 | J70: =F70-C70 -> -28 | K70: =IF(C70=0,0,J70/C70*100) -> -12.785388
A71: 2010699 | B71: 其他财政事务支出 | C71: 14 | D71: 140 | E71: =IF(C71=0,0,D71/C71)*100 -> 1000 | F71: =G71+H71+I71 -> 24 | G71: 24 | J71: =F71-C71 -> 10 | K71: =IF(C71=0,0,J71/C71*100) -> 71.428571
A72: 20107 | B72: 税收事务 | C72: 870 | D72: =SUM(D73:D79) -> 870 | E72: =IF(C72=0,0,D72/C72)*100 -> 100 | F72: =G72+H72+I72 -> 959 | G72: =SUM(G73:G79) -> 959 | H72: =SUM(H73:H79) -> 0 | I72: =SUM(I73:I79) -> 0 | J72: =F72-C72 -> 89 | K72: =IF(C72=0,0,J72/C72*100) -> 10.229885
A73: 2010701 | B73: 行政运行（税收事务） | C73: 0 | D73: 1 | E73: =IF(C73=0,0,D73/C73)*100 -> 0 | F73: =G73+H73+I73 -> 0 | J73: =F73-C73 -> 0 | K73: =IF(C73=0,0,J73/C73*100) -> 0
A74: 2010702 | B74: 一般行政管理事务（税收事务） | C74: 0 | D74: 0 | E74: =IF(C74=0,0,D74/C74)*100 -> 0 | F74: =G74+H74+I74 -> 0 | J74: =F74-C74 -> 0 | K74: =IF(C74=0,0,J74/C74*100) -> 0
A75: 2010703 | B75: 机关服务（税收事务） | C75: 0 | D75: 0 | E75: =IF(C75=0,0,D75/C75)*100 -> 0 | F75: =G75+H75+I75 -> 0 | J75: =F75-C75 -> 0 | K75: =IF(C75=0,0,J75/C75*100) -> 0
A76: 2010709 | B76: 信息化建设 | C76: 0 | D76: 0 | E76: =IF(C76=0,0,D76/C76)*100 -> 0 | F76: =G76+H76+I76 -> 0 | J76: =F76-C76 -> 0 | K76: =IF(C76=0,0,J76/C76*100) -> 0
A77: 2010710 | B77: 税收业务 | C77: 0 | D77: 0 | E77: =IF(C77=0,0,D77/C77)*100 -> 0 | F77: =G77+H77+I77 -> 0 | J77: =F77-C77 -> 0 | K77: =IF(C77=0,0,J77/C77*100) -> 0
A78: 2010750 | B78: 事业运行（税收事务） | C78: 0 | D78: 0 | E78: =IF(C78=0,0,D78/C78)*100 -> 0 | F78: =G78+H78+I78 -> 0 | J78: =F78-C78 -> 0 | K78: =IF(C78=0,0,J78/C78*100) -> 0
A79: 2010799 | B79: 其他税收事务支出 | C79: 870 | D79: 869 | E79: =IF(C79=0,0,D79/C79)*100 -> 99.885057 | F79: =G79+H79+I79 -> 959 | G79: 959 | J79: =F79-C79 -> 89 | K79: =IF(C79=0,0,J79/C79*100) -> 10.229885
A80: 20108 | B80: 审计事务 | C80: 325 | D80: =SUM(D81:D88) -> 431 | E80: =IF(C80=0,0,D80/C80)*100 -> 132.61538 | F80: =G80+H80+I80 -> 241 | G80: =SUM(G81:G88) -> 229 | H80: =SUM(H81:H88) -> 5 | I80: =SUM(I81:I88) -> 7 | J80: =F80-C80 -> -84 | K80: =IF(C80=0,0,J80/C80*100) -> -25.846154
A81: 2010801 | B81: 行政运行（审计事务） | C81: 318 | D81: 320 | E81: =IF(C81=0,0,D81/C81)*100 -> 100.62893 | F81: =G81+H81+I81 -> 224 | G81: 224 | J81: =F81-C81 -> -94 | K81: =IF(C81=0,0,J81/C81*100) -> -29.559748
A82: 2010802 | B82: 一般行政管理事务（审计事务） | C82: 7 | D82: 18 | E82: =IF(C82=0,0,D82/C82)*100 -> 257.14286 | F82: =G82+H82+I82 -> 5 | G82: 5 | J82: =F82-C82 -> -2 | K82: =IF(C82=0,0,J82/C82*100) -> -28.571429
A83: 2010803 | B83: 机关服务（审计事务） | C83: 0 | D83: 0 | E83: =IF(C83=0,0,D83/C83)*100 -> 0 | F83: =G83+H83+I83 -> 0 | J83: =F83-C83 -> 0 | K83: =IF(C83=0,0,J83/C83*100) -> 0
A84: 2010804 | B84: 审计业务 | C84: 0 | D84: 90 | E84: =IF(C84=0,0,D84/C84)*100 -> 0 | F84: =G84+H84+I84 -> 0 | J84: =F84-C84 -> 0 | K84: =IF(C84=0,0,J84/C84*100) -> 0
A85: 2010805 | B85: 审计管理 | C85: 0 | D85: 0 | E85: =IF(C85=0,0,D85/C85)*100 -> 0 | F85: =G85+H85+I85 -> 0 | J85: =F85-C85 -> 0 | K85: =IF(C85=0,0,J85/C85*100) -> 0
A86: 2010806 | B86: 信息化建设 | C86: 0 | D86: 0 | E86: =IF(C86=0,0,D86/C86)*100 -> 0 | F86: =G86+H86+I86 -> 0 | J86: =F86-C86 -> 0 | K86: =IF(C86=0,0,J86/C86*100) -> 0
A87: 2010850 | B87: 事业运行（审计事务） | C87: 0 | D87: 0 | E87: =IF(C87=0,0,D87/C87)*100 -> 0 | F87: =G87+H87+I87 -> 0 | J87: =F87-C87 -> 0 | K87: =IF(C87=0,0,J87/C87*100) -> 0
A88: 2010899 | B88: 其他审计事务支出 | C88: 0 | D88: 3 | E88: =IF(C88=0,0,D88/C88)*100 -> 0 | F88: =G88+H88+I88 -> 12 | H88: 5 | I88: 7 | J88: =F88-C88 -> 12 | K88: =IF(C88=0,0,J88/C88*100) -> 0
A89: 20109 | B89: 海关事务 | C89: 0 | D89: =SUM(D90:D101) -> 0 | E89: =IF(C89=0,0,D89/C89)*100 -> 0 | F89: =G89+H89+I89 -> 0 | G89: =SUM(G90:G101) -> 0 | H89: =SUM(H90:H101) -> 0 | I89: =SUM(I90:I101) -> 0 | J89: =F89-C89 -> 0 | K89: =IF(C89=0,0,J89/C89*100) -> 0
A90: 2010901 | B90: 行政运行（海关事务） | C90: 0 | D90: 0 | E90: =IF(C90=0,0,D90/C90)*100 -> 0 | F90: =G90+H90+I90 -> 0 | J90: =F90-C90 -> 0 | K90: =IF(C90=0,0,J90/C90*100) -> 0
A91: 2010902 | B91: 一般行政管理事务（海关事务） | C91: 0 | D91: 0 | E91: =IF(C91=0,0,D91/C91)*100 -> 0 | F91: =G91+H91+I91 -> 0 | J91: =F91-C91 -> 0 | K91: =IF(C91=0,0,J91/C91*100) -> 0
A92: 2010903 | B92: 机关服务（海关事务） | C92: 0 | D92: 0 | E92: =IF(C92=0,0,D92/C92)*100 -> 0 | F92: =G92+H92+I92 -> 0 | J92: =F92-C92 -> 0 | K92: =IF(C92=0,0,J92/C92*100) -> 0
A93: 2010905 | B93: 缉私办案 | C93: 0 | D93: 0 | E93: =IF(C93=0,0,D93/C93)*100 -> 0 | F93: =G93+H93+I93 -> 0 | J93: =F93-C93 -> 0 | K93: =IF(C93=0,0,J93/C93*100) -> 0
A94: 2010907 | B94: 口岸管理 | C94: 0 | D94: 0 | E94: =IF(C94=0,0,D94/C94)*100 -> 0 | F94: =G94+H94+I94 -> 0 | J94: =F94-C94 -> 0 | K94: =IF(C94=0,0,J94/C94*100) -> 0
A95: 2010908 | B95: 信息化建设 | C95: 0 | D95: 0 | E95: =IF(C95=0,0,D95/C95)*100 -> 0 | F95: =G95+H95+I95 -> 0 | J95: =F95-C95 -> 0 | K95: =IF(C95=0,0,J95/C95*100) -> 0
A96: 2010909 | B96: 海关关务 | C96: 0 | D96: 0 | E96: =IF(C96=0,0,D96/C96)*100 -> 0 | F96: =G96+H96+I96 -> 0 | J96: =F96-C96 -> 0 | K96: =IF(C96=0,0,J96/C96*100) -> 0
A97: 2010910 | B97: 关税征管 | C97: 0 | D97: 0 | E97: =IF(C97=0,0,D97/C97)*100 -> 0 | F97: =G97+H97+I97 -> 0 | J97: =F97-C97 -> 0 | K97: =IF(C97=0,0,J97/C97*100) -> 0
A98: 2010911 | B98: 海关监管 | C98: 0 | D98: 0 | E98: =IF(C98=0,0,D98/C98)*100 -> 0 | F98: =G98+H98+I98 -> 0 | J98: =F98-C98 -> 0 | K98: =IF(C98=0,0,J98/C98*100) -> 0
A99: 2010912 | B99: 检验检疫 | C99: 0 | D99: 0 | E99: =IF(C99=0,0,D99/C99)*100 -> 0 | F99: =G99+H99+I99 -> 0 | J99: =F99-C99 -> 0 | K99: =IF(C99=0,0,J99/C99*100) -> 0
A100: 2010950 | B100: 事业运行（海关事务） | C100: 0 | D100: 0 | E100: =IF(C100=0,0,D100/C100)*100 -> 0 | F100: =G100+H100+I100 -> 0 | J100: =F100-C100 -> 0 | K100: =IF(C100=0,0,J100/C100*100) -> 0
...

Sheet 本公收
A1: 附表3
A2: 柳城县本级一般公共预算2025年收入预算
J3: 单位：万元
A4: 项目 | B4: 2024年 | E4: 2025年预算
B5: 年初预算数 | C5: 执行数 | D5: 完成年初预算% | E5: 建议数 | I5: 比2024年执行数增减
E6: 合计 | F6: 本级当年安排 | G6: 上级提前下达 | H6: 上年结转 | I6: 金额 | J6: 比率 | M6: 税收全口径
A7: 一、税收收入 | B7: 49000 | C7: 38453 | D7: 78.47551 | E7: 42000 | F7: 42000 | I7: 3547 | J7: 9.2242478 | L7: 1912 | M7: 58000 | N7: 24328 | O7: 26240 | P7: 70000.339
A8: 增值税 | B8: 19000 | C8: 15116 | D8: 79.557895 | E8: 16700 | F8: 16700 | I8: 1584 | J8: 10.478963 | M8: 35000 | N8: 11128 | O8: 12741 | P8: 39815.625
A9: 企业所得税 | B9: 6500 | C9: 4546 | D9: 69.938462 | E9: 5000 | F9: 5000 | I9: 454 | J9: 9.9868016 | M9: 8900 | N9: 3500 | O9: 6600 | P9: 22000
A10: 个人所得税 | B10: 1000 | C10: 583 | D10: 58.3 | E10: 700 | F10: 700 | I10: 117 | J10: 20.068611 | M10: 4000 | N10: 700 | O10: 400 | P10: 1600
A11: 环境保护税 | B11: 200 | C11: 156 | D11: 78 | E11: 200 | F11: 200 | I11: 44 | J11: 28.205128 | M11: 300 | N11: 200 | O11: 200 | P11: 285.71429
A12: 资源税 | B12: 700 | C12: 431 | D12: 61.571429 | E12: 500 | F12: 500 | I12: 69 | J12: 16.009281 | M12: 1500 | N12: 900 | O12: 700 | P12: 700
A13: 城市维护建设税 | B13: 2000 | C13: 2157 | D13: 107.85 | E13: 2400 | F13: 2400 | I13: 243 | J13: 11.265647 | M13: 1500 | N13: 1500 | O13: 1000 | P13: 1000
A14: 房产税 | B14: 1000 | C14: 2679 | D14: 267.9 | E14: 2300 | F14: 2300 | I14: -379 | J14: -14.14707 | M14: 1000 | N14: 1000 | O14: 800 | P14: 800
A15: 印花税 | B15: 2000 | C15: 1602 | D15: 80.1 | E15: 1800 | F15: 1800 | I15: 198 | J15: 12.359551 | M15: 800 | N15: 1000 | O15: 799 | P15: 799
A16: 城镇土地使用税 | B16: 1200 | C16: 1776 | D16: 148 | E16: 2000 | F16: 2000 | I16: 224 | J16: 12.612613 | M16: 900 | N16: 1000 | O16: 1000 | P16: 1000
A17: 土地增值税 | B17: 1500 | C17: 96 | D17: 6.4 | E17: 100 | F17: 100 | I17: 4 | J17: 4.1666667 | M17: 1700 | N17: 1100 | O17: 800 | P17: 800
A18: 车船税 | B18: 3100 | C18: 3526 | D18: 113.74194 | E18: 3600 | F18: 3600 | I18: 74 | J18: 2.0986954 | M18: 700 | N18: 700 | O18: 600 | P18: 600
A19: 耕地占用税 | B19: 8000 | C19: 4647 | D19: 58.0875 | E19: 5500 | F19: 5500 | I19: 853 | J19: 18.355929 | M19: 200 | N19: 100
A20: 契税 | B20: 2800 | C20: 1138 | D20: 40.642857 | E20: 1200 | F20: 1200 | I20: 62 | J20: 5.4481547 | M20: 1500 | N20: 1500 | O20: 600 | P20: 600
A21: 其他税收收入 | B21: 0 | D21: 0 | E21: 0 | I21: 0 | J21: 0
A22: 二、非税收入 | B22: 30000 | C22: 14967 | D22: 49.89 | E22: 13000 | F22: 13000 | I22: -1967 | J22: -13.142246 | L22: 0 | N22: 55770 | O22: 55770 | P22: 55770
A23: 专项收入 | B23: 2800 | C23: 3256 | D23: 116.28571 | E23: 3100 | F23: 3100 | I23: -156 | J23: -4.7911548 | N23: 2500 | O23: 2500 | P23: 2500
A24: 行政事业性收费收入 | B24: 2500 | C24: 2841 | D24: 113.64 | E24: 2900 | F24: 2900 | I24: 59 | J24: 2.0767335 | N24: 2500 | O24: 2500 | P24: 2500
A25: 罚没收入 | B25: 2500 | C25: 2992 | D25: 119.68 | E25: 3000 | F25: 3000 | I25: 8 | J25: 0.26737968 | N25: 2500 | O25: 2500 | P25: 2500
A26: 国有资本经营收入 | B26: 2000 | C26: 1620 | D26: 81 | E26: 0 | I26: -1620 | J26: -100
A27: 国有资源(资产)有偿使用收入 | B27: 20150 | C27: 4033 | D27: 20.014888 | E27: 3800 | F27: 3800 | I27: -233 | J27: -5.777337 | N27: 48172 | O27: 48000 | P27: 48000
A28: 捐赠收入 | B28: 0 | D28: 0 | E28: 0 | I28: 0 | J28: 0
A29: 政府住房基金收入 | B29: 50 | C29: 224 | D29: 448 | E29: 200 | F29: 200 | I29: -24 | J29: -10.714286 | N29: 98 | O29: 270 | P29: 270
A30: 其他收入 | B30: 0 | C30: 1 | D30: 0 | E30: 0 | I30: -1 | J30: -100
A31: 一般公共预算收入合计 | B31: 79000 | C31: 53420 | D31: 67.620253 | E31: 55000 | F31: 55000 | G31: 0 | I31: 1580 | J31: 2.9576937 | L31: 1912 | M31: 58000 | N31: 80098 | O31: 82010 | P31: 125770.34
A32: 转移性收入 | B32: 231685 | C32: 300548 | D32: 129.72268 | E32: 254314 | F32: 106085 | G32: 97503 | H32: 50726 | I32: -46234 | J32: -15.383233 | P32: 119213
A33: 上级补助收入 | B33: 148979 | C33: 213219 | D33: 143.12017 | E33: 172968 | F33: 86165 | G33: 86803 | H33: 0 | I33: -40251 | J33: -18.877774 | P33: 0.055005237
A34: 返还性收入 | B34: 9510 | C34: 9510 | D34: 100 | E34: 9510 | F34: 9510 | H34: 0 | I34: 0 | J34: 0
A35: 增值税税收返还收入 | B35: 5742 | C35: 1432 | D35: 24.939046 | E35: 1432 | F35: 1432 | I35: 0 | J35: 0
A36: 消费税基数返还收入 | B36: 36 | C36: 586 | D36: 1627.7778 | E36: 586 | F36: 586 | I36: 0 | J36: 0
A37: 所得税基数返还收入 | B37: 1432 | C37: 5742 | D37: 400.97765 | E37: 5742 | F37: 5742 | I37: 0 | J37: 0
A38: 成品油价格和税费改革税收返还收入 | B38: 586 | C38: 36 | D38: 6.1433447 | E38: 36 | F38: 36 | I38: 0 | J38: 0
A39: 增值税“五五分享”税收返还收入 | B39: 180 | C39: 180 | D39: 100 | E39: 180 | F39: 180 | I39: 0 | J39: 0
A40: 其他返还性收入 | B40: 1534 | C40: 1534 | D40: 100 | E40: 1534 | F40: 1534 | I40: 0 | J40: 0
A41: 一般性转移支付收入 | B41: 135543 | C41: 192871 | D41: 142.29507 | E41: 156832 | F41: 76655 | G41: 80177 | H41: 0 | I41: -36039 | J41: -18.685546
A42: 体制补助收入 | B42: 980 | C42: 980 | D42: 100 | E42: 980 | F42: 980 | I42: 0 | J42: 0
A43: 均衡性转移支付补助收入 | B43: 35759 | C43: 46586 | D43: 130.27769 | E43: 37088 | F43: 37088 | I43: -9498 | J43: -20.388099
A44: 县级基本财力保障机制奖补资金收入 | B44: 11082 | C44: 18499 | D44: 166.92835 | E44: 17632 | F44: 17632 | I44: -867 | J44: -4.6867398
A45: 结算补助收入 | B45: 394 | C45: 1896 | D45: 481.21827 | E45: 395 | F45: 188 | G45: 207 | I45: -1501 | J45: -79.166667
A46: 资源枯竭型城市转移支付补助收入 | B46: 0 | C46: 0 | D46: 0 | E46: 0 | I46: 0 | J46: 0
A47: 产粮（油）大县奖励资金收入 | B47: 0 | C47: 428 | D47: 0 | E47: 0 | I47: -428 | J47: -100
A48: 重点生态功能区转移支付收入 | B48: 0 | C48: 0 | D48: 0 | E48: 0 | I48: 0 | J48: 0
A49: 固定数额补助收入 | B49: 17159 | C49: 17421 | D49: 101.5269 | E49: 17159 | F49: 17159 | I49: -262 | J49: -1.503932
A50: 革命老区转移支付收入 | B50: 1036 | C50: 1151 | D50: 111.10039 | E50: 1036 | G50: 1036 | I50: -115 | J50: -9.9913119
A51: 民族地区转移支付收入 | B51: 3475 | C51: 9238 | D51: 265.84173 | E51: 3475 | F51: 3475 | I51: -5763 | J51: -62.383633
A52: 边境地区转移支付收入 | B52: 0 | C52: 0 | D52: 0 | E52: 0 | F52: 0 | I52: 0 | J52: 0
A53: 巩固脱贫攻坚成果衔接乡村振兴转移支付收入 | B53: 6625 | C53: 13141 | D53: 198.35472 | E53: 8541 | F53: 0 | G53: 8541 | I53: -4600 | J53: -35.004946
A54: 公共安全共同财政事权转移支付收入 | B54: 7 | C54: 971 | D54: 13871.429 | E54: 829 | F54: 0 | G54: 829 | I54: -142 | J54: -14.624099
A55: 教育共同财政事权转移支付收入 | B55: 9503 | C55: 11382 | D55: 119.7727 | E55: 9554 | F55: 0 | G55: 9554 | I55: -1828 | J55: -16.060446
A56: 科学技术共同财政事权转移支付收入 | B56: 0 | C56: 10 | D56: 0 | E56: 0 | F56: 0 | I56: -10 | J56: -100
A57: 文化旅游体育与传媒共同财政事权转移支付收入 | B57: 300 | C57: 334 | D57: 111.33333 | E57: 81 | F57: 0 | G57: 81 | I57: -253 | J57: -75.748503
A58: 社会保障和就业共同财政事权转移支付收入 | B58: 19927 | C58: 27995 | D58: 140.48778 | E58: 22070 | F58: 0 | G58: 22070 | I58: -5925 | J58: -21.164494
A59: 医疗卫生共同财政事权转移支付收入 | B59: 5272 | C59: 7639 | D59: 144.89757 | E59: 6747 | F59: 0 | G59: 6747 | I59: -892 | J59: -11.676921
A60: 节能环保共同财政事权转移支付收入 | B60: 13 | C60: 13 | D60: 100 | E60: 384 | F60: 0 | G60: 384 | I60: 371 | J60: 2853.8462
A61: 农林水共同财政事权转移支付收入 | B61: 22217 | C61: 28856 | D61: 129.88252 | E61: 28920 | F61: 0 | G61: 28920 | I61: 64 | J61: 0.22179096
A62: 交通运输共同财政事权转移支付收入 | B62: 272 | C62: 3113 | D62: 1144.4853 | E62: 718 | F62: 0 | G62: 718 | I62: -2395 | J62: -76.935432
A63: 住房保障共同财政事权转移支付收入 | B63: 450 | C63: 917 | D63: 203.77778 | E63: 330 | F63: 0 | G63: 330 | I63: -587 | J63: -64.013086
A64: 粮油物资储备共同财政事权转移支付收入 | B64: 130 | C64: 130 | D64: 100 | E64: 107 | F64: 0 | G64: 107 | I64: -23 | J64: -17.692308
A65: 灾害防治及应急管理共同财政事权转移支付收入 | B65: 200 | C65: 269 | D65: 134.5 | E65: 4 | F65: 0 | G65: 4 | I65: -265 | J65: -98.513011
A66: 增值税留抵退税转移支付收入 | C66: 0
A67: 其他退税减税降费转移支付收入 | C67: 0
A68: 补充县区财力转移支付收入 | C68: 0
A69: 其他一般性转移支付收入 | B69: 742 | C69: 1902 | D69: 256.33423 | E69: 782 | F69: 133 | G69: 649 | I69: -1120 | J69: -58.885384
A70: 专项转移支付收入 | B70: 3926 | C70: 10838 | D70: 276.05706 | E70: 6626 | G70: 6626 | H70: 0 | I70: -4212 | J70: -38.863259
A71: 一般公共服务 | B71: 52 | C71: 371 | D71: 713.46154 | E71: 45 | G71: 45 | I71: -326 | J71: -87.87062
A72: 外交 | B72: 0 | D72: 0 | E72: 0 | I72: 0 | J72: 0
A73: 国防 | B73: 0 | D73: 0 | E73: 0 | I73: 0 | J73: 0
A74: 公共安全 | B74: 0 | C74: 0 | D74: 0 | E74: 0 | I74: 0 | J74: 0
A75: 教育 | B75: 0 | C75: 0 | D75: 0 | E75: 0 | I75: 0 | J75: 0
A76: 科学技术 | B76: 0 | C76: 0 | D76: 0 | E76: 0 | I76: 0 | J76: 0
A77: 文化旅游体育与传媒 | B77: 0 | C77: 25 | D77: 0 | E77: 0 | I77: -25 | J77: -100
A78: 社会保障和就业 | B78: 172 | C78: 192 | D78: 111.62791 | E78: 41 | G78: 41 | I78: -151 | J78: -78.645833
A79: 卫生健康 | B79: 388 | C79: 501 | D79: 129.12371 | E79: 353 | G79: 353 | I79: -148 | J79: -29.540918
A80: 节能环保 | B80: -398 | C80: 3318 | D80: -833.66834 | E80: 0 | I80: -3318 | J80: -100
A81: 城乡社区 | B81: 0 | C81: 115 | D81: 0 | E81: 0 | I81: -115 | J81: -100
A82: 农林水 | B82: 2699 | C82: 2959 | D82: 109.6332 | E82: 6180 | G82: 6180 | I82: 3221 | J82: 108.85434
A83: 交通运输 | B83: 100 | C83: 239 | D83: 239 | E83: 0 | I83: -239 | J83: -100
A84: 资源勘探工业信息等 | B84: 0 | C84: 1740 | D84: 0 | E84: 0 | I84: -1740 | J84: -100
A85: 商业服务业等 | B85: 750 | C85: 510 | D85: 68 | E85: 0 | I85: -510 | J85: -100
A86: 金融 | B86: 0 | C86: 705 | D86: 0 | E86: 0 | I86: -705 | J86: -100
A87: 自然资源海洋气象等 | B87: 0 | C87: 0 | D87: 0 | E87: 0 | I87: 0 | J87: 0
A88: 住房保障 | B88: 0 | C88: 0 | D88: 0 | E88: 0 | I88: 0 | J88: 0
A89: 粮油物资储备 | B89: 2 | C89: 2 | D89: 100 | E89: 2 | G89: 2 | I89: 0 | J89: 0
A90: 灾害防治及应急管理 | B90: 161 | C90: 161 | D90: 100 | E90: 5 | G90: 5 | I90: -156 | J90: -96.89441
A91: 其他收入 | B91: 0 | D91: 0 | E91: 0 | I91: 0 | J91: 0
A92: 上年结余收入 | B92: 61706 | C92: 62019 | D92: 100.50724 | E92: 50726 | H92: 50726 | I92: -11293 | J92: -18.208936
A93: 调入资金 | B93: 21000 | C93: 537 | D93: 2.5571429 | E93: 120 | F93: 120 | I93: -417 | J93: -77.653631
A94: 从政府性基金预算调入一般公共预算 | B94: 21000 | C94: 466 | D94: 2.2190476 | E94: 0 | I94: -466 | J94: -100
A95: 从国有资本经营预算调入一般公共预算 | B95: 0 | C95: 71 | D95: 0 | E95: 120 | F95: 120 | I95: 49 | J95: 69.014085
A96: 从其他资金调入一般公共预算 | B96: 0 | D96: 0 | E96: 0 | I96: 0 | J96: 0
A97: 地方政府一般债券转贷收入 | B97: 0 | C97: 24773 | D97: 0 | E97: 10700 | G97: 10700 | I97: -14073 | J97: -56.807815
A98: 接受其他地区援助收入 | B98: 0 | D98: 0 | E98: 0 | I98: 0 | J98: 0
A99: 动用预算稳定调节基金 | B99: 0 | D99: 0 | E99: 19800 | F99: 19800 | I99: 19800 | J99: 0
A100: 收入总计 | B100: 310685 | C100: 353968 | D100: 113.93147 | E100: 309314 | F100: 161085 | G100: 97503 | H100: 50726 | I100: -44654 | J100: -12.615265

Sheet 本公支
A1: 附表4
B2: 柳城县本级一般公共预算2025年支出预算
K3: 单位：万元
A4: 科目编码 | B4: 项目 | C4: 2024年 | F4: 2025年预算
C5: 年初预算数 | D5: 执行数 | E5: 完成年初预算% | F5: 建议数 | J5: 比2024年年初预算增减
F6: 合计 | G6: 本级当年安排 | H6: 上级提前下达 | I6: 上年结转 | J6: 金额 | K6: %
A7: 201 | B7: 一般公共服务支出 | C7: =SUM(C8,C20,C29,C39,C50,C61,C72,C80,C89,C102,C111,C122,C134,C141,C149,C155,C162,C169,C176,C183,C190,C198,C204,C210,C217,C245,C232,C239) -> 25055 | D7: =SUM(D8,D20,D29,D39,D50,D61,D72,D80,D89,D102,D111,D122,D134,D141,D149,D155,D162,D169,D176,D183,D190,D198,D204,D210,D217,D245,D232,D239) -> 28689 | E7: =IF(C7=0,0,D7/C7)*100 -> 114.50409 | F7: =G7+H7+I7 -> 23240 | G7: =SUM(G8,G20,G29,G39,G50,G61,G72,G80,G89,G102,G111,G122,G134,G141,G149,G155,G162,G169,G176,G183,G190,G198,G204,G210,G217,G245,G232,G239) -> 22449 | H7: =SUM(H8,H20,H29,H39,H50,H61,H72,H80,H89,H102,H111,H122,H134,H141,H149,H155,H162,H169,H176,H183,H190,H198,H204,H210,H217,H245,H232,H239) -> 133 | I7: =SUM(I8,I20,I29,I39,I50,I61,I72,I80,I89,I102,I111,I122,I134,I141,I149,I155,I162,I169,I176,I183,I190,I198,I204,I210,I217,I245,I232,I239) -> 658 | J7: =F7-C7 -> -1815 | K7: =IF(C7=0,0,J7/C7*100) -> -7.2440631
A8: 20101 | B8: 人大事务 | C8: 451 | D8: =SUM(D9:D19) -> 498 | E8: =IF(C8=0,0,D8/C8)*100 -> 110.42129 | F8: =G8+H8+I8 -> 437 | G8: =SUM(G9:G19) -> 437 | H8: =SUM(H9:H19) -> 0 | I8: =SUM(I9:I19) -> 0 | J8: =F8-C8 -> -14 | K8: =IF(C8=0,0,J8/C8*100) -> -3.1042129
A9: 2010101 | B9: 行政运行（人大事务） | C9: 396 | D9: 374 | E9: =IF(C9=0,0,D9/C9)*100 -> 94.444444 | F9: =G9+H9+I9 -> 376 | G9: 376 | J9: =F9-C9 -> -20 | K9: =IF(C9=0,0,J9/C9*100) -> -5.0505051
A10: 2010102 | B10: 一般行政管理事务（人大事务） | C10: 0 | D10: 8 | E10: =IF(C10=0,0,D10/C10)*100 -> 0 | F10: =G10+H10+I10 -> 0 | J10: =F10-C10 -> 0 | K10: =IF(C10=0,0,J10/C10*100) -> 0
A11: 2010103 | B11: 机关服务（人大事务） | C11: 0 | D11: 0 | E11: =IF(C11=0,0,D11/C11)*100 -> 0 | F11: =G11+H11+I11 -> 0 | J11: =F11-C11 -> 0 | K11: =IF(C11=0,0,J11/C11*100) -> 0
A12: 2010104 | B12: 人大会议 | C12: 45 | D12: 44 | E12: =IF(C12=0,0,D12/C12)*100 -> 97.777778 | F12: =G12+H12+I12 -> 45 | G12: 45 | J12: =F12-C12 -> 0 | K12: =IF(C12=0,0,J12/C12*100) -> 0
A13: 2010105 | B13: 人大立法 | C13: 0 | D13: 0 | E13: =IF(C13=0,0,D13/C13)*100 -> 0 | F13: =G13+H13+I13 -> 0 | J13: =F13-C13 -> 0 | K13: =IF(C13=0,0,J13/C13*100) -> 0
A14: 2010106 | B14: 人大监督 | C14: 0 | D14: 0 | E14: =IF(C14=0,0,D14/C14)*100 -> 0 | F14: =G14+H14+I14 -> 0 | J14: =F14-C14 -> 0 | K14: =IF(C14=0,0,J14/C14*100) -> 0
A15: 2010107 | B15: 人大代表履职能力提升 | C15: 0 | D15: 10 | E15: =IF(C15=0,0,D15/C15)*100 -> 0 | F15: =G15+H15+I15 -> 0 | J15: =F15-C15 -> 0 | K15: =IF(C15=0,0,J15/C15*100) -> 0
A16: 2010108 | B16: 代表工作 | C16: 0 | D16: 0 | E16: =IF(C16=0,0,D16/C16)*100 -> 0 | F16: =G16+H16+I16 -> 0 | J16: =F16-C16 -> 0 | K16: =IF(C16=0,0,J16/C16*100) -> 0
A17: 2010109 | B17: 人大信访工作 | C17: 0 | D17: 0 | E17: =IF(C17=0,0,D17/C17)*100 -> 0 | F17: =G17+H17+I17 -> 0 | J17: =F17-C17 -> 0 | K17: =IF(C17=0,0,J17/C17*100) -> 0
A18: 2010150 | B18: 事业运行（人大事务） | C18: 10 | D18: 12 | E18: =IF(C18=0,0,D18/C18)*100 -> 120 | F18: =G18+H18+I18 -> 16 | G18: 16 | J18: =F18-C18 -> 6 | K18: =IF(C18=0,0,J18/C18*100) -> 60
A19: 2010199 | B19: 其他人大事务支出 | C19: 0 | D19: 50 | E19: =IF(C19=0,0,D19/C19)*100 -> 0 | F19: =G19+H19+I19 -> 0 | J19: =F19-C19 -> 0 | K19: =IF(C19=0,0,J19/C19*100) -> 0
A20: 20102 | B20: 政协事务 | C20: 390 | D20: =SUM(D21:D28) -> 345 | E20: =IF(C20=0,0,D20/C20)*100 -> 88.461538 | F20: =G20+H20+I20 -> 337 | G20: =SUM(G21:G28) -> 337 | H20: =SUM(H21:H28) -> 0 | I20: =SUM(I21:I28) -> 0 | J20: =F20-C20 -> -53 | K20: =IF(C20=0,0,J20/C20*100) -> -13.589744
A21: 2010201 | B21: 行政运行（政协事务） | C21: 340 | D21: 313 | E21: =IF(C21=0,0,D21/C21)*100 -> 92.058824 | F21: =G21+H21+I21 -> 283 | G21: 283 | J21: =F21-C21 -> -57 | K21: =IF(C21=0,0,J21/C21*100) -> -16.764706
A22: 2010202 | B22: 一般行政管理事务（政协事务） | C22: 0 | D22: 2 | E22: =IF(C22=0,0,D22/C22)*100 -> 0 | F22: =G22+H22+I22 -> 0 | J22: =F22-C22 -> 0 | K22: =IF(C22=0,0,J22/C22*100) -> 0
A23: 2010203 | B23: 机关服务（政协事务） | C23: 0 | D23: 0 | E23: =IF(C23=0,0,D23/C23)*100 -> 0 | F23: =G23+H23+I23 -> 0 | J23: =F23-C23 -> 0 | K23: =IF(C23=0,0,J23/C23*100) -> 0
A24: 2010204 | B24: 政协会议 | C24: 33 | D24: 12 | E24: =IF(C24=0,0,D24/C24)*100 -> 36.363636 | F24: =G24+H24+I24 -> 33 | G24: 33 | J24: =F24-C24 -> 0 | K24: =IF(C24=0,0,J24/C24*100) -> 0
A25: 2010205 | B25: 委员视察 | C25: 0 | D25: 0 | E25: =IF(C25=0,0,D25/C25)*100 -> 0 | F25: =G25+H25+I25 -> 0 | J25: =F25-C25 -> 0 | K25: =IF(C25=0,0,J25/C25*100) -> 0
A26: 2010206 | B26: 参政议政 | C26: 0 | D26: 0 | E26: =IF(C26=0,0,D26/C26)*100 -> 0 | F26: =G26+H26+I26 -> 0 | J26: =F26-C26 -> 0 | K26: =IF(C26=0,0,J26/C26*100) -> 0
A27: 2010250 | B27: 事业运行（政协事务） | C27: 17 | D27: 18 | E27: =IF(C27=0,0,D27/C27)*100 -> 105.88235 | F27: =G27+H27+I27 -> 21 | G27: 21 | J27: =F27-C27 -> 4 | K27: =IF(C27=0,0,J27/C27*100) -> 23.529412
A28: 2010299 | B28: 其他政协事务支出 | C28: 0 | D28: 0 | E28: =IF(C28=0,0,D28/C28)*100 -> 0 | F28: =G28+H28+I28 -> 0 | J28: =F28-C28 -> 0 | K28: =IF(C28=0,0,J28/C28*100) -> 0
A29: 20103 | B29: 政府办公厅（室）及相关机构事务 | C29: 12030 | D29: =SUM(D30:D38) -> 12776 | E29: =IF(C29=0,0,D29/C29)*100 -> 106.20116 | F29: =G29+H29+I29 -> 10378 | G29: =SUM(G30:G38) -> 10378 | H29: =SUM(H30:H38) -> 0 | I29: =SUM(I30:I38) -> 0 | J29: =F29-C29 -> -1652 | K29: =IF(C29=0,0,J29/C29*100) -> -13.732336
A30: 2010301 | B30: 行政运行（政府办公厅（室）及相关机构事务） | C30: 7732 | D30: 8132 | E30: =IF(C30=0,0,D30/C30)*100 -> 105.17331 | F30: =G30+H30+I30 -> 6195 | G30: 6195 | J30: =F30-C30 -> -1537 | K30: =IF(C30=0,0,J30/C30*100) -> -19.878427
A31: 2010302 | B31: 一般行政管理事务（政府办公厅（室）及相关机构事务） | C31: 90 | D31: 617 | E31: =IF(C31=0,0,D31/C31)*100 -> 685.55556 | F31: =G31+H31+I31 -> 53 | G31: 53 | J31: =F31-C31 -> -37 | K31: =IF(C31=0,0,J31/C31*100) -> -41.111111
A32: 2010303 | B32: 机关服务（政府办公厅（室）及相关机构事务） | C32: 614 | D32: 783 | E32: =IF(C32=0,0,D32/C32)*100 -> 127.52443 | F32: =G32+H32+I32 -> 581 | G32: 581 | J32: =F32-C32 -> -33 | K32: =IF(C32=0,0,J32/C32*100) -> -5.3745928
A33: 2010304 | B33: 专项服务 | C33: 0 | D33: 0 | E33: =IF(C33=0,0,D33/C33)*100 -> 0 | F33: =G33+H33+I33 -> 0 | J33: =F33-C33 -> 0 | K33: =IF(C33=0,0,J33/C33*100) -> 0
A34: 2010305 | B34: 专项业务及机关事务管理活动 | C34: 0 | D34: 0 | E34: =IF(C34=0,0,D34/C34)*100 -> 0 | F34: =G34+H34+I34 -> 0 | J34: =F34-C34 -> 0 | K34: =IF(C34=0,0,J34/C34*100) -> 0
A35: 2010306 | B35: 政务公开审批 | C35: 0 | D35: 0 | E35: =IF(C35=0,0,D35/C35)*100 -> 0 | F35: =G35+H35+I35 -> 0 | J35: =F35-C35 -> 0 | K35: =IF(C35=0,0,J35/C35*100) -> 0
A36: 2010309 | B36: 参事事务 | C36: 0 | D36: 0 | E36: =IF(C36=0,0,D36/C36)*100 -> 0 | F36: =G36+H36+I36 -> 0 | J36: =F36-C36 -> 0 | K36: =IF(C36=0,0,J36/C36*100) -> 0
A37: 2010350 | B37: 事业运行（政府办公厅（室）及相关机构事务） | C37: 1153 | D37: 1108 | E37: =IF(C37=0,0,D37/C37)*100 -> 96.097138 | F37: =G37+H37+I37 -> 1309 | G37: 1309 | J37: =F37-C37 -> 156 | K37: =IF(C37=0,0,J37/C37*100) -> 13.529922
A38: 2010399 | B38: 其他政府办公厅（室）及相关机构事务支出 | C38: 2441 | D38: 2136 | E38: =IF(C38=0,0,D38/C38)*100 -> 87.505121 | F38: =G38+H38+I38 -> 2240 | G38: 2240 | J38: =F38-C38 -> -201 | K38: =IF(C38=0,0,J38/C38*100) -> -8.2343302
A39: 20104 | B39: 发展与改革事务 | C39: 470 | D39: =SUM(D40:D49) -> 741 | E39: =IF(C39=0,0,D39/C39)*100 -> 157.65957 | F39: =G39+H39+I39 -> 525 | G39: =SUM(G40:G49) -> 351 | H39: =SUM(H40:H49) -> 0 | I39: =SUM(I40:I49) -> 174 | J39: =F39-C39 -> 55 | K39: =IF(C39=0,0,J39/C39*100) -> 11.702128
A40: 2010401 | B40: 行政运行（发展与改革事务） | C40: 215 | D40: 200 | E40: =IF(C40=0,0,D40/C40)*100 -> 93.023256 | F40: =G40+H40+I40 -> 139 | G40: 139 | J40: =F40-C40 -> -76 | K40: =IF(C40=0,0,J40/C40*100) -> -35.348837
A41: 2010402 | B41: 一般行政管理事务（发展与改革事务） | C41: 0 | D41: 0 | E41: =IF(C41=0,0,D41/C41)*100 -> 0 | F41: =G41+H41+I41 -> 0 | J41: =F41-C41 -> 0 | K41: =IF(C41=0,0,J41/C41*100) -> 0
A42: 2010403 | B42: 机关服务（发展与改革事务） | C42: 0 | D42: 0 | E42: =IF(C42=0,0,D42/C42)*100 -> 0 | F42: =G42+H42+I42 -> 0 | J42: =F42-C42 -> 0 | K42: =IF(C42=0,0,J42/C42*100) -> 0
A43: 2010404 | B43: 战略规划与实施 | C43: 0 | D43: 0 | E43: =IF(C43=0,0,D43/C43)*100 -> 0 | F43: =G43+H43+I43 -> 0 | J43: =F43-C43 -> 0 | K43: =IF(C43=0,0,J43/C43*100) -> 0
A44: 2010405 | B44: 日常经济运行调节 | C44: 0 | D44: 0 | E44: =IF(C44=0,0,D44/C44)*100 -> 0 | F44: =G44+H44+I44 -> 0 | J44: =F44-C44 -> 0 | K44: =IF(C44=0,0,J44/C44*100) -> 0
A45: 2010406 | B45: 社会事业发展规划 | C45: 0 | D45: 0 | E45: =IF(C45=0,0,D45/C45)*100 -> 0 | F45: =G45+H45+I45 -> 0 | J45: =F45-C45 -> 0 | K45: =IF(C45=0,0,J45/C45*100) -> 0
A46: 2010407 | B46: 经济体制改革研究 | C46: 0 | D46: 0 | E46: =IF(C46=0,0,D46/C46)*100 -> 0 | F46: =G46+H46+I46 -> 0 | J46: =F46-C46 -> 0 | K46: =IF(C46=0,0,J46/C46*100) -> 0
A47: 2010408 | B47: 物价管理 | C47: 5 | D47: 2 | E47: =IF(C47=0,0,D47/C47)*100 -> 40 | F47: =G47+H47+I47 -> 4 | I47: 4 | J47: =F47-C47 -> -1 | K47: =IF(C47=0,0,J47/C47*100) -> -20
A48: 2010450 | B48: 事业运行（发展与改革事务） | C48: 228 | D48: 212 | E48: =IF(C48=0,0,D48/C48)*100 -> 92.982456 | F48: =G48+H48+I48 -> 204 | G48: 204 | J48: =F48-C48 -> -24 | K48: =IF(C48=0,0,J48/C48*100) -> -10.526316
A49: 2010499 | B49: 其他发展与改革事务支出 | C49: 22 | D49: 327 | E49: =IF(C49=0,0,D49/C49)*100 -> 1486.3636 | F49: =G49+H49+I49 -> 178 | G49: 8 | I49: 170 | J49: =F49-C49 -> 156 | K49: =IF(C49=0,0,J49/C49*100) -> 709.09091
A50: 20105 | B50: 统计信息事务 | C50: 333 | D50: =SUM(D51:D60) -> 439 | E50: =IF(C50=0,0,D50/C50)*100 -> 131.83183 | F50: =G50+H50+I50 -> 255 | G50: =SUM(G51:G60) -> 222 | H50: =SUM(H51:H60) -> 28 | I50: =SUM(I51:I60) -> 5 | J50: =F50-C50 -> -78 | K50: =IF(C50=0,0,J50/C50*100) -> -23.423423
A51: 2010501 | B51: 行政运行（统计信息事务） | C51: 218 | D51: 238 | E51: =IF(C51=0,0,D51/C51)*100 -> 109.17431 | F51: =G51+H51+I51 -> 167 | G51: 167 | J51: =F51-C51 -> -51 | K51: =IF(C51=0,0,J51/C51*100) -> -23.394495
A52: 2010502 | B52: 一般行政管理事务（统计信息事务） | C52: 0 | D52: 0 | E52: =IF(C52=0,0,D52/C52)*100 -> 0 | F52: =G52+H52+I52 -> 29 | G52: 29 | J52: =F52-C52 -> 29 | K52: =IF(C52=0,0,J52/C52*100) -> 0
A53: 2010503 | B53: 机关服务（统计信息事务） | C53: 0 | D53: 0 | E53: =IF(C53=0,0,D53/C53)*100 -> 0 | F53: =G53+H53+I53 -> 0 | J53: =F53-C53 -> 0 | K53: =IF(C53=0,0,J53/C53*100) -> 0
A54: 2010504 | B54: 信息事务 | C54: 0 | D54: 0 | E54: =IF(C54=0,0,D54/C54)*100 -> 0 | F54: =G54+H54+I54 -> 0 | J54: =F54-C54 -> 0 | K54: =IF(C54=0,0,J54/C54*100) -> 0
A55: 2010505 | B55: 专项统计业务 | C55: 0 | D55: 0 | E55: =IF(C55=0,0,D55/C55)*100 -> 0 | F55: =G55+H55+I55 -> 0 | J55: =F55-C55 -> 0 | K55: =IF(C55=0,0,J55/C55*100) -> 0
A56: 2010506 | B56: 统计管理 | C56: 42 | D56: 47 | E56: =IF(C56=0,0,D56/C56)*100 -> 111.90476 | F56: =G56+H56+I56 -> 28 | H56: 28 | I56: 0 | J56: =F56-C56 -> -14 | K56: =IF(C56=0,0,J56/C56*100) -> -33.333333
A57: 2010507 | B57: 专项普查活动 | C57: 34 | D57: 86 | E57: =IF(C57=0,0,D57/C57)*100 -> 252.94118 | F57: =G57+H57+I57 -> 5 | I57: 5 | J57: =F57-C57 -> -29 | K57: =IF(C57=0,0,J57/C57*100) -> -85.294118
A58: 2010508 | B58: 统计抽样调查 | C58: 0 | D58: 37 | E58: =IF(C58=0,0,D58/C58)*100 -> 0 | F58: =G58+H58+I58 -> 0 | J58: =F58-C58 -> 0 | K58: =IF(C58=0,0,J58/C58*100) -> 0
A59: 2010550 | B59: 事业运行（统计信息事务） | C59: 39 | D59: 31 | E59: =IF(C59=0,0,D59/C59)*100 -> 79.487179 | F59: =G59+H59+I59 -> 26 | G59: 26 | J59: =F59-C59 -> -13 | K59: =IF(C59=0,0,J59/C59*100) -> -33.333333
A60: 2010599 | B60: 其他统计信息事务支出 | C60: 0 | D60: 0 | E60: =IF(C60=0,0,D60/C60)*100 -> 0 | F60: =G60+H60+I60 -> 0 | J60: =F60-C60 -> 0 | K60: =IF(C60=0,0,J60/C60*100) -> 0
A61: 20106 | B61: 财政事务 | C61: 1340 | D61: =SUM(D62:D71) -> 1291 | E61: =IF(C61=0,0,D61/C61)*100 -> 96.343284 | F61: =G61+H61+I61 -> 805 | G61: =SUM(G62:G71) -> 805 | H61: =SUM(H62:H71) -> 0 | I61: =SUM(I62:I71) -> 0 | J61: =F61-C61 -> -535 | K61: =IF(C61=0,0,J61/C61*100) -> -39.925373
A62: 2010601 | B62: 行政运行（财政事务） | C62: 1102 | D62: 944 | E62: =IF(C62=0,0,D62/C62)*100 -> 85.662432 | F62: =G62+H62+I62 -> 582 | G62: 582 | J62: =F62-C62 -> -520 | K62: =IF(C62=0,0,J62/C62*100) -> -47.186933
A63: 2010602 | B63: 一般行政管理事务（财政事务） | C63: 5 | D63: 15 | E63: =IF(C63=0,0,D63/C63)*100 -> 300 | F63: =G63+H63+I63 -> 8 | G63: 8 | J63: =F63-C63 -> 3 | K63: =IF(C63=0,0,J63/C63*100) -> 60
A64: 2010603 | B64: 机关服务（财政事务） | C64: 0 | D64: 0 | E64: =IF(C64=0,0,D64/C64)*100 -> 0 | F64: =G64+H64+I64 -> 0 | J64: =F64-C64 -> 0 | K64: =IF(C64=0,0,J64/C64*100) -> 0
A65: 2010604 | B65: 预算改革业务 | C65: 0 | D65: 0 | E65: =IF(C65=0,0,D65/C65)*100 -> 0 | F65: =G65+H65+I65 -> 0 | J65: =F65-C65 -> 0 | K65: =IF(C65=0,0,J65/C65*100) -> 0
A66: 2010605 | B66: 财政国库业务 | C66: 0 | D66: 0 | E66: =IF(C66=0,0,D66/C66)*100 -> 0 | F66: =G66+H66+I66 -> 0 | J66: =F66-C66 -> 0 | K66: =IF(C66=0,0,J66/C66*100) -> 0
A67: 2010606 | B67: 财政监察 | C67: 0 | D67: 0 | E67: =IF(C67=0,0,D67/C67)*100 -> 0 | F67: =G67+H67+I67 -> 0 | J67: =F67-C67 -> 0 | K67: =IF(C67=0,0,J67/C67*100) -> 0
A68: 2010607 | B68: 信息化建设 | C68: 0 | D68: 0 | E68: =IF(C68=0,0,D68/C68)*100 -> 0 | F68: =G68+H68+I68 -> 0 | J68: =F68-C68 -> 0 | K68: =IF(C68=0,0,J68/C68*100) -> 0
A69: 2010608 | B69: 财政委托业务支出 | C69: 0 | D69: 0 | E69: =IF(C69=0,0,D69/C69)*100 -> 0 | F69: =G69+H69+I69 -> 0 | J69: =F69-C69 -> 0 | K69: =IF(C69=0,0,J69/C69*100) -> 0
A70: 2010650 | B70: 事业运行（财政事务） | C70: 219 | D70: 192 | E70: =IF(C70=0,0,D70/C70)*100 -> 87.671233 | F70: =G70+H70+I70 -> 191 | G70: 191 | J70: =F70-C70 -> -28 | K70: =IF(C70=0,0,J70/C70*100) -> -12.785388
A71: 2010699 | B71: 其他财政事务支出 | C71: 14 | D71: 140 | E71: =IF(C71=0,0,D71/C71)*100 -> 1000 | F71: =G71+H71+I71 -> 24 | G71: 24 | J71: =F71-C71 -> 10 | K71: =IF(C71=0,0,J71/C71*100) -> 71.428571
A72: 20107 | B72: 税收事务 | C72: 870 | D72: =SUM(D73:D79) -> 870 | E72: =IF(C72=0,0,D72/C72)*100 -> 100 | F72: =G72+H72+I72 -> 959 | G72: =SUM(G73:G79) -> 959 | H72: =SUM(H73:H79) -> 0 | I72: =SUM(I73:I79) -> 0 | J72: =F72-C72 -> 89 | K72: =IF(C72=0,0,J72/C72*100) -> 10.229885
A73: 2010701 | B73: 行政运行（税收事务） | C73: 0 | D73: 1 | E73: =IF(C73=0,0,D73/C73)*100 -> 0 | F73: =G73+H73+I73 -> 0 | J73: =F73-C73 -> 0 | K73: =IF(C73=0,0,J73/C73*100) -> 0
A74: 2010702 | B74: 一般行政管理事务（税收事务） | C74: 0 | D74: 0 | E74: =IF(C74=0,0,D74/C74)*100 -> 0 | F74: =G74+H74+I74 -> 0 | J74: =F74-C74 -> 0 | K74: =IF(C74=0,0,J74/C74*100) -> 0
A75: 2010703 | B75: 机关服务（税收事务） | C75: 0 | D75: 0 | E75: =IF(C75=0,0,D75/C75)*100 -> 0 | F75: =G75+H75+I75 -> 0 | J75: =F75-C75 -> 0 | K75: =IF(C75=0,0,J75/C75*100) -> 0
A76: 2010709 | B76: 信息化建设 | C76: 0 | D76: 0 | E76: =IF(C76=0,0,D76/C76)*100 -> 0 | F76: =G76+H76+I76 -> 0 | J76: =F76-C76 -> 0 | K76: =IF(C76=0,0,J76/C76*100) -> 0
A77: 2010710 | B77: 税收业务 | C77: 0 | D77: 0 | E77: =IF(C77=0,0,D77/C77)*100 -> 0 | F77: =G77+H77+I77 -> 0 | J77: =F77-C77 -> 0 | K77: =IF(C77=0,0,J77/C77*100) -> 0
A78: 2010750 | B78: 事业运行（税收事务） | C78: 0 | D78: 0 | E78: =IF(C78=0,0,D78/C78)*100 -> 0 | F78: =G78+H78+I78 -> 0 | J78: =F78-C78 -> 0 | K78: =IF(C78=0,0,J78/C78*100) -> 0
A79: 2010799 | B79: 其他税收事务支出 | C79: 870 | D79: 869 | E79: =IF(C79=0,0,D79/C79)*100 -> 99.885057 | F79: =G79+H79+I79 -> 959 | G79: 959 | J79: =F79-C79 -> 89 | K79: =IF(C79=0,0,J79/C79*100) -> 10.229885
A80: 20108 | B80: 审计事务 | C80: 325 | D80: =SUM(D81:D88) -> 431 | E80: =IF(C80=0,0,D80/C80)*100 -> 132.61538 | F80: =G80+H80+I80 -> 241 | G80: =SUM(G81:G88) -> 229 | H80: =SUM(H81:H88) -> 5 | I80: =SUM(I81:I88) -> 7 | J80: =F80-C80 -> -84 | K80: =IF(C80=0,0,J80/C80*100) -> -25.846154
A81: 2010801 | B81: 行政运行（审计事务） | C81: 318 | D81: 320 | E81: =IF(C81=0,0,D81/C81)*100 -> 100.62893 | F81: =G81+H81+I81 -> 224 | G81: 224 | J81: =F81-C81 -> -94 | K81: =IF(C81=0,0,J81/C81*100) -> -29.559748
A82: 2010802 | B82: 一般行政管理事务（审计事务） | C82: 7 | D82: 18 | E82: =IF(C82=0,0,D82/C82)*100 -> 257.14286 | F82: =G82+H82+I82 -> 5 | G82: 5 | J82: =F82-C82 -> -2 | K82: =IF(C82=0,0,J82/C82*100) -> -28.571429
A83: 2010803 | B83: 机关服务（审计事务） | C83: 0 | D83: 0 | E83: =IF(C83=0,0,D83/C83)*100 -> 0 | F83: =G83+H83+I83 -> 0 | J83: =F83-C83 -> 0 | K83: =IF(C83=0,0,J83/C83*100) -> 0
A84: 2010804 | B84: 审计业务 | C84: 0 | D84: 90 | E84: =IF(C84=0,0,D84/C84)*100 -> 0 | F84: =G84+H84+I84 -> 0 | J84: =F84-C84 -> 0 | K84: =IF(C84=0,0,J84/C84*100) -> 0
A85: 2010805 | B85: 审计管理 | C85: 0 | D85: 0 | E85: =IF(C85=0,0,D85/C85)*100 -> 0 | F85: =G85+H85+I85 -> 0 | J85: =F85-C85 -> 0 | K85: =IF(C85=0,0,J85/C85*100) -> 0
A86: 2010806 | B86: 信息化建设 | C86: 0 | D86: 0 | E86: =IF(C86=0,0,D86/C86)*100 -> 0 | F86: =G86+H86+I86 -> 0 | J86: =F86-C86 -> 0 | K86: =IF(C86=0,0,J86/C86*100) -> 0
A87: 2010850 | B87: 事业运行（审计事务） | C87: 0 | D87: 0 | E87: =IF(C87=0,0,D87/C87)*100 -> 0 | F87: =G87+H87+I87 -> 0 | J87: =F87-C87 -> 0 | K87: =IF(C87=0,0,J87/C87*100) -> 0
A88: 2010899 | B88: 其他审计事务支出 | C88: 0 | D88: 3 | E88: =IF(C88=0,0,D88/C88)*100 -> 0 | F88: =G88+H88+I88 -> 12 | H88: 5 | I88: 7 | J88: =F88-C88 -> 12 | K88: =IF(C88=0,0,J88/C88*100) -> 0
A89: 20109 | B89: 海关事务 | C89: 0 | D89: =SUM(D90:D101) -> 0 | E89: =IF(C89=0,0,D89/C89)*100 -> 0 | F89: =G89+H89+I89 -> 0 | G89: =SUM(G90:G101) -> 0 | H89: =SUM(H90:H101) -> 0 | I89: =SUM(I90:I101) -> 0 | J89: =F89-C89 -> 0 | K89: =IF(C89=0,0,J89/C89*100) -> 0
A90: 2010901 | B90: 行政运行（海关事务） | C90: 0 | D90: 0 | E90: =IF(C90=0,0,D90/C90)*100 -> 0 | F90: =G90+H90+I90 -> 0 | J90: =F90-C90 -> 0 | K90: =IF(C90=0,0,J90/C90*100) -> 0
A91: 2010902 | B91: 一般行政管理事务（海关事务） | C91: 0 | D91: 0 | E91: =IF(C91=0,0,D91/C91)*100 -> 0 | F91: =G91+H91+I91 -> 0 | J91: =F91-C91 -> 0 | K91: =IF(C91=0,0,J91/C91*100) -> 0
A92: 2010903 | B92: 机关服务（海关事务） | C92: 0 | D92: 0 | E92: =IF(C92=0,0,D92/C92)*100 -> 0 | F92: =G92+H92+I92 -> 0 | J92: =F92-C92 -> 0 | K92: =IF(C92=0,0,J92/C92*100) -> 0
A93: 2010905 | B93: 缉私办案 | C93: 0 | D93: 0 | E93: =IF(C93=0,0,D93/C93)*100 -> 0 | F93: =G93+H93+I93 -> 0 | J93: =F93-C93 -> 0 | K93: =IF(C93=0,0,J93/C93*100) -> 0
A94: 2010907 | B94: 口岸管理 | C94: 0 | D94: 0 | E94: =IF(C94=0,0,D94/C94)*100 -> 0 | F94: =G94+H94+I94 -> 0 | J94: =F94-C94 -> 0 | K94: =IF(C94=0,0,J94/C94*100) -> 0
A95: 2010908 | B95: 信息化建设 | C95: 0 | D95: 0 | E95: =IF(C95=0,0,D95/C95)*100 -> 0 | F95: =G95+H95+I95 -> 0 | J95: =F95-C95 -> 0 | K95: =IF(C95=0,0,J95/C95*100) -> 0
A96: 2010909 | B96: 海关关务 | C96: 0 | D96: 0 | E96: =IF(C96=0,0,D96/C96)*100 -> 0 | F96: =G96+H96+I96 -> 0 | J96: =F96-C96 -> 0 | K96: =IF(C96=0,0,J96/C96*100) -> 0
A97: 2010910 | B97: 关税征管 | C97: 0 | D97: 0 | E97: =IF(C97=0,0,D97/C97)*100 -> 0 | F97: =G97+H97+I97 -> 0 | J97: =F97-C97 -> 0 | K97: =IF(C97=0,0,J97/C97*100) -> 0
A98: 2010911 | B98: 海关监管 | C98: 0 | D98: 0 | E98: =IF(C98=0,0,D98/C98)*100 -> 0 | F98: =G98+H98+I98 -> 0 | J98: =F98-C98 -> 0 | K98: =IF(C98=0,0,J98/C98*100) -> 0
A99: 2010912 | B99: 检验检疫 | C99: 0 | D99: 0 | E99: =IF(C99=0,0,D99/C99)*100 -> 0 | F99: =G99+H99+I99 -> 0 | J99: =F99-C99 -> 0 | K99: =IF(C99=0,0,J99/C99*100) -> 0
A100: 2010950 | B100: 事业运行（海关事务） | C100: 0 | D100: 0 | E100: =IF(C100=0,0,D100/C100)*100 -> 0 | F100: =G100+H100+I100 -> 0 | J100: =F100-C100 -> 0 | K100: =IF(C100=0,0,J100/C100*100) -> 0
...

Sheet 本公基支（经济分类） 
A1: 附表5
B2: 柳城县本级一般公共预算2025年基本支出预算（按政府经济分类科目）
H3: 单位：万元
A4: 科目编码 | B4: 科目名称 | C4: 2025年预算建议数 | D4: 本级当年安排 | G4: 上级提前下达 | H4: 上年结转
D5: 小计 | E5: 基本支出 | F5: 项目支出
A6: 501 | B6: 一、机关工资福利支出 | C6: =SUM(E6:H6) -> 43095 | D6: =SUM(E6:F6) -> 43034 | E6: =SUM(E7:E10) -> 38062 | F6: =SUM(F7:F10) -> 4972 | G6: =SUM(G7:G10) -> 41 | H6: =SUM(H7:H10) -> 20
A7: 50101 | B7: 工资奖金津补贴 | C7: =SUM(E7:H7) -> 24461 | D7: =SUM(E7:F7) -> 24461 | E7: 23007 | F7: 1454
A8: 50102 | B8: 社会保障缴费 | C8: =SUM(E8:H8) -> 8624 | D8: =SUM(E8:F8) -> 8622 | E8: 7405 | F8: 1217 | G8: 2
A9: 50103 | B9: 住房公积金 | C9: =SUM(E9:H9) -> 2589 | D9: =SUM(E9:F9) -> 2550 | E9: 2546 | F9: 4 | G9: 39
A10: 50199 | B10: 其他工资福利支出 | C10: =SUM(E10:H10) -> 7421 | D10: =SUM(E10:F10) -> 7401 | E10: 5104 | F10: =2305-8 -> 2297 | H10: 20
A11: 502 | B11: 二、机关商品和服务支出 | C11: =SUM(E11:H11) -> 13339 | D11: =SUM(E11:F11) -> 5218 | E11: =SUM(E12:E21) -> 3389 | F11: =SUM(F12:F21) -> 1829 | G11: =SUM(G12:G21) -> 4867 | H11: =SUM(H12:H21) -> 3254
A12: 50201 | B12: 办公经费 | C12: =SUM(E12:H12) -> 3741 | D12: =SUM(E12:F12) -> 3313 | E12: 2629 | F12: 684 | G12: =348-44 -> 304 | H12: 124
A13: 50202 | B13: 会议费 | C13: =SUM(E13:H13) -> 168 | D13: =SUM(E13:F13) -> 155 | E13: 20 | F13: 135 | G13: 13
A14: 50203 | B14: 培训费 | C14: =SUM(E14:H14) -> 220 | D14: =SUM(E14:F14) -> 170 | E14: 20 | F14: 150 | G14: =6+44 -> 50
A15: 50204 | B15: 专用材料购置费 | C15: =SUM(E15:H15) -> 488 | D15: =SUM(E15:F15) -> 20 | F15: 20 | G15: =3+218 -> 221 | H15: 247
A16: 50205 | B16: 委托业务费 | C16: =SUM(E16:H16) -> 5494 | D16: =SUM(E16:F16) -> 1 | F16: 1 | G16: =3393+12 -> 3405 | H16: 2088
A17: 50206 | B17: 公务接待费 | C17: =SUM(E17:H17) -> 95 | D17: =SUM(E17:F17) -> 95 | E17: 70 | F17: 25
A18: 50207 | B18: 因公出国（境）费用 | C18: =SUM(E18:H18) -> 0 | D18: =SUM(E18:F18) -> 0
A19: 50208 | B19: 公务用车运行维护费 | C19: =SUM(E19:H19) -> 334 | D19: =SUM(E19:F19) -> 334 | E19: 330 | F19: 4
A20: 50209 | B20: 维修（护）费 | C20: =SUM(E20:H20) -> 296 | D20: =SUM(E20:F20) -> 180 | E20: 20 | F20: 160 | G20: 43 | H20: 73
A21: 50299 | B21: 其他商品和服务支出 | C21: =SUM(E21:H21) -> 2503 | D21: =SUM(E21:F21) -> 950 | E21: 300 | F21: 650 | G21: =151+680 -> 831 | H21: 722
A22: 503 | B22: 三、机关资本性支出 | C22: =SUM(E22:H22) -> 23979 | D22: =SUM(E22:F22) -> 389 | E22: =SUM(E23:E29) -> 0 | F22: =SUM(F23:F29) -> 389 | G22: =SUM(G23:G29) -> 11140 | H22: =SUM(H23:H29) -> 12450
A23: 50301 | B23: 房屋建筑物购建 | C23: =SUM(E23:H23) -> 1349 | D23: =SUM(E23:F23) -> 0 | G23: 937 | H23: 412
A24: 50302 | B24: 基础设施建设 | C24: =SUM(E24:H24) -> 19711 | D24: =SUM(E24:F24) -> 350 | F24: 350 | G24: =9934+60 -> 9994 | H24: 9367
A25: 50303 | B25: 公务用车购置 | C25: =SUM(E25:H25) -> 0 | D25: =SUM(E25:F25) -> 0
A26: 50305 | B26: 土地征迁补偿和安置支出 | C26: =SUM(E26:H26) -> 0 | D26: =SUM(E26:F26) -> 0
A27: 50306 | B27: 设备购置 | C27: =SUM(E27:H27) -> 2030 | D27: =SUM(E27:F27) -> 39 | F27: 39 | G27: 52 | H27: 1939
A28: 50307 | B28: 大型修缮 | C28: =SUM(E28:H28) -> 71 | D28: =SUM(E28:F28) -> 0 | G28: 71
A29: 50399 | B29: 其他资本性支出 | C29: =SUM(E29:H29) -> 818 | D29: =SUM(E29:F29) -> 0 | G29: 86 | H29: 732
A30: 504 | B30: 四、机关资本性支出（基本建设） | C30: =SUM(E30:H30) -> 3090 | D30: =SUM(E30:F30) -> 0 | E30: =SUM(E31:E36) -> 0 | F30: =SUM(F31:F36) -> 0 | G30: =SUM(G31:G36) -> 0 | H30: =SUM(H31:H36) -> 3090
A31: 50401 | B31: 房屋建筑物购建 | C31: =SUM(E31:H31) -> 3020 | D31: =SUM(E31:F31) -> 0 | H31: 3020
A32: 50402 | B32: 基础设施建设 | C32: =SUM(E32:H32) -> 0 | D32: =SUM(E32:F32) -> 0
A33: 50403 | B33: 公务用车购置 | C33: =SUM(E33:H33) -> 0 | D33: =SUM(E33:F33) -> 0
A34: 50404 | B34: 设备购置 | C34: =SUM(E34:H34) -> 0 | D34: =SUM(E34:F34) -> 0
A35: 50405 | B35: 大型修缮 | C35: =SUM(E35:H35) -> 0 | D35: =SUM(E35:F35) -> 0
A36: 50499 | B36: 其他资本性支出 | C36: =SUM(E36:H36) -> 70 | D36: =SUM(E36:F36) -> 0 | H36: 70
A37: 505 | B37: 五、对事业单位经常性补助 | C37: =SUM(E37:H37) -> 79179 | D37: =SUM(E37:F37) -> 68574 | E37: =SUM(E38:E40) -> 66660 | F37: =SUM(F38:F40) -> 1914 | G37: =SUM(G38:G40) -> 7786 | H37: =SUM(H38:H40) -> 2819
A38: 50501 | B38: 工资福利支出 | C38: =SUM(E38:H38) -> 67254 | D38: =SUM(E38:F38) -> 64449 | E38: =62772+8 -> 62780 | F38: 1669 | G38: 2606 | H38: 199
A39: 50502 | B39: 商品和服务支出 | C39: =SUM(E39:H39) -> 11915 | D39: =SUM(E39:F39) -> 4125 | E39: 3880 | F39: 245 | G39: =5022+148 -> 5170 | H39: 2620
A40: 50599 | B40: 其他对事业单位补助 | C40: =SUM(E40:H40) -> 10 | D40: =SUM(E40:F40) -> 0 | G40: 10
A41: 506 | B41: 六、对事业单位资本性补助 | C41: =SUM(E41:H41) -> 9688 | D41: =SUM(E41:F41) -> 300 | E41: =SUM(E42:E43) -> 0 | F41: =SUM(F42:F43) -> 300 | G41: =SUM(G42:G43) -> 2963 | H41: =SUM(H42:H43) -> 6425
A42: 50601 | B42: 资本性支出 | C42: =SUM(E42:H42) -> 6619 | D42: =SUM(E42:F42) -> 300 | F42: 300 | G42: 2960 | H42: 3359
A43: 50602 | B43: 资本性支出（基本建设） | C43: =SUM(E43:H43) -> 3069 | D43: =SUM(E43:F43) -> 0 | G43: 3 | H43: 3066
A44: 507 | B44: 七、对企业补助 | C44: =SUM(E44:H44) -> 8348 | D44: =SUM(E44:F44) -> 2050 | E44: =SUM(E45:E47) -> 0 | F44: =SUM(F45:F47) -> 2050 | G44: =SUM(G45:G47) -> 399 | H44: =SUM(H45:H47) -> 5899
A45: 50701 | B45: 费用补贴 | C45: =SUM(E45:H45) -> 3204 | D45: =SUM(E45:F45) -> 0 | G45: 281 | H45: 2923
A46: 50702 | B46: 利息补贴 | C46: =SUM(E46:H46) -> 932 | D46: =SUM(E46:F46) -> 0 | G46: 107 | H46: 825
A47: 50799 | B47: 其他对企业补助 | C47: =SUM(E47:H47) -> 4212 | D47: =SUM(E47:F47) -> 2050 | F47: 2050 | G47: 11 | H47: 2151
A48: 508 | B48: 八、对企业资本性支出 | C48: =SUM(E48:H48) -> 0 | D48: =SUM(E48:F48) -> 0 | E48: =SUM(E49:E52) -> 0 | F48: =SUM(F49:F52) -> 0 | G48: =SUM(G49:G52) -> 0 | H48: =SUM(H49:H52) -> 0
A49: 50803 | B49: 资本金注入 | C49: =SUM(E49:H49) -> 0 | D49: =SUM(E49:F49) -> 0
A50: 50804 | B50: 资本金注入（基本建设） | C50: =SUM(E50:H50) -> 0 | D50: =SUM(E50:F50) -> 0
A51: 50805 | B51: 政府投资基金股权投资 | C51: =SUM(E51:H51) -> 0 | D51: =SUM(E51:F51) -> 0
A52: 50899 | B52: 其他对企业资本性支出 | C52: =SUM(E52:H52) -> 0 | D52: =SUM(E52:F52) -> 0
A53: 509 | B53: 九、对个人和家庭的补助 | C53: =SUM(E53:H53) -> 71829 | D53: =SUM(E53:F53) -> 15425 | E53: =SUM(E54:E58) -> 9592 | F53: =SUM(F54:F58) -> 5833 | G53: =SUM(G54:G58) -> 46052 | H53: =SUM(H54:H58) -> 10352
A54: 50901 | B54: 社会福利和救助 | C54: =SUM(E54:H54) -> 21560 | D54: =SUM(E54:F54) -> 7698 | E54: 2162 | F54: 5536 | G54: 13232 | H54: 630
A55: 50902 | B55: 助学金 | C55: =SUM(E55:H55) -> 2312 | D55: =SUM(E55:F55) -> 185 | F55: 185 | G55: 1643 | H55: 484
A56: 50903 | B56: 个人农业生产补贴 | C56: =SUM(E56:H56) -> 38846 | D56: =SUM(E56:F56) -> 0 | G56: 29928 | H56: 8918
A57: 50905 | B57: 离退休费 | C57: =SUM(E57:H57) -> 4520 | D57: =SUM(E57:F57) -> 4339 | E57: 4227 | F57: 112 | G57: 180 | H57: 1
A58: 50999 | B58: 其他对个人和家庭的补助 | C58: =SUM(E58:H58) -> 4591 | D58: =SUM(E58:F58) -> 3203 | E58: 3203 | G58: 1069 | H58: 319
A59: 510 | B59: 十、对社会保障基金补助 | C59: =SUM(E59:H59) -> 33945 | D59: =SUM(E59:F59) -> 14407 | E59: =SUM(E60) -> 0 | F59: =SUM(F60) -> 14407 | G59: =SUM(G60) -> 13554 | H59: =SUM(H60) -> 5984
A60: 51002 | B60: 对社会保险基金补助 | C60: =SUM(E60:H60) -> 33945 | D60: =SUM(E60:F60) -> 14407 | F60: 14407 | G60: 13554 | H60: =5117+867 -> 5984
A61: 511 | B61: 十一、债务利息及费用支出 | C61: =SUM(E61:H61) -> 3534 | D61: =SUM(E61:F61) -> 3534 | E61: =SUM(E62:E65) -> 0 | F61: =SUM(F62:F65) -> 3534 | G61: =SUM(G62:G65) -> 0 | H61: =SUM(H62:H65) -> 0
A62: 51101 | B62: 国内债务付息 | C62: =SUM(E62:H62) -> 3533 | D62: =SUM(E62:F62) -> 3533 | F62: 3533
A63: 51102 | B63: 国外债务付息 | C63: =SUM(E63:H63) -> 0 | D63: =SUM(E63:F63) -> 0
A64: 51103 | B64: 国内债务发行费用 | C64: =SUM(E64:H64) -> 1 | D64: =SUM(E64:F64) -> 1 | F64: 1
A65: 51104 | B65: 国外债务发行费用 | C65: =SUM(E65:H65) -> 0 | D65: =SUM(E65:F65) -> 0
A66: 512 | B66: 十二、债务还本支出 | C66: =SUM(E66:H66) -> 0 | D66: =SUM(E66:F66) -> 0 | E66: =SUM(E67:E68) -> 0 | F66: =SUM(F67:F68) -> 0 | G66: =SUM(G67:G68) -> 0 | H66: =SUM(H67:H68) -> 0
A67: 51201 | B67: 国内债务还本 | C67: =SUM(E67:H67) -> 0 | D67: =SUM(E67:F67) -> 0
A68: 51202 | B68: 国外债务还本 | C68: =SUM(E68:H68) -> 0 | D68: =SUM(E68:F68) -> 0
A69: 513 | B69: 十三、转移性支出 | C69: =SUM(E69:H69) -> 0 | D69: =SUM(E69:F69) -> 0 | E69: =SUM(E70:E72) -> 0
A70: 51301 | B70: 上下级政府间转移性支出 | C70: =SUM(E70:H70) -> 0 | D70: =SUM(E70:F70) -> 0
A71: 51303 | B71: 债务转贷 | C71: =SUM(E71:H71) -> 0 | D71: =SUM(E71:F71) -> 0
A72: 51304 | B72: 调出资金 | C72: =SUM(E72:H72) -> 0 | D72: =SUM(E72:F72) -> 0
A73: 51305 | B73: 安排预算稳定调节基金 | C73: =SUM(E73:H73) -> 0 | D73: =SUM(E73:F73) -> 0
A74: 514 | B74: 十四、预备费及预留 | C74: =SUM(E74:H74) -> 1000 | D74: =SUM(E74:F74) -> 1000 | E74: =SUM(E75:E76) -> 1000 | F74: =SUM(F75:F76) -> 0 | G74: =SUM(G75:G76) -> 0 | H74: =SUM(H75:H76) -> 0
A75: 51401 | B75: 预备费 | C75: =SUM(E75:H75) -> 1000 | D75: =SUM(E75:F75) -> 1000 | E75: 1000
A76: 51402 | B76: 预留 | C76: =SUM(E76:H76) -> 0 | D76: =SUM(E76:F76) -> 0
A77: 599 | B77: 十五、其他支出 | C77: =SUM(E77:H77) -> 508 | D77: =SUM(E77:F77) -> 74 | E77: =SUM(E78:E82) -> 0 | F77: =SUM(F78:F82) -> 74 | G77: =SUM(G78:G82) -> 1 | H77: =SUM(H78:H82) -> 433
A78: 59907 | B78: 国家赔偿费用支出 | C78: =SUM(E78:H78) -> 0 | D78: =SUM(E78:F78) -> 0
A79: 59908 | B79: 对民间非盈利组织和群众性自治组织补贴 | C79: =SUM(E79:H79) -> 0 | D79: =SUM(E79:F79) -> 0
A80: 59909 | B80: 经常性赠与 | C80: =SUM(E80:H80) -> 0 | D80: =SUM(E80:F80) -> 0
A81: 59910 | B81: 资本性赠与 | C81: =SUM(E81:H81) -> 0 | D81: =SUM(E81:F81) -> 0
A82: 59999 | B82: 其他支出 | C82: =SUM(E82:H82) -> 508 | D82: =SUM(E82:F82) -> 74 | F82: 74 | G82: 1 | H82: 433
B83: 一般公共预算支出合计 | C83: =SUM(E83:H83) -> 291534 | D83: =SUM(E83:F83) -> 154005 | E83: =SUM(E6,E11,E22,E30,E37,E41,E44,E48,E53,E59,E61,E66,E69,E74,E77) -> 118703 | F83: =SUM(F6,F11,F22,F30,F37,F41,F44,F48,F53,F59,F61,F66,F69,F74,F77) -> 35302 | G83: =SUM(G6,G11,G22,G30,G37,G41,G44,G48,G53,G59,G61,G66,G69,G74,G77) -> 86803 | H83: =SUM(H6,H11,H22,H30,H37,H41,H44,H48,H53,H59,H61,H66,H69,H74,H77) -> 50726
B84: 转移性支出 | C84: =SUM(E84:H84) -> 17780 | D84: =SUM(E84:F84) -> 7080 | E84: =E85+E86 -> 0 | F84: =F85+F86 -> 7080 | G84: =G85+G86 -> 10700 | H84: =H85+H86 -> 0
B85: 上解上级支出 | C85: =SUM(E85:H85) -> 5800 | D85: =SUM(E85:F85) -> 5800 | F85: 5800
B86: 地方政府一般债务还本支出 | C86: =SUM(E86:H86) -> 11980 | D86: =SUM(E86:F86) -> 1280 | F86: 1280 | G86: 10700
B87: 支出总计 | C87: =SUM(E87:H87) -> 309314 | D87: =SUM(E87:F87) -> 161085 | E87: =SUM(E83:E84) -> 118703 | F87: =SUM(F83:F84) -> 42382 | G87: =SUM(G83:G84) -> 97503 | H87: =SUM(H83:H84) -> 50726

Sheet 税收转移
A1: 附表6
A2: 柳城县一般公共预算2025年税收返还和转移支付预算
G3: 单位：万元
A4: 项目 | B4: 2024年 | E4: 2025年预算
B5: 年初预算数 | C5: 执行数 | D5: 完成年初预算% | E5: 建议数 | F5: 比上年预算增减额 | G5: 比上年预算增减%
A6: 一、转移性收入 | B6: 231685 | C6: 300548 | D6: =IF(B6=0,0,C6/B6)*100 -> 129.72268 | E6: 254314 | F6: -46234 | G6: -15.383233
A7: （一）上级补助收入 | B7: 148979 | C7: 213219 | D7: =IF(B7=0,0,C7/B7)*100 -> 143.12017 | E7: 172968 | F7: -40251 | G7: -18.877774
A8: 1.返还性收入 | B8: 9510 | C8: 9510 | D8: =IF(B8=0,0,C8/B8)*100 -> 100 | E8: 9510 | F8: 0 | G8: 0
A9: （1）增值税税收返还收入 | B9: 5742 | C9: 1432 | D9: =IF(B9=0,0,C9/B9)*100 -> 24.939046 | E9: 1432 | F9: 0 | G9: 0
A10: （2）消费税基数返还收入 | B10: 36 | C10: 586 | D10: =IF(B10=0,0,C10/B10)*100 -> 1627.7778 | E10: 586 | F10: 0 | G10: 0
A11: （3）所得税基数返还收入 | B11: 1432 | C11: 5742 | D11: =IF(B11=0,0,C11/B11)*100 -> 400.97765 | E11: 5742 | F11: 0 | G11: 0
A12: （4）成品油价格和税费改革税收返还收入 | B12: 586 | C12: 36 | D12: =IF(B12=0,0,C12/B12)*100 -> 6.1433447 | E12: 36 | F12: 0 | G12: 0
A13: （5）增值税“五五分享”税收返还收入 | B13: 180 | C13: 180 | D13: =IF(B13=0,0,C13/B13)*100 -> 100 | E13: 180 | F13: 0 | G13: 0
A14: （6）其他返还性收入 | B14: 1534 | C14: 1534 | D14: =IF(B14=0,0,C14/B14)*100 -> 100 | E14: 1534 | F14: 0 | G14: 0
A15: 2.一般性转移支付收入 | B15: 135543 | C15: 192871 | D15: =IF(B15=0,0,C15/B15)*100 -> 142.29507 | E15: 156832 | F15: -36039 | G15: -18.685546
A16: （1）体制补助收入 | B16: 980 | C16: 980 | D16: =IF(B16=0,0,C16/B16)*100 -> 100 | E16: 980 | F16: 0 | G16: 0
A17: （2）均衡性转移支付补助收入 | B17: 35759 | C17: 46586 | D17: =IF(B17=0,0,C17/B17)*100 -> 130.27769 | E17: 37088 | F17: -9498 | G17: -20.388099
... A19: （4）结算补助收入 | B19: 394 | C19: 1896 | D19: =IF(B19=0,0,C19/B19)*100 -> 481.21827 | E19: 395 | F19: -1501 | G19: -79.166667
A20: （5）资源枯竭型城市转移支付补助收入 | B20: 0 | C20: 0 | D20: 0 | E20: 0 | F20: 0 | G20: 0
A21: （6）产粮（油）大县奖励资金收入 | B21: 0 | C21: 428 | D21: 0 | E21: 0 | F21: -428 | G21: -100
A22: （7）重点生态功能区转移支付收入 | B22: 0 | C22: 0 | D22: 0 | E22: 0 | F22: 0 | G22: 0
A23: （8）固定数额补助收入 | B23: 17159 | C23: 17421 | D23: =IF(B23=0,0,C23/B23)*100 -> 101.5269 | E23: 17159 | F23: -262 | G23: -1.503932
A24: （9）革命老区转移支付收入 | B24: 1036 | C24: 1151 | D24: =IF(B24=0,0,C24/B24)*100 -> 111.10039 | E24: 1036 | F24: -115 | G24: -9.9913119
A25: （10）民族地区转移支付收入 | B25: 3475 | C25: 9238 | D25: =IF(B25=0,0,C25/B25)*100 -> 265.84173 | E25: 3475 | F25: -5763 | G25: -62.383633
A26: （11）边境地区转移支付收入 | B26: 0 | C26: 0 | D26: =IF(B26=0,0,C26/B26)*100 -> 0 | E26: 0 | F26: 0 | G26: 0
A27: （12）巩固脱贫攻坚成果衔接乡村振兴转移支付收入 | B27: 6625 | C27: 13141 | D27: =IF(B27=0,0,C27/B27)*100 -> 198.35472 | E27: 8541 | F27: -4600 | G27: -35.004946
A28: （13）公共安全共同财政事权转移支付收入 | B28: 7 | C28: 971 | D28: =IF(B28=0,0,C28/B28)*100 -> 13871.429 | E28: 829 | F28: -142 | G28: -14.624099
A29: （14）教育共同财政事权转移支付收入 | B29: 9503 | C29: 11382 | D29: =IF(B29=0,0,C29/B29)*100 -> 119.7727 | E29: 9554 | F29: -1828 | G29: -16.060446
A30: （15）科学技术共同财政事权转移支付收入 | B30: 0 | C30: 10 | E30: 0 | F30: -10 | G30: -100
A31: （16）文化旅游体育与传媒共同财政事权转移支付收入 | B31: 300 | C31: 334 | D31: =IF(B31=0,0,C31/B31)*100 -> 111.33333 | E31: 81 | F31: -253 | G31: -75.748503
A32: （17）社会保障和就业共同财政事权转移支付收入 | B32: 19927 | C32: 27995 | D32: =IF(B32=0,0,C32/B32)*100 -> 140.48778 | E32: 22070 | F32: -5925 | G32: -21.164494
A33: （18）医疗卫生共同财政事权转移支付收入 | B33: 5272 | C33: 7639 | D33: =IF(B33=0,0,C33/B33)*100 -> 144.89757 | E33: 6747 | F33: -892 | G33: -11.676921
A34: （19）节能环保共同财政事权转移支付收入 | B34: 13 | C34: 13 | D34: =IF(B34=0,0,C34/B34)*100 -> 100 | E34: 384 | F34: 371 | G34: 2853.8462
A35: （20）农林水共同财政事权转移支付收入 | B35: 22217 | C35: 28856 | D35: =IF(B35=0,0,C35/B35)*100 -> 129.88252 | E35: 28920 | F35: 64 | G35: 0.22179096
A36: （21）交通运输共同财政事权转移支付收入 | B36: 272 | C36: 3113 | D36: =IF(B36=0,0,C36/B36)*100 -> 1144.4853 | E36: 718 | F36: -2395 | G36: -76.935432
A37: （22）住房保障共同财政事权转移支付收入 | B37: 450 | C37: 917 | D37: =IF(B37=0,0,C37/B37)*100 -> 203.77778 | E37: 330 | F37: -587 | G37: -64.013086
A38: （23）粮油物资储备共同财政事权转移支付收入 | B38: 130 | C38: 130 | D38: =IF(B38=0,0,C38/B38)*100 -> 100 | E38: 107 | F38: -23 | G38: -17.692308
A39: （24）灾害防治及应急管理共同财政事权转移支付收入 | B39: 200 | C39: 269 | D39: =IF(B39=0,0,C39/B39)*100 -> 134.5 | E39: 4 | F39: -265 | G39: -98.513011
A40: （25） 增值税留抵退税转移支付收入 | C40: 0 | D40: =IF(B40=0,0,C40/B40)*100 -> 0
A41: （26）其他退税减税降费转移支付收入 | C41: 0 | D41: =IF(B41=0,0,C41/B41)*100 -> 0
A42: （27）补充县区财力转移支付收入 | C42: 0 | D42: =IF(B42=0,0,C42/B42)*100 -> 0
A43: （28）其他一般性转移支付收入 | B43: 742 | C43: 1902 | D43: =IF(B43=0,0,C43/B43)*100 -> 256.33423 | E43: 782 | F43: -1120 | G43: -58.885384
A44: 3.专项转移支付收入 | B44: 3926 | C44: 10838 | D44: =IF(B44=0,0,C44/B44)*100 -> 276.05706 | E44: 6626 | F44: -4212 | G44: -38.863259
A45: （1）一般公共服务 | B45: 52 | C45: 371 | D45: =IF(B45=0,0,C45/B45)*100 -> 713.46154 | E45: 45 | F45: -326 | G45: -87.87062
A46: （2）外交 | B46: 0 | D46: =IF(B46=0,0,C46/B46)*100 -> 0 | E46: 0 | F46: 0 | G46: 0
A47: （3）国防 | B47: 0 | D47: =IF(B47=0,0,C47/B47)*100 -> 0 | E47: 0 | F47: 0 | G47: 0
A48: （4）公共安全 | B48: 0 | C48: 0 | D48: =IF(B48=0,0,C48/B48)*100 -> 0 | E48: 0 | F48: 0 | G48: 0
A49: （5）教育 | B49: 0 | C49: 0 | D49: =IF(B49=0,0,C49/B49)*100 -> 0 | E49: 0 | F49: 0 | G49: 0
A50: （6）科学技术 | B50: 0 | C50: 0 | D50: =IF(B50=0,0,C50/B50)*100 -> 0 | E50: 0 | F50: 0 | G50: 0
A51: （7）文化旅游体育与传媒 | B51: 0 | C51: 25 | D51: =IF(B51=0,0,C51/B51)*100 -> 0 | E51: 0 | F51: -25 | G51: -100
A52: （8）社会保障和就业 | B52: 172 | C52: 192 | D52: =IF(B52=0,0,C52/B52)*100 -> 111.62791 | E52: 41 | F52: -151 | G52: -78.645833
A53: （9）卫生健康 | B53: 388 | C53: 501 | D53: =IF(B53=0,0,C53/B53)*100 -> 129.12371 | E53: 353 | F53: -148 | G53: -29.540918
A54: （10）节能环保 | B54: -398 | C54: 3318 | D54: =IF(B54=0,0,C54/B54)*100 -> -833.66834 | E54: 0 | F54: -3318 | G54: -100
A55: （11）城乡社区 | B55: 0 | C55: 115 | D55: =IF(B55=0,0,C55/B55)*100 -> 0 | E55: 0 | F55: -115 | G55: -100
A56: （12）农林水 | B56: 2699 | C56: 2959 | D56: =IF(B56=0,0,C56/B56)*100 -> 109.6332 | E56: 6180 | F56: 3221 | G56: 108.85434
A57: （13）交通运输 | B57: 100 | C57: 239 | D57: =IF(B57=0,0,C57/B57)*100 -> 239 | E57: 0 | F57: -239 | G57: -100
A58: （14）资源勘探工业信息等 | B58: 0 | C58: 1740 | D58: =IF(B58=0,0,C58/B58)*100 -> 0 | E58: 0 | F58: -1740 | G58: -100
A59: （15）商业服务业等 | B59: 750 | C59: 510 | D59: =IF(B59=0,0,C59/B59)*100 -> 68 | E59: 0 | F59: -510 | G59: -100
... A64: （20）灾害防治及应急管理 | B64: 161 | C64: 161 | D64: =IF(B64=0,0,C64/B64)*100 -> 100 | E64: 5 | F64: -156 | G64: -96.89441
A65: （21）其他收入 | B65: 0 | D65: =IF(B65=0,0,C65/B65)*100 -> 0 | E65: 0 | F65: 0 | G65: 0
A66: （二）上年结余收入 | B66: 61706 | C66: 62019 | D66: =IF(B66=0,0,C66/B66)*100 -> 100.50724 | E66: 50726 | F66: -11293 | G66: -18.208936
A67: （三）调入资金 | B67: =SUM(B68:B70) -> 21000 | C67: 537 | D67: =IF(B67=0,0,C67/B67)*100 -> 2.5571429 | E67: 120 | F67: -417 | G67: -77.653631
A68: 1.从政府性基金预算调入一般公共预算 | B68: 21000 | C68: 466 | D68: =IF(B68=0,0,C68/B68)*100 -> 2.2190476 | E68: 0 | F68: -466 | G68: -100
A69: 2.从国有资本经营预算调入一般公共预算 | B69: 0 | C69: 71 | D69: =IF(B69=0,0,C69/B69)*100 -> 0 | E69: 120 | F69: 49 | G69: 69.014085
A70: 3.从其他资金调入一般公共预算 | B70: 0 | D70: =IF(B70=0,0,C70/B70)*100 -> 0 | E70: 0 | F70: 0 | G70: 0
A71: （四）地方政府一般债券转贷收入 | B71: 0 | C71: 24773 | D71: =IF(B71=0,0,C71/B71)*100 -> 0 | E71: 10700 | F71: -14073 | G71: -56.807815
A72: （五）接受其他地区援助收入 | B72: 0 | D72: =IF(B72=0,0,C72/B72)*100 -> 0 | E72: 0 | F72: 0 | G72: 0
A73: （六）动用预算稳定调节基金 | B73: 0 | D73: =IF(B73=0,0,C73/B73)*100 -> 0 | E73: 19800 | F73: 19800 | G73: 0
A74: 二、转移性支出 | B74: 11552 | C74: 95861 | D74: =IF(B74=0,0,C74/B74)*100 -> 829.82168 | E74: 17780 | F74: 6228 | G74: 53.912742
A75: （一）上解支出 | B75: 10052 | C75: 5528 | D75: =IF(B75=0,0,C75/B75)*100 -> 54.994031 | E75: 5800 | F75: -4252 | G75: -42.30004
A76: 1.体制上解支出 | C76: 169 | D76: =IF(B76=0,0,C76/B76)*100 -> 0 | E76: 169 | F76: 169 | G76: 0
A77: 2.专项上解支出 | B77: 10052 | C77: 5359 | D77: =IF(B77=0,0,C77/B77)*100 -> 53.312774 | E77: 5631 | F77: -4421 | G77: -43.981297
A78: （二）调出资金 | D78: =IF(B78=0,0,C78/B78)*100 -> 0
A79: （三）年终结余 | C79: 50726 | D79: =IF(B79=0,0,C79/B79)*100 -> 0
A80: （四）地方政府一般债券转贷支出 | D80: =IF(B80=0,0,C80/B80)*100 -> 0
A81: （五）安排预算稳定调节基金 | C81: 19813 | D81: =IF(B81=0,0,C81/B81)*100 -> 0
A82: （六）地方政府一般债务还本支出 | B82: 1500 | C82: 19794 | D82: =IF(B82=0,0,C82/B82)*100 -> 1319.6 | E82: 11980 | F82: 10480 | G82: 698.66667

Sheet 转移支付分项目
A1: 附表7
A2: 柳城县一般公共预算2025年对下级财政转移支付支出分项目预算
B3: 单位：万元
A4: 项目 | B4: 2025年预算建议数
A6: 一、一般性转移支付
A7: 体制补助支出
A8: 均衡性转移支付支出
A9: 县级基本财力保障机制奖补资金支出
A10: 结算补助支出
A11: 资源枯竭型城市转移支付补助支出
A12: 产粮(油)大县转移支付支出
A13: 重点生态功能区转移支付支出
A14: 固定数额补助支出
A15: 革命老区转移支付支出
A16: 民族地区转移支付支出
A17: 欠发达地区转移支付支出
... A51: 说明：基于财政管理模式，县级财政已是财政体系最末级，不存在补助下级财政的一般公共预算转移支付支出。因此，本表无数据。

Sheet 转移支付分地区
A1: 附表8
A2: 柳城县一般公共预算2025年对下级财政转移支付支出分地区预算
C3: 单位：万元
A4: 项目 | B4: 合计 | C4: 分地区安排预算建议数
C5: xx区 | D5: xx地（市、州） | E5: xx县
A6: 总计
A7: 一、已分配转移支付
A8: (一)一般性转移支付
A9: 体制补助支出
A10: 均衡性转移支付支出
A11: 县级基本财力保障机制奖补资金支出
A12: 结算补助支出
A13: 资源枯竭型城市转移支付补助支出
A14: 产粮(油)大县转移支付支出
A15: 重点生态功能区转移支付支出
A16: 固定数额补助支出
A17: 革命老区转移支付支出
... A55: 说明：基于财政管理模式，县级财政已是财政体系最末级，不存在补助下级财政的一般公共预算转移支付支出。因此，本表无数据。

Sheet 一般债务
A1: 附表9
A2: 柳城县2024年一般债务余额及年度限额统计表
C3: 单位：万元
A4: 地区 | B4: 一般债务
B5: 期末余额 | C5: 年度限额
A6: 柳州市 | B6: =SUM(B7,B16) -> 120461 | C6: =SUM(C7,C16) -> 118091
A7: 市区 | B7: =SUM(B8:B15) -> 0 | C7: =SUM(C8:C15) -> 0
A8: 市本级
A9: 柳北区
A10: 柳南区
A11: 城中区
A12: 鱼峰区
A13: 柳江区
A14: 柳东新区
A15: 北部生态新区
A16: 县级 | B16: =SUM(B17:B21) -> 120461 | C16: =SUM(C17:C21) -> 118091
A17: 柳城县 | B17: 120461 | C17: 118091
A18: 鹿寨县
A19: 融安县
A20: 融水县
A21: 三江县

Sheet 全基收
A1: 附表10
A2: 柳城县政府性基金预算2025年收入预算
G3: 单位：万元
A4: 项目 | B4: 2024年 | E4: 2025年预算
B5: 年初预算数 | C5: 执行数 | D5: 完成年初预算% | E5: 建议数 | F5: 比2024年执行数增减
F6: 金额 | G6: %
A7: 一、农网还贷资金收入 | D7: =IF(B7=0,0,C7/B7)*100 -> 0 | F7: =E7-C7 -> 0 | G7: =IF(C7=0,0,F7/C7*100) -> 0
A8: 二、旅游发展基金收入 | D8: =IF(B8=0,0,C8/B8)*100 -> 0 | F8: =E8-C8 -> 0 | G8: =IF(C8=0,0,F8/C8*100) -> 0
A9: 三、国家电影事业发展专项资金收入 | D9: =IF(B9=0,0,C9/B9)*100 -> 0 | F9: =E9-C9 -> 0 | G9: =IF(C9=0,0,F9/C9*100) -> 0
A10: 四、国有土地收益基金收入 | D10: =IF(B10=0,0,C10/B10)*100 -> 0 | F10: =E10-C10 -> 0 | G10: =IF(C10=0,0,F10/C10*100) -> 0
A11: 五、农业土地开发资金收入 | D11: =IF(B11=0,0,C11/B11)*100 -> 0 | F11: =E11-C11 -> 0 | G11: =IF(C11=0,0,F11/C11*100) -> 0
A12: 六、国有土地使用权出让收入 | B12: =SUM(B13:B17) -> 40000 | C12: =SUM(C13:C17) -> 10236 | D12: =IF(B12=0,0,C12/B12)*100 -> 25.59 | E12: =SUM(E13:E17) -> 10350 | F12: =E12-C12 -> 114 | G12: =IF(C12=0,0,F12/C12*100) -> 1.1137163
A13: 土地出让价款收入 | B13: 40000 | C13: 9920 | D13: =IF(B13=0,0,C13/B13)*100 -> 24.8 | E13: 10000 | F13: =E13-C13 -> 80 | G13: =IF(C13=0,0,F13/C13*100) -> 0.80645161
A14: 补缴的土地价款 | C14: 342 | D14: =IF(B14=0,0,C14/B14)*100 -> 0 | E14: 350 | F14: =E14-C14 -> 8 | G14: =IF(C14=0,0,F14/C14*100) -> 2.3391813
A15: 划拨土地收入 | D15: =IF(B15=0,0,C15/B15)*100 -> 0 | F15: =E15-C15 -> 0 | G15: =IF(C15=0,0,F15/C15*100) -> 0
A16: 缴纳新增建设用地土地有偿使用费 | C16: -72 | D16: =IF(B16=0,0,C16/B16)*100 -> 0 | F16: =E16-C16 -> 72 | G16: =IF(C16=0,0,F16/C16*100) -> -100
A17: 其他土地出让收入 | C17: 46 | D17: =IF(B17=0,0,C17/B17)*100 -> 0 | F17: =E17-C17 -> -46 | G17: =IF(C17=0,0,F17/C17*100) -> -100
A18: 七、大中型水库库区基金收入 | D18: =IF(B18=0,0,C18/B18)*100 -> 0 | F18: =E18-C18 -> 0 | G18: =IF(C18=0,0,F18/C18*100) -> 0
A19: 八、彩票公益金收入 | B19: =SUM(B20:B21) -> 0 | C19: =SUM(C20:C21) -> 0 | D19: =IF(B19=0,0,C19/B19)*100 -> 0 | E19: =SUM(E20:E21) -> 0 | F19: =E19-C19 -> 0 | G19: =IF(C19=0,0,F19/C19*100) -> 0
A20: 福利彩票公益金收入 | D20: =IF(B20=0,0,C20/B20)*100 -> 0 | F20: =E20-C20 -> 0 | G20: =IF(C20=0,0,F20/C20*100) -> 0
A21: 体育彩票公益金收入 | D21: =IF(B21=0,0,C21/B21)*100 -> 0 | F21: =E21-C21 -> 0 | G21: =IF(C21=0,0,F21/C21*100) -> 0
A22: 九、城市基础设施配套费收入 | B22: 250 | C22: 427 | D22: =IF(B22=0,0,C22/B22)*100 -> 170.8 | E22: 201 | F22: =E22-C22 -> -226 | G22: =IF(C22=0,0,F22/C22*100) -> -52.9274
A23: 十、小型水库移民扶助基金收入 | D23: =IF(B23=0,0,C23/B23)*100 -> 0 | F23: =E23-C23 -> 0 | G23: =IF(C23=0,0,F23/C23*100) -> 0
A24: 十一、国家重大水利工程建设基金收入 | D24: =IF(B24=0,0,C24/B24)*100 -> 0 | F24: =E24-C24 -> 0 | G24: =IF(C24=0,0,F24/C24*100) -> 0
A25: 十二、车辆通行费 | D25: =IF(B25=0,0,C25/B25)*100 -> 0 | F25: =E25-C25 -> 0 | G25: =IF(C25=0,0,F25/C25*100) -> 0
A26: 十三、污水处理费收入 | B26: 1099 | C26: 1204 | D26: =IF(B26=0,0,C26/B26)*100 -> 109.55414 | E26: 1100 | F26: =E26-C26 -> -104 | G26: =IF(C26=0,0,F26/C26*100) -> -8.6378738
A27: 十四、彩票发行机构和彩票销售机构的业务费用 | B27: =SUM(B28:B30) -> 0 | C27: =SUM(C28:C30) -> 0 | D27: =IF(B27=0,0,C27/B27)*100 -> 0 | E27: =SUM(E28:E30) -> 0 | F27: =E27-C27 -> 0 | G27: =IF(C27=0,0,F27/C27*100) -> 0
A28: 福利彩票销售机构的业务费用 | D28: =IF(B28=0,0,C28/B28)*100 -> 0 | F28: =E28-C28 -> 0 | G28: =IF(C28=0,0,F28/C28*100) -> 0
A29: 体育彩票销售机构的业务费用 | D29: =IF(B29=0,0,C29/B29)*100 -> 0 | F29: =E29-C29 -> 0 | G29: =IF(C29=0,0,F29/C29*100) -> 0
A30: 彩票发行销售风险基金 | D30: =IF(B30=0,0,C30/B30)*100 -> 0 | F30: =E30-C30 -> 0 | G30: =IF(C30=0,0,F30/C30*100) -> 0
A31: 十五、其他政府性基金收入 | C31: 1 | D31: =IF(B31=0,0,C31/B31)*100 -> 0 | F31: =E31-C31 -> -1 | G31: =IF(C31=0,0,F31/C31*100) -> -100
A32: 十六、专项债务对应项目专项收入 | C32: =SUM(C33,C35) -> 3206 | D32: =IF(B32=0,0,C32/B32)*100 -> 0 | E32: =SUM(E33,E35) -> 4729 | F32: =E32-C32 -> 1523 | G32: =IF(C32=0,0,F32/C32*100) -> 47.504679
A33: 国有土地使用权出让金专项债务对应项目专项收入 | C33: =SUM(C34) -> 679 | E33: =SUM(E34) -> 679
A34: 棚户区改造专项债券对应项目专项收入 | C34: 679 | E34: 679
A35: 其他政府性基金专项债务对应项目专项收入 | C35: =SUM(C36) -> 2527 | E35: =SUM(E36) -> 4050
A36: 其他地方自行试点项目收益专项债券对应项目专项收入 | C36: 2527 | E36: 4050
A37: 政府性基金预算收入合计 | B37: =SUM(B7:B12,B18:B19,B22:B27,B31:B32) -> 41349 | C37: =SUM(C7:C12,C18,C19,C22:C27,C31:C32) -> 15074 | D37: =IF(B37=0,0,C37/B37)*100 -> 36.455537 | E37: =SUM(E7:E12,E18:E19,E22:E27,E31:E32) -> 16380 | F37: =E37-C37 -> 1306 | G37: =IF(C37=0,0,F37/C37*100) -> 8.6639246
A38: 转移性收入 | B38: =SUM(B39:B41) -> 34198 | C38: =SUM(C39:C41) -> 212773 | D38: =IF(B38=0,0,C38/B38)*100 -> 622.17966 | E38: =SUM(E39:E41) -> 60614 | F38: =E38-C38 -> -152159 | G38: =IF(C38=0,0,F38/C38*100) -> -71.512363
A39: 上级补助收入 | B39: 2576 | C39: 4783 | D39: =IF(B39=0,0,C39/B39)*100 -> 185.67547 | E39: 1213 | F39: =E39-C39 -> -3570 | G39: =IF(C39=0,0,F39/C39*100) -> -74.639348
A40: 上年结余收入 | B40: 31622 | C40: 24529 | D40: =IF(B40=0,0,C40/B40)*100 -> 77.569414 | E40: =[2]附件五本基支!C98 -> 59401 | F40: =E40-C40 -> 34872 | G40: =IF(C40=0,0,F40/C40*100) -> 142.16642
A41: 地方政府专项债务转贷收入 | C41: 183461 | D41: =IF(B41=0,0,C41/B41)*100 -> 0 | F41: =E41-C41 -> -183461 | G41: =IF(C41=0,0,F41/C41*100) -> -100
A42: 收入总计 | B42: =B37+B38 -> 75547 | C42: =C37+C38 -> 227847 | D42: =IF(B42=0,0,C42/B42)*100 -> 301.59636 | E42: =E37+E38 -> 76994 | F42: =E42-C42 -> -150853 | G42: =IF(C42=0,0,F42/C42*100) -> -66.208026

Sheet 全基支
A1: 附表11
A2: 柳城县政府性基金预算2025年支出预算
F3: 单位：万元
A4: 项 目 | B4: 2024年 | E4: 2025年预算
B5: 年初预算数 | C5: 执行数 | D5: 完成年初预算% | E5: 建议数 | F5: 比2024年年初预算增减
F6: 金额 | G6: %
A7: 一、文化旅游体育与传媒支出 | B7: =SUM(B8,B11,B13) -> 0 | C7: =SUM(C8,C11,C13) -> 7 | D7: =IF(B7=0,0,C7/B7)*100 -> 0 | E7: =SUM(E8,E11,E13) -> 0 | F7: =E7-B7 -> 0 | G7: =IF(B7=0,0,F7/B7*100) -> 0
A8: 国家电影事业发展专项资金安排的支出 | B8: =SUM(B10) -> 0 | C8: =SUM(C9:C10) -> 7 | D8: =IF(B8=0,0,C8/B8)*100 -> 0 | E8: =SUM(E10) -> 0 | F8: =E8-B8 -> 0 | G8: =IF(B8=0,0,F8/B8*100) -> 0
A9: 资助国产影片放映
A10: 其他国家电影事业发展专项资金支出 | C10: 7 | D10: =IF(B10=0,0,C10/B10)*100 -> 0 | F10: =E10-B10 -> 0 | G10: =IF(B10=0,0,F10/B10*100) -> 0
A11: 旅游发展基金支出 | B11: =SUM(B12) -> 0 | C11: =SUM(C12) -> 0 | D11: =IF(B11=0,0,C11/B11)*100 -> 0 | F11: =E11-B11 -> 0 | G11: =IF(B11=0,0,F11/B11*100) -> 0
A12: 地方旅游开发项目补助 | D12: =IF(B12=0,0,C12/B12)*100 -> 0 | F12: =E12-B12 -> 0 | G12: =IF(B12=0,0,F12/B12*100) -> 0
A13: 国家电影事业发展专项资金对应专项债务收入安排的支出 | D13: =IF(B13=0,0,C13/B13)*100 -> 0 | F13: =E13-B13 -> 0 | G13: =IF(B13=0,0,F13/B13*100) -> 0
A14: 二、城乡社区支出 | B14: =SUM(B15,B27,B29,B30,B34,B36:B40) -> 16877 | C14: =SUM(C15,C27,C29,C30,C34,C36:C40) -> 21528 | D14: =IF(B14=0,0,C14/B14)*100 -> 127.55822 | E14: =SUM(E15,E27,E29,E30,E34,E36:E40) -> 8551 | F14: =E14-B14 -> -8326 | G14: =IF(B14=0,0,F14/B14*100) -> -49.333412
A15: 国有土地使用权出让收入安排的支出 | B15: =SUM(B16:B26) -> 15528 | C15: =SUM(C16:C26) -> 9423 | D15: =IF(B15=0,0,C15/B15)*100 -> 60.683926 | E15: =SUM(E16:E26) -> 7250 | F15: =E15-B15 -> -8278 | G15: =IF(B15=0,0,F15/B15*100) -> -53.310149
A16: 征地和拆迁补偿支出 | B16: 9065 | C16: 1710 | D16: =IF(B16=0,0,C16/B16)*100 -> 18.863762 | E16: 2030 | F16: =E16-B16 -> -7035 | G16: =IF(B16=0,0,F16/B16*100) -> -77.606178
A17: 土地开发支出 | B17: 70 | D17: =IF(B17=0,0,C17/B17)*100 -> 0 | F17: =E17-B17 -> -70 | G17: =IF(B17=0,0,F17/B17*100) -> -100
A18: 城市建设支出 | C18: 117
A19: 农村基础设施建设支出 | B19: 1115 | C19: 127 | D19: =IF(B19=0,0,C19/B19)*100 -> 11.390135 | E19: 720 | F19: =E19-B19 -> -395 | G19: =IF(B19=0,0,F19/B19*100) -> -35.426009
A20: 补助被征地农民支出 | B20: 4500 | C20: 2131 | D20: =IF(B20=0,0,C20/B20)*100 -> 47.355556 | E20: 4500
A21: 土地出让业务支出 | C21: 25 | D21: =IF(B21=0,0,C21/B21)*100 -> 0 | F21: =E21-B21 -> 0 | G21: =IF(B21=0,0,F21/B21*100) -> 0
A22: 支付破产或改制企业职工安置费 | C22: 1165
A23: 农业生产发展支出 | C23: 396
A24: 农村社会事业支出 | C24: 50
A25: 农业农村生态环境支出 | B25: 778 | C25: 474
A26: 其他国有土地使用权出让收入安排的支出 | C26: 3228 | D26: =IF(B26=0,0,C26/B26)*100 -> 0 | F26: =E26-B26 -> 0 | G26: =IF(B26=0,0,F26/B26*100) -> 0
A27: 国有土地收益基金安排的支出 | C27: =SUM(C28) -> 76 | D27: =IF(B27=0,0,C27/B27)*100 -> 0 | F27: =E27-B27 -> 0 | G27: =IF(B27=0,0,F27/B27*100) -> 0
A28: 其他国有土地收益基金支出 | C28: 76 | D28: =IF(B28=0,0,C28/B28)*100 -> 0 | F28: =E28-B28 -> 0 | G28: =IF(B28=0,0,F28/B28*100) -> 0
A29: 农业土地开发资金安排的支出 | D29: =IF(B29=0,0,C29/B29)*100 -> 0 | F29: =E29-B29 -> 0 | G29: =IF(B29=0,0,F29/B29*100) -> 0
A30: 城市基础设施配套费安排的支出 | B30: 250 | C30: =SUM(C31:C33) -> 160 | D30: =IF(B30=0,0,C30/B30)*100 -> 64 | E30: =SUM(E31:E33) -> 201 | F30: =E30-B30 -> -49 | G30: =IF(B30=0,0,F30/B30*100) -> -19.6
A31: 城市公共设施 | C31: 160 | D31: =IF(B31=0,0,C31/B31)*100 -> 0 | F31: =E31-B31 -> 0 | G31: =IF(B31=0,0,F31/B31*100) -> 0
A32: 城市环境卫生 | D32: =IF(B32=0,0,C32/B32)*100 -> 0 | F32: =E32-B32 -> 0 | G32: =IF(B32=0,0,F32/B32*100) -> 0
A33: 其他城市基础设施配套费安排的支出 | B33: 250 | D33: =IF(B33=0,0,C33/B33)*100 -> 0 | E33: 201 | F33: =E33-B33 -> -49 | G33: =IF(B33=0,0,F33/B33*100) -> -19.6
A34: 污水处理费收入安排的支出 | B34: =SUM(B35) -> 1099 | C34: =SUM(C35) -> 942 | D34: =IF(B34=0,0,C34/B34)*100 -> 85.714286 | E34: =SUM(E35) -> 1100 | F34: =E34-B34 -> 1 | G34: =IF(B34=0,0,F34/B34*100) -> 0.090991811
A35: 其他污水处理费安排的支出 | B35: 1099 | C35: 942 | D35: =IF(B35=0,0,C35/B35)*100 -> 85.714286 | E35: 1100 | F35: =E35-B35 -> 1 | G35: =IF(B35=0,0,F35/B35*100) -> 0.090991811
A36: 土地储备专项债券收入安排的支出 | D36: =IF(B36=0,0,C36/B36)*100 -> 0 | F36: =E36-B36 -> 0 | G36: =IF(B36=0,0,F36/B36*100) -> 0
A37: 棚户区改造专项债券收入安排的支出 | D37: =IF(B37=0,0,C37/B37)*100 -> 0 | F37: =E37-B37 -> 0 | G37: =IF(B37=0,0,F37/B37*100) -> 0
A38: 城市基础设施配套费对应专项债务收入安排的支出 | D38: =IF(B38=0,0,C38/B38)*100 -> 0 | F38: =E38-B38 -> 0 | G38: =IF(B38=0,0,F38/B38*100) -> 0
A39: 污水处理费对应专项债务收入安排的支出 | D39: =IF(B39=0,0,C39/B39)*100 -> 0 | F39: =E39-B39 -> 0 | G39: =IF(B39=0,0,F39/B39*100) -> 0
A40: 国有土地使用权出让收入对应专项债务收入安排的支出 | C40: =SUM(C41) -> 10927 | D40: =IF(B40=0,0,C40/B40)*100 -> 0 | E40: =SUM(E41) -> 0 | F40: =E40-B40 -> 0 | G40: =IF(B40=0,0,F40/B40*100) -> 0
A41: 其他国有土地使用权出让收入对应专项债务收入安排的支出 | C41: 10927 | D41: =IF(B41=0,0,C41/B41)*100 -> 0
A42: 三、农林水支出 | B42: =SUM(B43,B45,B47:B49,B52,B54) -> 1434 | C42: =SUM(C43,C45,C47,C48,C49,C52,C54) -> 895 | D42: =IF(B42=0,0,C42/B42)*100 -> 62.412831 | E42: =SUM(E43,E45,E47:E49,E52,E54) -> 0 | F42: =E42-B42 -> -1434 | G42: =IF(B42=0,0,F42/B42*100) -> -100
A43: 大中型水库库区基金安排的支出 | C43: =SUM(C44) -> 23 | D43: =IF(B43=0,0,C43/B43)*100 -> 0 | F43: =E43-B43 -> 0 | G43: =IF(B43=0,0,F43/B43*100) -> 0
A44: 基础设施建设和经济发展 | C44: 23 | D44: =IF(B44=0,0,C44/B44)*100 -> 0 | F44: =E44-B44 -> 0 | G44: =IF(B44=0,0,F44/B44*100) -> 0
A45: 国家重大水利工程建设基金安排的支出 | C45: =SUM(C46) -> 0 | D45: =IF(B45=0,0,C45/B45)*100 -> 0 | F45: =E45-B45 -> 0 | G45: =IF(B45=0,0,F45/B45*100) -> 0
A46: 地方重大水利工程建设 | D46: =IF(B46=0,0,C46/B46)*100 -> 0 | F46: =E46-B46 -> 0 | G46: =IF(B46=0,0,F46/B46*100) -> 0
A47: 大中型水库库区基金对应专项债务收入安排的支出 | D47: =IF(B47=0,0,C47/B47)*100 -> 0 | F47: =E47-B47 -> 0 | G47: =IF(B47=0,0,F47/B47*100) -> 0
A48: 国家重大水利工程建设基金对应专项债务收入安排的支出 | D48: =IF(B48=0,0,C48/B48)*100 -> 0 | F48: =E48-B48 -> 0 | G48: =IF(B48=0,0,F48/B48*100) -> 0
A49: 大中型水库移民后期扶持基金支出 | B49: =SUM(B50:B51) -> 1434 | C49: =SUM(C50:C51) -> 872 | D49: =IF(B49=0,0,C49/B49)*100 -> 60.808926 | E49: =SUM(E50:E51) -> 0 | F49: =E49-B49 -> -1434 | G49: =IF(B49=0,0,F49/B49*100) -> -100
A50: 移民补助 | B50: 742 | C50: 742 | D50: =IF(B50=0,0,C50/B50)*100 -> 100 | F50: =E50-B50 -> -742 | G50: =IF(B50=0,0,F50/B50*100) -> -100
A51: 基础设施建设和经济发展 | B51: 692 | C51: 130 | D51: =IF(B51=0,0,C51/B51)*100 -> 18.786127 | F51: =E51-B51 -> -692 | G51: =IF(B51=0,0,F51/B51*100) -> -100
A52: 小型水库移民扶助基金安排的支出 | C52: =SUM(C53) -> 0 | D52: =IF(B52=0,0,C52/B52)*100 -> 0 | F52: =E52-B52 -> 0 | G52: =IF(B52=0,0,F52/B52*100) -> 0
A53: 基础设施建设和经济发展 | D53: =IF(B53=0,0,C53/B53)*100 -> 0 | F53: =E53-B53 -> 0 | G53: =IF(B53=0,0,F53/B53*100) -> 0
A54: 小型水库移民扶助基金对应专项债务收入安排的支出 | D54: =IF(B54=0,0,C54/B54)*100 -> 0 | F54: =E54-B54 -> 0 | G54: =IF(B54=0,0,F54/B54*100) -> 0
A55: 四、交通运输支出 | B55: =SUM(B56:B58) -> 0 | C55: =SUM(C56:C58) -> 0 | D55: =IF(B55=0,0,C55/B55)*100 -> 0 | E55: =SUM(E56:E58) -> 0 | F55: =E55-B55 -> 0 | G55: =IF(B55=0,0,F55/B55*100) -> 0
A56: 车辆通行费安排的支出 | D56: =IF(B56=0,0,C56/B56)*100 -> 0 | F56: =E56-B56 -> 0 | G56: =IF(B56=0,0,F56/B56*100) -> 0
A57: 政府收费公路专项债券收入安排的支出 | D57: =IF(B57=0,0,C57/B57)*100 -> 0 | F57: =E57-B57 -> 0 | G57: =IF(B57=0,0,F57/B57*100) -> 0
A58: 车辆通行费对应专项债务收入安排的支出 | D58: =IF(B58=0,0,C58/B58)*100 -> 0 | F58: =E58-B58 -> 0 | G58: =IF(B58=0,0,F58/B58*100) -> 0
A59: 五、资源勘探工业信息等支出 | B59: =SUM(B60) -> 0 | C59: =SUM(C60,C61) -> 823 | D59: =IF(B59=0,0,C59/B59)*100 -> 0 | E59: =SUM(E60,E61) -> 0 | F59: =E59-B59 -> 0 | G59: =IF(B59=0,0,F59/B59*100) -> 0
A60: 农网还贷资金支出 | D60: =IF(B60=0,0,C60/B60)*100 -> 0 | F60: =E60-B60 -> 0 | G60: =IF(B60=0,0,F60/B60*100) -> 0
A61: 超长期特别国债安排的支出 | C61: =SUM(C62) -> 823 | E61: =SUM(E62) -> 0
A62: 制造业 | C62: 823
A63: 六、其他支出 | B63: =SUM(B64,B67,B68) -> 4152 | C63: =SUM(C64,C67,C68) -> 70043 | D63: =IF(B63=0,0,C63/B63)*100 -> 1686.9701 | E63: =SUM(E64,E67,E68) -> 1713 | F63: =E63-B63 -> -2439 | G63: =IF(B63=0,0,F63/B63*100) -> -58.742775
A64: 其他政府性基金及对应专项债务收入安排的支出 | B64: =SUM(B65:B66) -> 3010 | C64: =SUM(C65:C66) -> 68896 | D64: =IF(B64=0,0,C64/B64)*100 -> 2288.9037 | E64: =SUM(E65:E66) -> 500 | F64: =E64-B64 -> -2510 | G64: =IF(B64=0,0,F64/B64*100) -> -83.388704
A65: 其他政府性基金安排的支出 | B65: 3010 | C65: 686 | E65: 500
A66: 其他地方自行试点项目收益专项债券收入安排的支出 | C66: 68210 | D66: =IF(B66=0,0,C66/B66)*100 -> 0 | F66: =E66-B66 -> 0 | G66: =IF(B66=0,0,F66/B66*100) -> 0
A67: 彩票发行销售机构业务费安排的支出 | D67: =IF(B67=0,0,C67/B67)*100 -> 0 | F67: =E67-B67 -> 0 | G67: =IF(B67=0,0,F67/B67*100) -> 0
A68: 彩票公益金安排的支出 | B68: =SUM(B69:B74) -> 1142 | C68: =SUM(C69:C75) -> 1147 | D68: =IF(B68=0,0,C68/B68)*100 -> 100.43783 | E68: =SUM(E69:E74) -> 1213 | F68: =E68-B68 -> 71 | G68: =IF(B68=0,0,F68/B68*100) -> 6.2171629
A69: 用于社会福利的彩票公益金支出 | B69: 424 | C69: 262 | D69: =IF(B69=0,0,C69/B69)*100 -> 61.792453 | E69: 355 | F69: =E69-B69 -> -69 | G69: =IF(B69=0,0,F69/B69*100) -> -16.273585
A70: 用于体育事业的彩票公益金支出 | B70: 500 | C70: 183 | D70: =IF(B70=0,0,C70/B70)*100 -> 36.6 | E70: 3 | F70: =E70-B70 -> -497 | G70: =IF(B70=0,0,F70/B70*100) -> -99.4
A71: 用于教育事业的彩票公益金支出 | C71: 180 | D71: =IF(B71=0,0,C71/B71)*100 -> 0 | F71: =E71-B71 -> 0 | G71: =IF(B71=0,0,F71/B71*100) -> 0
A72: 用于残疾人事业的彩票公益金支出 | B72: 218 | C72: 266 | D72: =IF(B72=0,0,C72/B72)*100 -> 122.01835 | E72: 855 | F72: =E72-B72 -> 637 | G72: =IF(B72=0,0,F72/B72*100) -> 292.20183
A73: 用于巩固脱贫衔接乡村振兴的彩票公益金支出
A74: 用于城乡医疗救助的的彩票公益金支出 | D74: =IF(B74=0,0,C74/B74)*100 -> 0 | F74: =E74-B74 -> 0 | G74: =IF(B74=0,0,F74/B74*100) -> 0
A75: 用于其他社会公益事业的彩票公益金支出 | C75: 256 | D75: =IF(B75=0,0,C75/B75)*100 -> 0 | F75: =E75-B75 -> 0 | G75: =IF(B75=0,0,F75/B75*100) -> 0
A76: 七、债务付息支出 | B76: =SUM(B77) -> 362 | C76: =SUM(C77) -> 3853 | D76: =IF(B76=0,0,C76/B76)*100 -> 1064.3646 | E76: =SUM(E77) -> 7329 | F76: =E76-B76 -> 6967 | G76: =IF(B76=0,0,F76/B76*100) -> 1924.5856
A77: 地方政府专项债务付息支出 | B77: =SUM(B78:B81) -> 362 | C77: =SUM(C78:C81) -> 3853 | E77: =SUM(E78:E81) -> 7329 | G77: =IF(B77=0,0,F77/B77*100) -> 0
A78: 国有土地使用权出让金债务付息支出 | B78: 362 | C78: 591 | D78: =IF(B78=0,0,C78/B78)*100 -> 163.25967 | E78: 2600 | F78: =E78-B78 -> 2238 | G78: =IF(B78=0,0,F78/B78*100) -> 618.23204
A79: 土地储备专项债券付息支出 | C79: 114 | D79: =IF(B79=0,0,C79/B79)*100 -> 0 | F79: =E79-B79 -> 0 | G79: =IF(B79=0,0,F79/B79*100) -> 0
A80: 棚户区改造专项债券付息支出 | C80: 679 | D80: =IF(B80=0,0,C80/B80)*100 -> 0 | E80: 679 | F80: =E80-B80 -> 679 | G80: =IF(B80=0,0,F80/B80*100) -> 0
A81: 其他地方自行试点项目收益专项债券付息支出 | C81: 2469 | D81: =IF(B81=0,0,C81/B81)*100 -> 0 | E81: 4050 | F81: =E81-B81 -> 4050 | G81: =IF(B81=0,0,F81/B81*100) -> 0
A82: 八、债务发行费用支出 | B82: =SUM(B83) -> 0 | C82: =SUM(C83) -> 58 | D82: =IF(B82=0,0,C82/B82)*100 -> 0 | E82: =SUM(E83) -> 0 | F82: =E82-B82 -> 0 | G82: =IF(B82=0,0,F82/B82*100) -> 0
A83: 地方政府专项债务发行费用支出 | B83: =SUM(B84:B85) -> 0 | C83: =SUM(C84:C85) -> 58 | E83: =SUM(E84:E85) -> 0 | F83: =E83-B83 -> 0 | G83: =IF(B83=0,0,F83/B83*100) -> 0
A84: 国有土地使用权出让金债务发行费用支出 | F84: =E84-B84 -> 0 | G84: =IF(B84=0,0,F84/B84*100) -> 0
A85: 其他地方自行试点项目收益专项债券发行费用支出 | C85: 58 | D85: =IF(B85=0,0,C85/B85)*100 -> 0 | F85: =E85-B85 -> 0 | G85: =IF(B85=0,0,F85/B85*100) -> 0
A86: 九、抗疫特别国债安排的支出 | C86: =SUM(C87,C91) -> 0 | D86: =IF(B86=0,0,C86/B86)*100 -> 0 | F86: =E86-B86 -> 0 | G86: =IF(B86=0,0,F86/B86*100) -> 0
A87: 基础设施建设 | C87: =SUM(C88:C90) -> 0 | D87: =IF(B87=0,0,C87/B87)*100 -> 0 | F87: =E87-B87 -> 0 | G87: =IF(B87=0,0,F87/B87*100) -> 0
A88: 公共卫生体系建设 | D88: =IF(B88=0,0,C88/B88)*100 -> 0 | G88: =IF(B88=0,0,F88/B88*100) -> 0
A89: 重大疫情防控救治体系建设 | D89: =IF(B89=0,0,C89/B89)*100 -> 0 | G89: =IF(B89=0,0,F89/B89*100) -> 0
A90: 其他基础设施建设 | D90: =IF(B90=0,0,C90/B90)*100 -> 0 | G90: =IF(B90=0,0,F90/B90*100) -> 0
A91: 抗疫相关支出 | C91: =SUM(C92) -> 0 | D91: =IF(B91=0,0,C91/B91)*100 -> 0 | F91: =E91-B91 -> 0 | G91: =IF(B91=0,0,F91/B91*100) -> 0
A92: 其他抗疫相关支出 | G92: =IF(B92=0,0,F92/B92*100) -> 0
A93: 十、上年专项结余 | B93: 31622 | D93: =IF(B93=0,0,C93/B93)*100 -> 0 | E93: =C98 -> 59401 | F93: =E93-B93 -> 27779 | G93: =IF(B93=0,0,F93/B93*100) -> 87.847068
A94: 政府性基金预算支出合计 | B94: =B7+B14+B42+B55+B59+B63+B76+B82+B93+B86 -> 54447 | C94: =C7+C14+C42+C55+C59+C63+C76+C82+C93+C86 -> 97207 | D94: =IF(B94=0,0,C94/B94)*100 -> 178.53509 | E94: =E7++E14+E42+E55+E59+E63+E76+E82+E93+E86 -> 76994 | F94: =E94-B94 -> 22547 | G94: =IF(B94=0,0,F94/B94*100) -> 41.410913
A95: 转移性支出 | B95: =SUM(B96:B97,B98:B98) -> 21100 | C95: =SUM(C96:C97,C98:C98) -> 130640 | D95: =IF(B95=0,0,C95/B95)*100 -> 619.14692 | F95: =E95-B95 -> -21100 | G95: =IF(B95=0,0,F95/B95*100) -> -100
A96: 调出资金 | B96: 21000 | C96: 466 | D96: =IF(B96=0,0,C96/B96)*100 -> 2.2190476 | F96: =E96-B96 -> -21000 | G96: =IF(B96=0,0,F96/B96*100) -> -100
A97: 地方政府专项债务还本支出 | B97: 100 | C97: =70673+100 -> 70773 | D97: =IF(B97=0,0,C97/B97)*100 -> 70773 | F97: =E97-B97 -> -100 | G97: =IF(B97=0,0,F97/B97*100) -> -100
A98: 年终结余 | C98: =[2]附件四本基收!C42-C94-C96-C97 -> 59401 | D98: =IF(B98=0,0,C98/B98)*100 -> 0 | F98: =E98-B98 -> 0 | G98: =IF(B98=0,0,F98/B98*100) -> 0
A99: 支出总计 | B99: =B94+B95 -> 75547 | C99: =C94+C95 -> 227847 | D99: =IF(B99=0,0,C99/B99)*100 -> 301.59636 | E99: =E94+E95 -> 76994 | F99: =E99-B99 -> 1447 | G99: =IF(B99=0,0,F99/B99*100) -> 1.9153639

Sheet 本基收
A1: 附表12
A2: 柳城县本级政府性基金预算2025年收入预算
G3: 单位：万元
A4: 项目 | B4: 2024年 | E4: 2025年预算
B5: 年初预算数 | C5: 执行数 | D5: 完成年初预算% | E5: 建议数 | F5: 比2024年执行数增减
F6: 金额 | G6: %
A7: 一、农网还贷资金收入 | D7: =IF(B7=0,0,C7/B7)*100 -> 0 | F7: =E7-C7 -> 0 | G7: =IF(C7=0,0,F7/C7*100) -> 0
A8: 二、旅游发展基金收入 | D8: =IF(B8=0,0,C8/B8)*100 -> 0 | F8: =E8-C8 -> 0 | G8: =IF(C8=0,0,F8/C8*100) -> 0
A9: 三、国家电影事业发展专项资金收入 | D9: =IF(B9=0,0,C9/B9)*100 -> 0 | F9: =E9-C9 -> 0 | G9: =IF(C9=0,0,F9/C9*100) -> 0
A10: 四、国有土地收益基金收入 | D10: =IF(B10=0,0,C10/B10)*100 -> 0 | F10: =E10-C10 -> 0 | G10: =IF(C10=0,0,F10/C10*100) -> 0
A11: 五、农业土地开发资金收入 | D11: =IF(B11=0,0,C11/B11)*100 -> 0 | F11: =E11-C11 -> 0 | G11: =IF(C11=0,0,F11/C11*100) -> 0
A12: 六、国有土地使用权出让收入 | B12: =SUM(B13:B17) -> 40000 | C12: =SUM(C13:C17) -> 10236 | D12: =IF(B12=0,0,C12/B12)*100 -> 25.59 | E12: =SUM(E13:E17) -> 10350 | F12: =E12-C12 -> 114 | G12: =IF(C12=0,0,F12/C12*100) -> 1.1137163
A13: 土地出让价款收入 | B13: 40000 | C13: 9920 | D13: =IF(B13=0,0,C13/B13)*100 -> 24.8 | E13: 10000 | F13: =E13-C13 -> 80 | G13: =IF(C13=0,0,F13/C13*100) -> 0.80645161
A14: 补缴的土地价款 | C14: 342 | D14: =IF(B14=0,0,C14/B14)*100 -> 0 | E14: 350 | F14: =E14-C14 -> 8 | G14: =IF(C14=0,0,F14/C14*100) -> 2.3391813
A15: 划拨土地收入 | D15: =IF(B15=0,0,C15/B15)*100 -> 0 | F15: =E15-C15 -> 0 | G15: =IF(C15=0,0,F15/C15*100) -> 0
A16: 缴纳新增建设用地土地有偿使用费 | C16: -72 | D16: =IF(B16=0,0,C16/B16)*100 -> 0 | F16: =E16-C16 -> 72 | G16: =IF(C16=0,0,F16/C16*100) -> -100
A17: 其他土地出让收入 | C17: 46 | D17: =IF(B17=0,0,C17/B17)*100 -> 0 | F17: =E17-C17 -> -46 | G17: =IF(C17=0,0,F17/C17*100) -> -100
A18: 七、大中型水库库区基金收入 | D18: =IF(B18=0,0,C18/B18)*100 -> 0 | F18: =E18-C18 -> 0 | G18: =IF(C18=0,0,F18/C18*100) -> 0
A19: 八、彩票公益金收入 | B19: =SUM(B20:B21) -> 0 | C19: =SUM(C20:C21) -> 0 | D19: =IF(B19=0,0,C19/B19)*100 -> 0 | E19: =SUM(E20:E21) -> 0 | F19: =E19-C19 -> 0 | G19: =IF(C19=0,0,F19/C19*100) -> 0
A20: 福利彩票公益金收入 | D20: =IF(B20=0,0,C20/B20)*100 -> 0 | F20: =E20-C20 -> 0 | G20: =IF(C20=0,0,F20/C20*100) -> 0
A21: 体育彩票公益金收入 | D21: =IF(B21=0,0,C21/B21)*100 -> 0 | F21: =E21-C21 -> 0 | G21: =IF(C21=0,0,F21/C21*100) -> 0
A22: 九、城市基础设施配套费收入 | B22: 250 | C22: 427 | D22: =IF(B22=0,0,C22/B22)*100 -> 170.8 | E22: 201 | F22: =E22-C22 -> -226 | G22: =IF(C22=0,0,F22/C22*100) -> -52.9274
A23: 十、小型水库移民扶助基金收入 | D23: =IF(B23=0,0,C23/B23)*100 -> 0 | F23: =E23-C23 -> 0 | G23: =IF(C23=0,0,F23/C23*100) -> 0
A24: 十一、国家重大水利工程建设基金收入 | D24: =IF(B24=0,0,C24/B24)*100 -> 0 | F24: =E24-C24 -> 0 | G24: =IF(C24=0,0,F24/C24*100) -> 0
A25: 十二、车辆通行费 | D25: =IF(B25=0,0,C25/B25)*100 -> 0 | F25: =E25-C25 -> 0 | G25: =IF(C25=0,0,F25/C25*100) -> 0
A26: 十三、污水处理费收入 | B26: 1099 | C26: 1204 | D26: =IF(B26=0,0,C26/B26)*100 -> 109.55414 | E26: 1100 | F26: =E26-C26 -> -104 | G26: =IF(C26=0,0,F26/C26*100) -> -8.6378738
A27: 十四、彩票发行机构和彩票销售机构的业务费用 | B27: =SUM(B28:B30) -> 0 | C27: =SUM(C28:C30) -> 0 | D27: =IF(B27=0,0,C27/B27)*100 -> 0 | E27: =SUM(E28:E30) -> 0 | F27: =E27-C27 -> 0 | G27: =IF(C27=0,0,F27/C27*100) -> 0
A28: 福利彩票销售机构的业务费用 | D28: =IF(B28=0,0,C28/B28)*100 -> 0 | F28: =E28-C28 -> 0 | G28: =IF(C28=0,0,F28/C28*100) -> 0
A29: 体育彩票销售机构的业务费用 | D29: =IF(B29=0,0,C29/B29)*100 -> 0 | F29: =E29-C29 -> 0 | G29: =IF(C29=0,0,F29/C29*100) -> 0
A30: 彩票发行销售风险基金 | D30: =IF(B30=0,0,C30/B30)*100 -> 0 | F30: =E30-C30 -> 0 | G30: =IF(C30=0,0,F30/C30*100) -> 0
A31: 十五、其他政府性基金收入 | C31: 1 | D31: =IF(B31=0,0,C31/B31)*100 -> 0 | F31: =E31-C31 -> -1 | G31: =IF(C31=0,0,F31/C31*100) -> -100
A32: 十六、专项债务对应项目专项收入 | C32: =SUM(C33,C35) -> 3206 | D32: =IF(B32=0,0,C32/B32)*100 -> 0 | E32: =SUM(E33,E35) -> 4729 | F32: =E32-C32 -> 1523 | G32: =IF(C32=0,0,F32/C32*100) -> 47.504679
A33: 国有土地使用权出让金专项债务对应项目专项收入 | C33: =SUM(C34) -> 679 | E33: =SUM(E34) -> 679
A34: 棚户区改造专项债券对应项目专项收入 | C34: 679 | E34: 679
A35: 其他政府性基金专项债务对应项目专项收入 | C35: =SUM(C36) -> 2527 | E35: =SUM(E36) -> 4050
A36: 其他地方自行试点项目收益专项债券对应项目专项收入 | C36: 2527 | E36: 4050
A37: 政府性基金预算收入合计 | B37: =SUM(B7:B12,B18:B19,B22:B27,B31:B32) -> 41349 | C37: =SUM(C7:C12,C18,C19,C22:C27,C31:C32) -> 15074 | D37: =IF(B37=0,0,C37/B37)*100 -> 36.455537 | E37: =SUM(E7:E12,E18:E19,E22:E27,E31:E32) -> 16380 | F37: =E37-C37 -> 1306 | G37: =IF(C37=0,0,F37/C37*100) -> 8.6639246
A38: 转移性收入 | B38: =SUM(B39:B41) -> 34198 | C38: =SUM(C39:C41) -> 212773 | D38: =IF(B38=0,0,C38/B38)*100 -> 622.17966 | E38: =SUM(E39:E41) -> 60614 | F38: =E38-C38 -> -152159 | G38: =IF(C38=0,0,F38/C38*100) -> -71.512363
A39: 上级补助收入 | B39: 2576 | C39: 4783 | D39: =IF(B39=0,0,C39/B39)*100 -> 185.67547 | E39: 1213 | F39: =E39-C39 -> -3570 | G39: =IF(C39=0,0,F39/C39*100) -> -74.639348
A40: 上年结余收入 | B40: 31622 | C40: 24529 | D40: =IF(B40=0,0,C40/B40)*100 -> 77.569414 | E40: =[2]附件五本基支!C98 -> 59401 | F40: =E40-C40 -> 34872 | G40: =IF(C40=0,0,F40/C40*100) -> 142.16642
A41: 地方政府专项债务转贷收入 | C41: 183461 | D41: =IF(B41=0,0,C41/B41)*100 -> 0 | F41: =E41-C41 -> -183461 | G41: =IF(C41=0,0,F41/C41*100) -> -100
A42: 收入总计 | B42: =B37+B38 -> 75547 | C42: =C37+C38 -> 227847 | D42: =IF(B42=0,0,C42/B42)*100 -> 301.59636 | E42: =E37+E38 -> 76994 | F42: =E42-C42 -> -150853 | G42: =IF(C42=0,0,F42/C42*100) -> -66.208026

Sheet 本基支
A1: 附表13
A2: 柳城县本级政府性基金预算2025年支出预算
F3: 单位：万元
A4: 项 目 | B4: 2024年 | E4: 2025年预算
B5: 年初预算数 | C5: 执行数 | D5: 完成年初预算% | E5: 建议数 | F5: 比2024年年初预算增减
F6: 金额 | G6: %
A7: 一、文化旅游体育与传媒支出 | B7: =SUM(B8,B11,B13) -> 0 | C7: =SUM(C8,C11,C13) -> 7 | D7: =IF(B7=0,0,C7/B7)*100 -> 0 | E7: =SUM(E8,E11,E13) -> 0 | F7: =E7-B7 -> 0 | G7: =IF(B7=0,0,F7/B7*100) -> 0
A8: 国家电影事业发展专项资金安排的支出 | B8: =SUM(B10) -> 0 | C8: =SUM(C9:C10) -> 7 | D8: =IF(B8=0,0,C8/B8)*100 -> 0 | E8: =SUM(E10) -> 0 | F8: =E8-B8 -> 0 | G8: =IF(B8=0,0,F8/B8*100) -> 0
A9: 资助国产影片放映
A10: 其他国家电影事业发展专项资金支出 | C10: 7 | D10: =IF(B10=0,0,C10/B10)*100 -> 0 | F10: =E10-B10 -> 0 | G10: =IF(B10=0,0,F10/B10*100) -> 0
A11: 旅游发展基金支出 | B11: =SUM(B12) -> 0 | C11: =SUM(C12) -> 0 | D11: =IF(B11=0,0,C11/B11)*100 -> 0 | F11: =E11-B11 -> 0 | G11: =IF(B11=0,0,F11/B11*100) -> 0
A12: 地方旅游开发项目补助 | D12: =IF(B12=0,0,C12/B12)*100 -> 0 | F12: =E12-B12 -> 0 | G12: =IF(B12=0,0,F12/B12*100) -> 0
A13: 国家电影事业发展专项资金对应专项债务收入安排的支出 | D13: =IF(B13=0,0,C13/B13)*100 -> 0 | F13: =E13-B13 -> 0 | G13: =IF(B13=0,0,F13/B13*100) -> 0
A14: 二、城乡社区支出 | B14: =SUM(B15,B27,B29,B30,B34,B36:B40) -> 16877 | C14: =SUM(C15,C27,C29,C30,C34,C36:C40) -> 21528 | D14: =IF(B14=0,0,C14/B14)*100 -> 127.55822 | E14: =SUM(E15,E27,E29,E30,E34,E36:E40) -> 8551 | F14: =E14-B14 -> -8326 | G14: =IF(B14=0,0,F14/B14*100) -> -49.333412
A15: 国有土地使用权出让收入安排的支出 | B15: =SUM(B16:B26) -> 15528 | C15: =SUM(C16:C26) -> 9423 | D15: =IF(B15=0,0,C15/B15)*100 -> 60.683926 | E15: =SUM(E16:E26) -> 7250 | F15: =E15-B15 -> -8278 | G15: =IF(B15=0,0,F15/B15*100) -> -53.310149
A16: 征地和拆迁补偿支出 | B16: 9065 | C16: 1710 | D16: =IF(B16=0,0,C16/B16)*100 -> 18.863762 | E16: 2030 | F16: =E16-B16 -> -7035 | G16: =IF(B16=0,0,F16/B16*100) -> -77.606178
A17: 土地开发支出 | B17: 70 | D17: =IF(B17=0,0,C17/B17)*100 -> 0 | F17: =E17-B17 -> -70 | G17: =IF(B17=0,0,F17/B17*100) -> -100
A18: 城市建设支出 | C18: 117
A19: 农村基础设施建设支出 | B19: 1115 | C19: 127 | D19: =IF(B19=0,0,C19/B19)*100 -> 11.390135 | E19: 720 | F19: =E19-B19 -> -395 | G19: =IF(B19=0,0,F19/B19*100) -> -35.426009
A20: 补助被征地农民支出 | B20: 4500 | C20: 2131 | D20: =IF(B20=0,0,C20/B20)*100 -> 47.355556 | E20: 4500
A21: 土地出让业务支出 | C21: 25 | D21: =IF(B21=0,0,C21/B21)*100 -> 0 | F21: =E21-B21 -> 0 | G21: =IF(B21=0,0,F21/B21*100) -> 0
A22: 支付破产或改制企业职工安置费 | C22: 1165
A23: 农业生产发展支出 | C23: 396
A24: 农村社会事业支出 | C24: 50
A25: 农业农村生态环境支出 | B25: 778 | C25: 474
A26: 其他国有土地使用权出让收入安排的支出 | C26: 3228 | D26: =IF(B26=0,0,C26/B26)*100 -> 0 | F26: =E26-B26 -> 0 | G26: =IF(B26=0,0,F26/B26*100) -> 0
A27: 国有土地收益基金安排的支出 | C27: =SUM(C28) -> 76 | D27: =IF(B27=0,0,C27/B27)*100 -> 0 | F27: =E27-B27 -> 0 | G27: =IF(B27=0,0,F27/B27*100) -> 0
A28: 其他国有土地收益基金支出 | C28: 76 | D28: =IF(B28=0,0,C28/B28)*100 -> 0 | F28: =E28-B28 -> 0 | G28: =IF(B28=0,0,F28/B28*100) -> 0
A29: 农业土地开发资金安排的支出 | D29: =IF(B29=0,0,C29/B29)*100 -> 0 | F29: =E29-B29 -> 0 | G29: =IF(B29=0,0,F29/B29*100) -> 0
A30: 城市基础设施配套费安排的支出 | B30: 250 | C30: =SUM(C31:C33) -> 160 | D30: =IF(B30=0,0,C30/B30)*100 -> 64 | E30: =SUM(E31:E33) -> 201 | F30: =E30-B30 -> -49 | G30: =IF(B30=0,0,F30/B30*100) -> -19.6
A31: 城市公共设施 | C31: 160 | D31: =IF(B31=0,0,C31/B31)*100 -> 0 | F31: =E31-B31 -> 0 | G31: =IF(B31=0,0,F31/B31*100) -> 0
A32: 城市环境卫生 | D32: =IF(B32=0,0,C32/B32)*100 -> 0 | F32: =E32-B32 -> 0 | G32: =IF(B32=0,0,F32/B32*100) -> 0
A33: 其他城市基础设施配套费安排的支出 | B33: 250 | D33: =IF(B33=0,0,C33/B33)*100 -> 0 | E33: 201 | F33: =E33-B33 -> -49 | G33: =IF(B33=0,0,F33/B33*100) -> -19.6
A34: 污水处理费收入安排的支出 | B34: =SUM(B35) -> 1099 | C34: =SUM(C35) -> 942 | D34: =IF(B34=0,0,C34/B34)*100 -> 85.714286 | E34: =SUM(E35) -> 1100 | F34: =E34-B34 -> 1 | G34: =IF(B34=0,0,F34/B34*100) -> 0.090991811
A35: 其他污水处理费安排的支出 | B35: 1099 | C35: 942 | D35: =IF(B35=0,0,C35/B35)*100 -> 85.714286 | E35: 1100 | F35: =E35-B35 -> 1 | G35: =IF(B35=0,0,F35/B35*100) -> 0.090991811
A36: 土地储备专项债券收入安排的支出 | D36: =IF(B36=0,0,C36/B36)*100 -> 0 | F36: =E36-B36 -> 0 | G36: =IF(B36=0,0,F36/B36*100) -> 0
A37: 棚户区改造专项债券收入安排的支出 | D37: =IF(B37=0,0,C37/B37)*100 -> 0 | F37: =E37-B37 -> 0 | G37: =IF(B37=0,0,F37/B37*100) -> 0
A38: 城市基础设施配套费对应专项债务收入安排的支出 | D38: =IF(B38=0,0,C38/B38)*100 -> 0 | F38: =E38-B38 -> 0 | G38: =IF(B38=0,0,F38/B38*100) -> 0
A39: 污水处理费对应专项债务收入安排的支出 | D39: =IF(B39=0,0,C39/B39)*100 -> 0 | F39: =E39-B39 -> 0 | G39: =IF(B39=0,0,F39/B39*100) -> 0
A40: 国有土地使用权出让收入对应专项债务收入安排的支出 | C40: =SUM(C41) -> 10927 | D40: =IF(B40=0,0,C40/B40)*100 -> 0 | F40: =E40-B40 -> 0 | G40: =IF(B40=0,0,F40/B40*100) -> 0
A41: 其他国有土地使用权出让收入对应专项债务收入安排的支出 | C41: 10927 | D41: =IF(B41=0,0,C41/B41)*100 -> 0
A42: 三、农林水支出 | B42: =SUM(B43,B45,B47:B49,B52,B54) -> 1434 | C42: =SUM(C43,C45,C47,C48,C49,C52,C54) -> 895 | D42: =IF(B42=0,0,C42/B42)*100 -> 62.412831 | F42: =E42-B42 -> -1434 | G42: =IF(B42=0,0,F42/B42*100) -> -100
A43: 大中型水库库区基金安排的支出 | C43: =SUM(C44) -> 23 | D43: =IF(B43=0,0,C43/B43)*100 -> 0 | F43: =E43-B43 -> 0 | G43: =IF(B43=0,0,F43/B43*100) -> 0
A44: 基础设施建设和经济发展 | C44: 23 | D44: =IF(B44=0,0,C44/B44)*100 -> 0 | F44: =E44-B44 -> 0 | G44: =IF(B44=0,0,F44/B44*100) -> 0
A45: 国家重大水利工程建设基金安排的支出 | C45: =SUM(C46) -> 0 | D45: =IF(B45=0,0,C45/B45)*100 -> 0 | F45: =E45-B45 -> 0 | G45: =IF(B45=0,0,F45/B45*100) -> 0
A46: 地方重大水利工程建设 | D46: =IF(B46=0,0,C46/B46)*100 -> 0 | F46: =E46-B46 -> 0 | G46: =IF(B46=0,0,F46/B46*100) -> 0
A47: 大中型水库库区基金对应专项债务收入安排的支出 | D47: =IF(B47=0,0,C47/B47)*100 -> 0 | F47: =E47-B47 -> 0 | G47: =IF(B47=0,0,F47/B47*100) -> 0
A48: 国家重大水利工程建设基金对应专项债务收入安排的支出 | D48: =IF(B48=0,0,C48/B48)*100 -> 0 | F48: =E48-B48 -> 0 | G48: =IF(B48=0,0,F48/B48*100) -> 0
A49: 大中型水库移民后期扶持基金支出 | B49: =SUM(B50:B51) -> 1434 | C49: =SUM(C50:C51) -> 872 | D49: =IF(B49=0,0,C49/B49)*100 -> 60.808926 | F49: =E49-B49 -> -1434 | G49: =IF(B49=0,0,F49/B49*100) -> -100
A50: 移民补助 | B50: 742 | C50: 742 | D50: =IF(B50=0,0,C50/B50)*100 -> 100 | F50: =E50-B50 -> -742 | G50: =IF(B50=0,0,F50/B50*100) -> -100
A51: 基础设施建设和经济发展 | B51: 692 | C51: 130 | D51: =IF(B51=0,0,C51/B51)*100 -> 18.786127 | F51: =E51-B51 -> -692 | G51: =IF(B51=0,0,F51/B51*100) -> -100
A52: 小型水库移民扶助基金安排的支出 | C52: =SUM(C53) -> 0 | D52: =IF(B52=0,0,C52/B52)*100 -> 0 | F52: =E52-B52 -> 0 | G52: =IF(B52=0,0,F52/B52*100) -> 0
A53: 基础设施建设和经济发展 | D53: =IF(B53=0,0,C53/B53)*100 -> 0 | F53: =E53-B53 -> 0 | G53: =IF(B53=0,0,F53/B53*100) -> 0
A54: 小型水库移民扶助基金对应专项债务收入安排的支出 | D54: =IF(B54=0,0,C54/B54)*100 -> 0 | F54: =E54-B54 -> 0 | G54: =IF(B54=0,0,F54/B54*100) -> 0
A55: 四、交通运输支出 | C55: =SUM(C56:C58) -> 0 | D55: =IF(B55=0,0,C55/B55)*100 -> 0 | F55: =E55-B55 -> 0 | G55: =IF(B55=0,0,F55/B55*100) -> 0
A56: 车辆通行费安排的支出 | D56: =IF(B56=0,0,C56/B56)*100 -> 0 | F56: =E56-B56 -> 0 | G56: =IF(B56=0,0,F56/B56*100) -> 0
A57: 政府收费公路专项债券收入安排的支出 | D57: =IF(B57=0,0,C57/B57)*100 -> 0 | F57: =E57-B57 -> 0 | G57: =IF(B57=0,0,F57/B57*100) -> 0
A58: 车辆通行费对应专项债务收入安排的支出 | D58: =IF(B58=0,0,C58/B58)*100 -> 0 | F58: =E58-B58 -> 0 | G58: =IF(B58=0,0,F58/B58*100) -> 0
A59: 五、资源勘探工业信息等支出 | C59: =SUM(C60,C61) -> 823 | D59: =IF(B59=0,0,C59/B59)*100 -> 0 | F59: =E59-B59 -> 0 | G59: =IF(B59=0,0,F59/B59*100) -> 0
A60: 农网还贷资金支出 | D60: =IF(B60=0,0,C60/B60)*100 -> 0 | F60: =E60-B60 -> 0 | G60: =IF(B60=0,0,F60/B60*100) -> 0
A61: 超长期特别国债安排的支出 | C61: =SUM(C62) -> 823
A62: 制造业 | C62: 823
A63: 六、其他支出 | B63: =SUM(B64,B67,B68) -> 4152 | C63: =SUM(C64,C67,C68) -> 70043 | D63: =IF(B63=0,0,C63/B63)*100 -> 1686.9701 | E63: =SUM(E64,E67,E68) -> 1713 | F63: =E63-B63 -> -2439 | G63: =IF(B63=0,0,F63/B63*100) -> -58.742775
A64: 其他政府性基金及对应专项债务收入安排的支出 | B64: =SUM(B65:B66) -> 3010 | C64: =SUM(C65:C66) -> 68896 | D64: =IF(B64=0,0,C64/B64)*100 -> 2288.9037 | E64: =SUM(E65:E66) -> 500 | F64: =E64-B64 -> -2510 | G64: =IF(B64=0,0,F64/B64*100) -> -83.388704
A65: 其他政府性基金安排的支出 | B65: 3010 | C65: 686 | E65: 500
A66: 其他地方自行试点项目收益专项债券收入安排的支出 | C66: 68210 | D66: =IF(B66=0,0,C66/B66)*100 -> 0 | F66: =E66-B66 -> 0 | G66: =IF(B66=0,0,F66/B66*100) -> 0
A67: 彩票发行销售机构业务费安排的支出 | D67: =IF(B67=0,0,C67/B67)*100 -> 0 | F67: =E67-B67 -> 0 | G67: =IF(B67=0,0,F67/B67*100) -> 0
A68: 彩票公益金安排的支出 | B68: =SUM(B69:B74) -> 1142 | C68: =SUM(C69:C75) -> 1147 | D68: =IF(B68=0,0,C68/B68)*100 -> 100.43783 | E68: =SUM(E69:E74) -> 1213 | F68: =E68-B68 -> 71 | G68: =IF(B68=0,0,F68/B68*100) -> 6.2171629
A69: 用于社会福利的彩票公益金支出 | B69: 424 | C69: 262 | D69: =IF(B69=0,0,C69/B69)*100 -> 61.792453 | E69: 355 | F69: =E69-B69 -> -69 | G69: =IF(B69=0,0,F69/B69*100) -> -16.273585
A70: 用于体育事业的彩票公益金支出 | B70: 500 | C70: 183 | D70: =IF(B70=0,0,C70/B70)*100 -> 36.6 | E70: 3 | F70: =E70-B70 -> -497 | G70: =IF(B70=0,0,F70/B70*100) -> -99.4
A71: 用于教育事业的彩票公益金支出 | C71: 180 | D71: =IF(B71=0,0,C71/B71)*100 -> 0 | F71: =E71-B71 -> 0 | G71: =IF(B71=0,0,F71/B71*100) -> 0
A72: 用于残疾人事业的彩票公益金支出 | B72: 218 | C72: 266 | D72: =IF(B72=0,0,C72/B72)*100 -> 122.01835 | E72: 855 | F72: =E72-B72 -> 637 | G72: =IF(B72=0,0,F72/B72*100) -> 292.20183
A73: 用于巩固脱贫衔接乡村振兴的彩票公益金支出
A74: 用于城乡医疗救助的的彩票公益金支出 | D74: =IF(B74=0,0,C74/B74)*100 -> 0 | F74: =E74-B74 -> 0 | G74: =IF(B74=0,0,F74/B74*100) -> 0
A75: 用于其他社会公益事业的彩票公益金支出 | C75: 256 | D75: =IF(B75=0,0,C75/B75)*100 -> 0 | F75: =E75-B75 -> 0 | G75: =IF(B75=0,0,F75/B75*100) -> 0
A76: 七、债务付息支出 | B76: =SUM(B77) -> 362 | C76: =SUM(C77) -> 3853 | D76: =IF(B76=0,0,C76/B76)*100 -> 1064.3646 | E76: =SUM(E77) -> 7329 | F76: =E76-B76 -> 6967 | G76: =IF(B76=0,0,F76/B76*100) -> 1924.5856
A77: 地方政府专项债务付息支出 | B77: =SUM(B78:B81) -> 362 | C77: =SUM(C78:C81) -> 3853 | E77: =SUM(E78:E81) -> 7329 | G77: =IF(B77=0,0,F77/B77*100) -> 0
A78: 国有土地使用权出让金债务付息支出 | B78: 362 | C78: 591 | D78: =IF(B78=0,0,C78/B78)*100 -> 163.25967 | E78: 2600 | F78: =E78-B78 -> 2238 | G78: =IF(B78=0,0,F78/B78*100) -> 618.23204
A79: 土地储备专项债券付息支出 | C79: 114 | D79: =IF(B79=0,0,C79/B79)*100 -> 0 | F79: =E79-B79 -> 0 | G79: =IF(B79=0,0,F79/B79*100) -> 0
A80: 棚户区改造专项债券付息支出 | C80: 679 | D80: =IF(B80=0,0,C80/B80)*100 -> 0 | E80: 679 | F80: =E80-B80 -> 679 | G80: =IF(B80=0,0,F80/B80*100) -> 0
A81: 其他地方自行试点项目收益专项债券付息支出 | C81: 2469 | D81: =IF(B81=0,0,C81/B81)*100 -> 0 | E81: 4050 | F81: =E81-B81 -> 4050 | G81: =IF(B81=0,0,F81/B81*100) -> 0
A82: 八、债务发行费用支出 | C82: =SUM(C83) -> 58 | D82: =IF(B82=0,0,C82/B82)*100 -> 0 | F82: =E82-B82 -> 0 | G82: =IF(B82=0,0,F82/B82*100) -> 0
A83: 地方政府专项债务发行费用支出 | C83: =SUM(C84:C85) -> 58 | F83: =E83-B83 -> 0 | G83: =IF(B83=0,0,F83/B83*100) -> 0
A84: 国有土地使用权出让金债务发行费用支出 | F84: =E84-B84 -> 0 | G84: =IF(B84=0,0,F84/B84*100) -> 0
A85: 其他地方自行试点项目收益专项债券发行费用支出 | C85: 58 | D85: =IF(B85=0,0,C85/B85)*100 -> 0 | F85: =E85-B85 -> 0 | G85: =IF(B85=0,0,F85/B85*100) -> 0
A86: 九、抗疫特别国债安排的支出 | C86: =SUM(C87,C91) -> 0 | D86: =IF(B86=0,0,C86/B86)*100 -> 0 | F86: =E86-B86 -> 0 | G86: =IF(B86=0,0,F86/B86*100) -> 0
A87: 基础设施建设 | C87: =SUM(C88:C90) -> 0 | D87: =IF(B87=0,0,C87/B87)*100 -> 0 | F87: =E87-B87 -> 0 | G87: =IF(B87=0,0,F87/B87*100) -> 0
A88: 公共卫生体系建设 | D88: =IF(B88=0,0,C88/B88)*100 -> 0 | G88: =IF(B88=0,0,F88/B88*100) -> 0
A89: 重大疫情防控救治体系建设 | D89: =IF(B89=0,0,C89/B89)*100 -> 0 | G89: =IF(B89=0,0,F89/B89*100) -> 0
A90: 其他基础设施建设 | D90: =IF(B90=0,0,C90/B90)*100 -> 0 | G90: =IF(B90=0,0,F90/B90*100) -> 0
A91: 抗疫相关支出 | C91: =SUM(C92) -> 0 | D91: =IF(B91=0,0,C91/B91)*100 -> 0 | F91: =E91-B91 -> 0 | G91: =IF(B91=0,0,F91/B91*100) -> 0
A92: 其他抗疫相关支出 | G92: =IF(B92=0,0,F92/B92*100) -> 0
A93: 十、上年专项结余 | B93: 31622 | D93: =IF(B93=0,0,C93/B93)*100 -> 0 | E93: =C98 -> 59401 | F93: =E93-B93 -> 27779 | G93: =IF(B93=0,0,F93/B93*100) -> 87.847068
A94: 政府性基金预算支出合计 | B94: =B7+B14+B42+B55+B59+B63+B76+B82+B93+B86 -> 54447 | C94: =C7+C14+C42+C55+C59+C63+C76+C82+C93+C86 -> 97207 | D94: =IF(B94=0,0,C94/B94)*100 -> 178.53509 | E94: =E7++E14+E42+E55+E59+E63+E76+E82+E93+E86 -> 76994 | F94: =E94-B94 -> 22547 | G94: =IF(B94=0,0,F94/B94*100) -> 41.410913
A95: 转移性支出 | B95: =SUM(B96:B97,B98:B98) -> 21100 | C95: =SUM(C96:C97,C98:C98) -> 130640 | D95: =IF(B95=0,0,C95/B95)*100 -> 619.14692 | F95: =E95-B95 -> -21100 | G95: =IF(B95=0,0,F95/B95*100) -> -100
A96: 调出资金 | B96: 21000 | C96: 466 | D96: =IF(B96=0,0,C96/B96)*100 -> 2.2190476 | F96: =E96-B96 -> -21000 | G96: =IF(B96=0,0,F96/B96*100) -> -100
A97: 地方政府专项债务还本支出 | B97: 100 | C97: =70673+100 -> 70773 | D97: =IF(B97=0,0,C97/B97)*100 -> 70773 | F97: =E97-B97 -> -100 | G97: =IF(B97=0,0,F97/B97*100) -> -100
A98: 年终结余 | C98: =[2]附件四本基收!C42-C94-C96-C97 -> 59401 | D98: =IF(B98=0,0,C98/B98)*100 -> 0 | F98: =E98-B98 -> 0 | G98: =IF(B98=0,0,F98/B98*100) -> 0
A99: 支出总计 | B99: =B94+B95 -> 75547 | C99: =C94+C95 -> 227847 | D99: =IF(B99=0,0,C99/B99)*100 -> 301.59636 | E99: =E94+E95 -> 76994 | F99: =E99-B99 -> 1447 | G99: =IF(B99=0,0,F99/B99*100) -> 1.9153639

Sheet 基金转移支付
A1: 附表14
A2: 柳城县政府性基金预算2025年转移支付预算
G3: 单位：万元
A4: 项目 | B4: 2024年 | E4: 2025年预算
B5: 年初预算数 | C5: 执行数 | D5: 完成年初预算% | E5: 建议数 | F5: 比上年预算增减额 | G5: 比上年预算增减%
A6: 转移性收入 | B6: 34198 | C6: 212773 | D6: 622.17966 | E6: 60614 | F6: -152159 | G6: -71.512363
A7: 上级补助收入 | B7: 2576 | C7: 4783 | D7: 185.67547 | E7: 1213 | F7: -3570 | G7: -74.639348
A8: 上年结余收入 | B8: 31622 | C8: 24529 | D8: 77.569414 | E8: 59401 | F8: 34872 | G8: 142.16642
A9: 地方政府专项债务转贷收入 | C9: 183461 | D9: 0 | F9: -183461 | G9: -100
A10: 转移性支出 | B10: 21100 | C10: 130640 | D10: 619.14692 | F10: -21100 | G10: -100
A11: 调出资金 | B11: 21000 | C11: 466 | D11: 2.2190476 | F11: -21000 | G11: -100
A12: 地方政府专项债务还本支出 | B12: 100 | C12: 70773 | D12: 70773 | F12: -100 | G12: -100
A13: 年终结余 | C13: 59401 | D13: 0 | F13: 0 | G13: 0

Sheet 基金转移支付分项目
A1: 附表15
A2: 柳城县政府性基金预算2025年转移支付分项目预算
E3: 单位：万元
A4: 项目 | B4: 2024年预算数 | C4: 2025年预算数 | D4: 比上年预算增减额 | E4: 比上年预算增减%
A5: 转移性收入 | B5: 34198 | C5: 60614 | D5: -152159 | E5: -71.512363
A6: 上级补助收入 | B6: 2576 | C6: 1213 | D6: -3570 | E6: -74.639348
A7: 上年结余收入 | B7: 31622 | C7: 59401 | D7: 34872 | E7: 142.16642
A8: 地方政府专项债务转贷收入 | D8: -183461 | E8: -100
A9: 转移性支出 | B9: 21100 | D9: -21100 | E9: -100
A10: 调出资金 | B10: 21000 | D10: -21000 | E10: -100
A11: 地方政府专项债务还本支出 | B11: 100 | D11: -100 | E11: -100
A12: 说明：基于财政管理模式，县级财政已是财政体系最末级，不存在补助下级财政的政府性基金转移支付支出。

Sheet 基转移支付分地区
A1: 附表16
A2: 柳城县政府性基金预算2025年转移支付分地区预算
C3: 单位：万元
A4: 地区 | B4: 2024年预算数 | C4: 2025年预算数 | D4: 比上年增减%
A5: xx市
A6: xx区
A7: xx地（市、州）
A8: xx县
A10: 说明：基于财政管理模式，县级财政已是财政体系最末级，不存在补助下级财政的政府性基金转移支付支出。因此，本表无数据。

Sheet 专项债务
A1: 附表17
A2: 柳城县2024年专项债务余额及年度限额统计表
C3: 单位：万元
A4: 地区 | B4: 专项债务
B5: 期末余额 | C5: 年度限额
A6: 柳州市 | B6: =SUM(B7,B16) -> 292668 | C6: =SUM(C7,C16) -> 301491
A7: 市区 | B7: =SUM(B8:B15) -> 0 | C7: =SUM(C8:C15) -> 0
A8: 市本级
A9: 柳北区
A10: 柳南区
A11: 城中区
A12: 鱼峰区
A13: 柳江区
A14: 柳东新区
A15: 北部生态新区
A16: 县级 | B16: =SUM(B17:B21) -> 292668 | C16: =SUM(C17:C21) -> 301491
A17: 柳城县 | B17: 292668 | C17: 301491
A18: 鹿寨县
A19: 融安县
A20: 融水县
A21: 三江县

Sheet 全国资收
A1: 附表18
A2: 柳城县国有资本经营预算2025年收入预算
A3: 单位：万元
A4: 项 目 | B4: 2024年 | E4: 2025年预算
B5: 年初预算 | C5: 执行数 | D5: 完成年初预算% | E5: 建议数 | F5: 比2024年执行数增减
F6: 金额 | G6: %
A7: 一、利润收入 | B7: =SUM(B8:B26) -> 200 | C7: =SUM(C8:C26) -> 0 | D7: =IF(B7=0,0,C7/B7)*100 -> 0 | E7: =SUM(E8:E26) -> 400 | F7: =E7-C7 -> 400 | G7: =IF(C7=0,0,F7/C7*100) -> 0
A8: 金融企业利润收入 | D8: =IF(B8=0,0,C8/B8)*100 -> 0 | F8: =E8-C8 -> 0 | G8: =IF(C8=0,0,F8/C8*100) -> 0
A9: 电力企业利润收入 | D9: =IF(B9=0,0,C9/B9)*100 -> 0 | F9: =E9-C9 -> 0 | G9: =IF(C9=0,0,F9/C9*100) -> 0
A10: 有色冶金采掘企业利润收入 | D10: =IF(B10=0,0,C10/B10)*100 -> 0 | F10: =E10-C10 -> 0 | G10: =IF(C10=0,0,F10/C10*100) -> 0
A11: 煤炭企业利润收入 | D11: =IF(B11=0,0,C11/B11)*100 -> 0 | F11: =E11-C11 -> 0 | G11: =IF(C11=0,0,F11/C11*100) -> 0
A12: 钢铁企业利润收入 | D12: =IF(B12=0,0,C12/B12)*100 -> 0 | F12: =E12-C12 -> 0 | G12: =IF(C12=0,0,F12/C12*100) -> 0
A13: 化工企业利润收入 | D13: =IF(B13=0,0,C13/B13)*100 -> 0 | F13: =E13-C13 -> 0 | G13: =IF(C13=0,0,F13/C13*100) -> 0
A14: 运输企业利润收入 | D14: =IF(B14=0,0,C14/B14)*100 -> 0 | F14: =E14-C14 -> 0 | G14: =IF(C14=0,0,F14/C14*100) -> 0
A15: 机械企业利润收入 | D15: =IF(B15=0,0,C15/B15)*100 -> 0 | F15: =E15-C15 -> 0 | G15: =IF(C15=0,0,F15/C15*100) -> 0
A16: 投资服务企业利润收入 | D16: =IF(B16=0,0,C16/B16)*100 -> 0 | F16: =E16-C16 -> 0 | G16: =IF(C16=0,0,F16/C16*100) -> 0
A17: 贸易企业利润收入 | D17: =IF(B17=0,0,C17/B17)*100 -> 0 | F17: =E17-C17 -> 0 | G17: =IF(C17=0,0,F17/C17*100) -> 0
A18: 建筑施工企业利润收入 | D18: =IF(B18=0,0,C18/B18)*100 -> 0 | F18: =E18-C18 -> 0 | G18: =IF(C18=0,0,F18/C18*100) -> 0
A19: 房地产企业利润收入 | D19: =IF(B19=0,0,C19/B19)*100 -> 0 | F19: =E19-C19 -> 0 | G19: =IF(C19=0,0,F19/C19*100) -> 0
... A25: 科学研究企业利润收入 | D25: =IF(B25=0,0,C25/B25)*100 -> 0 | F25: =E25-C25 -> 0 | G25: =IF(C25=0,0,F25/C25*100) -> 0
A26: 其他国有资本经营预算企业利润收入 | B26: 200 | D26: =IF(B26=0,0,C26/B26)*100 -> 0 | E26: 400 | F26: =E26-C26 -> 400 | G26: =IF(C26=0,0,F26/C26*100) -> 0
A27: 二、股利、股息收入 | C27: =SUM(C28:C30) -> 238 | D27: =IF(B27=0,0,C27/B27)*100 -> 0 | F27: =E27-C27 -> -238 | G27: =IF(C27=0,0,F27/C27*100) -> -100
A28: 国有控股公司股利、股息收入 | D28: =IF(B28=0,0,C28/B28)*100 -> 0 | F28: =E28-C28 -> 0 | G28: =IF(C28=0,0,F28/C28*100) -> 0
A29: 国有参股公司股利、股息收入 | C29: 238 | D29: =IF(B29=0,0,C29/B29)*100 -> 0 | F29: =E29-C29 -> -238 | G29: =IF(C29=0,0,F29/C29*100) -> -100
A30: 其他国有资本经营预算企业股利、股息收入 | D30: =IF(B30=0,0,C30/B30)*100 -> 0 | F30: =E30-C30 -> 0 | G30: =IF(C30=0,0,F30/C30*100) -> 0
A31: 三、产权转让收入 | D31: =IF(B31=0,0,C31/B31)*100 -> 0 | F31: =E31-C31 -> 0 | G31: =IF(C31=0,0,F31/C31*100) -> 0
A32: 国有独资企业产权转让收入 | D32: =IF(B32=0,0,C32/B32)*100 -> 0 | F32: =E32-C32 -> 0 | G32: =IF(C32=0,0,F32/C32*100) -> 0
A33: 其他国有资本经营预算企业产权转让收入 | D33: =IF(B33=0,0,C33/B33)*100 -> 0 | F33: =E33-C33 -> 0 | G33: =IF(C33=0,0,F33/C33*100) -> 0
A34: 四、清算收入 | D34: =IF(B34=0,0,C34/B34)*100 -> 0 | F34: =E34-C34 -> 0 | G34: =IF(C34=0,0,F34/C34*100) -> 0
A35: 国有股权、股份清算收入 | D35: =IF(B35=0,0,C35/B35)*100 -> 0 | F35: =E35-C35 -> 0 | G35: =IF(C35=0,0,F35/C35*100) -> 0
A36: 国有独资企业清算收入 | D36: =IF(B36=0,0,C36/B36)*100 -> 0 | F36: =E36-C36 -> 0 | G36: =IF(C36=0,0,F36/C36*100) -> 0
A37: 其他国有资本经营预算企业清算收入 | D37: =IF(B37=0,0,C37/B37)*100 -> 0 | F37: =E37-C37 -> 0 | G37: =IF(C37=0,0,F37/C37*100) -> 0
A38: 五、其他国有资本经营预算收入 | D38: =IF(B38=0,0,C38/B38)*100 -> 0 | F38: =E38-C38 -> 0 | G38: =IF(C38=0,0,F38/C38*100) -> 0
A39: 国有资本经营预算收入合计 | B39: =B7+B27+B34+B38 -> 200 | C39: =C7+C27+C34+C38 -> 238 | D39: =IF(B39=0,0,C39/B39)*100 -> 119 | E39: =SUM(E7,E27,E31,E34,E38) -> 400 | F39: =E39-C39 -> 162 | G39: =IF(C39=0,0,F39/C39*100) -> 68.067227
A40: 转移性收入 | B40: =SUM(B41:B42) -> 100 | C40: =SUM(C41:C42) -> 50 | D40: =IF(B40=0,0,C40/B40)*100 -> 50 | E40: =SUM(E41:E42) -> 217 | F40: =SUM(F41:F42) -> 167 | G40: =IF(C40=0,0,F40/C40*100) -> 334
A41: 上级补助收入 | B41: 5 | C41: 5 | D41: =IF(B41=0,0,C41/B41)*100 -> 100 | F41: =E41-C41 -> -5 | G41: =IF(C41=0,0,F41/C41*100) -> -100
A42: 上年结余收入 | B42: 95 | C42: 45 | D42: =IF(B42=0,0,C42/B42)*100 -> 47.368421 | E42: =[2]附件七本国资支!C36 -> 217 | F42: =E42-C42 -> 172 | G42: =IF(C42=0,0,F42/C42*100) -> 382.22222
A43: 收入总计 | B43: =SUM(B39,B40) -> 300 | C43: =SUM(C39,C40) -> 288 | D43: =IF(B43=0,0,C43/B43)*100 -> 96 | E43: =SUM(E39,E40) -> 617 | F43: =E43-C43 -> 329 | G43: =IF(C43=0,0,F43/C43*100) -> 114.23611

Sheet 全国资支
A1: 附表19
A2: 柳城县国有资本经营预算2025年支出预算
A3: 单位：万元
A4: 项 目 | B4: 2024年 | E4: 2025年预算
B5: 年初预算 | C5: 执行数 | D5: 完成年初预算% | E5: 建议数 | F5: 比2023年年初预算增减
F6: 金额 | G6: %
A7: 社会保障和就业支出 | D7: =IF(B7=0,0,C7/B7)*100 -> 0 | F7: =E7-B7 -> 0 | G7: =IF(B7=0,0,F7/B7*100) -> 0
A8: 补充社会保险基金 | D8: =IF(B8=0,0,C8/B8)*100 -> 0 | F8: =E8-B8 -> 0 | G8: =IF(B8=0,0,F8/B8*100) -> 0
A9: 国有资本经营预算补充社会保险基金支出 | D9: =IF(B9=0,0,C9/B9)*100 -> 0 | F9: =E9-B9 -> 0 | G9: =IF(B9=0,0,F9/B9*100) -> 0
A10: 国有资本经营预算支出 | B10: =SUM(B11,B21,B30,B31) -> 200 | C10: =SUM(C11,C21,C30,C31) -> 0 | D10: =IF(B10=0,0,C10/B10)*100 -> 0 | E10: 280 | F10: =E10-B10 -> 80 | G10: =IF(B10=0,0,F10/B10*100) -> 40
A11: 解决历史遗留问题及改革成本支出 | B11: 0 | C11: =SUM(C12:C20) -> 0 | D11: =IF(B11=0,0,C11/B11)*100 -> 0 | E11: =SUM(E12:E20) -> 0 | F11: =E11-B11 -> 0 | G11: =IF(B11=0,0,F11/B11*100) -> 0
A12: 厂办大集体改革支出 | D12: =IF(B12=0,0,C12/B12)*100 -> 0 | F12: =E12-B12 -> 0 | G12: =IF(B12=0,0,F12/B12*100) -> 0
A13: “三供一业”移交补助支出 | D13: =IF(B13=0,0,C13/B13)*100 -> 0 | F13: =E13-B13 -> 0 | G13: =IF(B13=0,0,F13/B13*100) -> 0
A14: 国有企业办职教幼教补助支出 | D14: =IF(B14=0,0,C14/B14)*100 -> 0 | F14: =E14-B14 -> 0 | G14: =IF(B14=0,0,F14/B14*100) -> 0
A15: 国有企业办公共服务机构移交补助支出 | D15: =IF(B15=0,0,C15/B15)*100 -> 0 | F15: =E15-B15 -> 0 | G15: =IF(B15=0,0,F15/B15*100) -> 0
A16: 国有企业退休人员社会化管理补助支出 | D16: =IF(B16=0,0,C16/B16)*100 -> 0 | F16: =E16-B16 -> 0 | G16: =IF(B16=0,0,F16/B16*100) -> 0
A17: 国有企业棚户区改造支出 | D17: =IF(B17=0,0,C17/B17)*100 -> 0 | F17: =E17-B17 -> 0 | G17: =IF(B17=0,0,F17/B17*100) -> 0
A18: 国有企业改革成本支出 | D18: =IF(B18=0,0,C18/B18)*100 -> 0 | F18: =E18-B18 -> 0 | G18: =IF(B18=0,0,F18/B18*100) -> 0
A19: 离休干部医药费补助支出 | D19: =IF(B19=0,0,C19/B19)*100 -> 0 | F19: =E19-B19 -> 0 | G19: =IF(B19=0,0,F19/B19*100) -> 0
A20: 其他解决历史遗留问题及改革成本支出 | D20: =IF(B20=0,0,C20/B20)*100 -> 0 | F20: =E20-B20 -> 0 | G20: =IF(B20=0,0,F20/B20*100) -> 0
A21: 国有企业资本金注入 | D21: =IF(B21=0,0,C21/B21)*100 -> 0 | F21: =E21-B21 -> 0 | G21: =IF(B21=0,0,F21/B21*100) -> 0
A22: 国有经济结构调整支出 | D22: =IF(B22=0,0,C22/B22)*100 -> 0 | F22: =E22-B22 -> 0 | G22: =IF(B22=0,0,F22/B22*100) -> 0
A23: 公益性设施投资支出 | D23: =IF(B23=0,0,C23/B23)*100 -> 0 | F23: =E23-B23 -> 0 | G23: =IF(B23=0,0,F23/B23*100) -> 0
... A30: 国有企业政策性补贴 | D30: =IF(B30=0,0,C30/B30)*100 -> 0 | F30: =E30-B30 -> 0 | G30: =IF(B30=0,0,F30/B30*100) -> 0
A31: 其他国有资本经营预算支出 | B31: 200 | C31: 0 | D31: =IF(B31=0,0,C31/B31)*100 -> 0 | E31: 280 | F31: =E31-B31 -> 80 | G31: =IF(B31=0,0,F31/B31*100) -> 40
A32: 上年结转专款支出 | D32: =IF(B32=0,0,C32/B32)*100 -> 0 | F32: =E32-B32 -> 0 | G32: =IF(B32=0,0,F32/B32*100) -> 0
A33: 国有资本经营预算支出合计 | B33: =SUM(B7,B10) -> 200 | C33: =SUM(C7,C10) -> 0 | D33: =IF(B33=0,0,C33/B33)*100 -> 0 | E33: =SUM(E7,E10) -> 280 | F33: =E33-B33 -> 80 | G33: =IF(B33=0,0,F33/B33*100) -> 40
A34: 转移性支出 | B34: =SUM(B35:B36) -> 100 | C34: =SUM(C35:C36) -> 288 | D34: =IF(B34=0,0,C34/B34)*100 -> 288 | E34: =SUM(E35:E36) -> 337 | F34: =E34-B34 -> 237 | G34: =IF(B34=0,0,F34/B34*100) -> 237
A35: 调出资金 | C35: 71 | D35: =IF(B35=0,0,C35/B35)*100 -> 0 | E35: 120 | F35: =E35-B35 -> 120 | G35: =IF(B35=0,0,F35/B35*100) -> 0
A36: 年终结余 | B36: 100 | C36: =[2]附件六本国资收!C43-C33-C35 -> 217 | D36: =IF(B36=0,0,C36/B36)*100 -> 217 | E36: =[2]附件六本国资收!E43-E33-E35 -> 217 | F36: =E36-B36 -> 117 | G36: =IF(B36=0,0,F36/B36*100) -> 117
A37: 支出总计 | B37: =SUM(B33:B34) -> 300 | C37: =SUM(C33:C34) -> 288 | D37: =IF(B37=0,0,C37/B37)*100 -> 96 | E37: =SUM(E33:E34) -> 617 | F37: =E37-B37 -> 317 | G37: =IF(B37=0,0,F37/B37*100) -> 105.66667

Sheet 本国资收
A1: 附表20
A2: 柳城县本级国有资本经营预算2025年收入预算
A3: 单位：万元
A4: 项 目 | B4: 2024年 | E4: 2025年预算
B5: 年初预算 | C5: 执行数 | D5: 完成年初预算% | E5: 建议数 | F5: 比2024年执行数增减
F6: 金额 | G6: %
A7: 一、利润收入 | B7: =SUM(B8:B26) -> 200 | E7: =SUM(E8:E26) -> 400 | F7: =E7-C7 -> 400
A8: 金融企业利润收入
A9: 电力企业利润收入
A10: 有色冶金采掘企业利润收入
A11: 煤炭企业利润收入
A12: 钢铁企业利润收入
A13: 化工企业利润收入
A14: 运输企业利润收入
A15: 机械企业利润收入
A16: 投资服务企业利润收入
A17: 贸易企业利润收入
A18: 建筑施工企业利润收入
A19: 房地产企业利润收入
... A25: 科学研究企业利润收入
A26: 其他国有资本经营预算企业利润收入 | B26: 200 | E26: 400 | F26: =E26-C26 -> 400 | G26: =IF(C26=0,0,F26/C26*100) -> 0
A27: 二、股利、股息收入 | C27: =SUM(C28:C30) -> 238 | F27: =E27-C27 -> -238 | G27: =IF(C27=0,0,F27/C27*100) -> -100
A28: 国有控股公司股利、股息收入
A29: 国有参股公司股利、股息收入 | C29: 238 | F29: =E29-C29 -> -238 | G29: =IF(C29=0,0,F29/C29*100) -> -100
A30: 其他国有资本经营预算企业股利、股息收入
A31: 三、产权转让收入
A32: 国有独资企业产权转让收入
A33: 其他国有资本经营预算企业产权转让收入
A34: 四、清算收入
A35: 国有股权、股份清算收入
A36: 国有独资企业清算收入
A37: 其他国有资本经营预算企业清算收入
A38: 五、其他国有资本经营预算收入
A39: 国有资本经营预算收入合计 | B39: =B7+B27+B34+B38 -> 200 | C39: =C7+C27+C34+C38 -> 238 | D39: =IF(B39=0,0,C39/B39)*100 -> 119 | E39: =SUM(E7,E27,E31,E34,E38) -> 400 | F39: =E39-C39 -> 162 | G39: =IF(C39=0,0,F39/C39*100) -> 68.067227
A40: 转移性收入 | B40: =SUM(B41:B42) -> 100 | C40: =SUM(C41:C42) -> 50 | D40: =IF(B40=0,0,C40/B40)*100 -> 50 | E40: =SUM(E41:E42) -> 217 | F40: =SUM(F41:F42) -> 167 | G40: =IF(C40=0,0,F40/C40*100) -> 334
A41: 上级补助收入 | B41: 5 | C41: 5 | D41: =IF(B41=0,0,C41/B41)*100 -> 100 | F41: =E41-C41 -> -5 | G41: =IF(C41=0,0,F41/C41*100) -> -100
A42: 上年结余收入 | B42: 95 | C42: 45 | D42: =IF(B42=0,0,C42/B42)*100 -> 47.368421 | E42: =[2]附件七本国资支!C36 -> 217 | F42: =E42-C42 -> 172 | G42: =IF(C42=0,0,F42/C42*100) -> 382.22222
A43: 收入总计 | B43: =SUM(B39,B40) -> 300 | C43: =SUM(C39,C40) -> 288 | D43: =IF(B43=0,0,C43/B43)*100 -> 96 | E43: =SUM(E39,E40) -> 617 | F43: =E43-C43 -> 329 | G43: =IF(C43=0,0,F43/C43*100) -> 114.23611

Sheet 本国资支
A1: 附表21
A2: 柳城县本级国有资本经营预算2025年支出预算
A3: 单位：万元
A4: 项 目 | B4: 2024年 | E4: 2025年预算
B5: 年初预算 | C5: 执行数 | D5: 完成年初预算% | E5: 建议数 | F5: 比2024年年初预算增减
F6: 金额 | G6: %
A7: 社会保障和就业支出
A8: 补充社会保险基金
A9: 国有资本经营预算补充社会保险基金支出
A10: 国有资本经营预算支出 | B10: =SUM(B11,B21,B30,B31) -> 200 | E10: 280 | F10: =E10-B10 -> 80 | G10: =IF(B10=0,0,F10/B10*100) -> 40
A11: 解决历史遗留问题及改革成本支出 | B11: 0
A12: 厂办大集体改革支出
A13: “三供一业”移交补助支出
A14: 国有企业办职教幼教补助支出
A15: 国有企业办公共服务机构移交补助支出
A16: 国有企业退休人员社会化管理补助支出
A17: 国有企业棚户区改造支出
A18: 国有企业改革成本支出
A19: 离休干部医药费补助支出
A20: 其他解决历史遗留问题及改革成本支出
A21: 国有企业资本金注入
A22: 国有经济结构调整支出
A23: 公益性设施投资支出
... A30: 国有企业政策性补贴
A31: 其他国有资本经营预算支出 | B31: 200 | E31: 280 | F31: =E31-B31 -> 80 | G31: =IF(B31=0,0,F31/B31*100) -> 40
A32: 上年结转专款支出 | G32: =IF(B32=0,0,F32/B32*100) -> 0
A33: 国有资本经营预算支出合计 | B33: =SUM(B7,B10) -> 200 | E33: =SUM(E7,E10) -> 280 | F33: =E33-B33 -> 80 | G33: =IF(B33=0,0,F33/B33*100) -> 40
A34: 转移性支出 | B34: =SUM(B35:B36) -> 100 | C34: =SUM(C35:C36) -> 288 | D34: =IF(B34=0,0,C34/B34)*100 -> 288 | E34: =SUM(E35:E36) -> 337 | F34: =E34-B34 -> 237 | G34: =IF(B34=0,0,F34/B34*100) -> 237
A35: 调出资金 | C35: 71 | E35: 120 | F35: =E35-B35 -> 120
A36: 年终结余 | B36: 100 | C36: =[2]附件六本国资收!C43-C33-C35 -> 217 | D36: =IF(B36=0,0,C36/B36)*100 -> 217 | E36: =[2]附件六本国资收!E43-E33-E35 -> 217 | F36: =E36-B36 -> 117 | G36: =IF(B36=0,0,F36/B36*100) -> 117
A37: 支出总计 | B37: =SUM(B33:B34) -> 300 | C37: =SUM(C33:C34) -> 288 | D37: =IF(B37=0,0,C37/B37)*100 -> 96 | E37: =SUM(E33:E34) -> 617 | F37: =E37-B37 -> 317 | G37: =IF(B37=0,0,F37/B37*100) -> 105.66667

Sheet 国资转移支付
A1: 附表22
A2: 柳城县国有资本经营预算2025年转移支付预算
A3: 单位：万元
A4: 项 目 | B4: 2024年 | E4: 2025年预算
B5: 年初预算 | C5: 执行数 | D5: 完成年初预算% | E5: 建议数 | F5: 比上年预算增减额 | G5: 比上年预算增减%
A6: 转移性收入 | B6: 100 | C6: 50 | D6: 50 | E6: 217 | F6: 167 | G6: 334
A7: 上级补助收入 | B7: 5 | C7: 5 | D7: 100 | F7: -5 | G7: -100
A8: 上年结余收入 | B8: 95 | C8: 45 | D8: 47.368421 | E8: 217 | F8: 172 | G8: 382.22222
A9: 转移性支出 | B9: 100 | C9: 288 | D9: 288 | E9: 337 | F9: 237 | G9: 237
A10: 调出资金 | C10: 71 | D10: 0 | E10: 120 | F10: 120 | G10: 0
A11: 年终结余 | B11: 100 | C11: 217 | D11: 217 | E11: 217 | F11: 117 | G11: 117

Sheet 社保收
A1: 附表23
A2: 柳城县社会保险基金预算2025年收入预算
F3: 单位：万元
A4: 项目 | B4: 2024年 | E4: 2025年预算
B5: 年初预算数 | C5: 执行数 | D5: 完成年初预算% | E5: 建议数 | F5: 比2024年执行数增减
F6: 金额 | G6: %
A7: 一、社会保险基金收入合计 | B7: =B8+B14 -> 50800 | C7: =C8+C14 -> 54184 | D7: =C7/B7*100 -> 106.66142 | E7: =E8+E14 -> 58833 | F7: =E7-C7 -> 4649 | G7: =F7/C7*100 -> 8.5800236
A8: （一）机关事业单位基本养老保险基金收入 | B8: =SUM(B9:B13) -> 34350 | C8: =SUM(C9:C13) -> 33310 | D8: =C8/B8*100 -> 96.972344 | E8: =SUM(E9:E13) -> 35949 | F8: =E8-C8 -> 2639 | G8: =F8/C8*100 -> 7.9225458
A9: 其中：保险费收入 | B9: 16540 | C9: 17830 | D9: =C9/B9*100 -> 107.79927 | E9: 16987 | F9: =E9-C9 -> -843 | G9: =F9/C9*100 -> -4.7279865
A10: 财政补贴收入 | B10: 17588 | C10: 15213 | D10: =C10/B10*100 -> 86.496475 | E10: 18695 | F10: =E10-C10 -> 3482 | G10: =F10/C10*100 -> 22.888319
A11: 利息收入 | B11: 20 | C11: 14 | D11: =C11/B11*100 -> 70 | E11: 14 | F11: =E11-C11 -> 0 | G11: =F11/C11*100 -> 0
A12: 转移收入 | B12: 200 | C12: 250 | D12: =C12/B12*100 -> 125 | E12: 250 | F12: =E12-C12 -> 0 | G12: =F12/C12*100 -> 0
A13: 其他收入 | B13: 2 | C13: 3 | E13: 3 | F13: =E13-C13 -> 0 | G13: =F13/C13*100 -> 0
A14: （二）城乡居民基本养老保险基金收入 | B14: =SUM(B15:B21) -> 16450 | C14: =SUM(C15:C21) -> 20874 | D14: =C14/B14*100 -> 126.89362 | E14: =SUM(E15:E21) -> 22884 | F14: =E14-C14 -> 2010 | G14: =F14/C14*100 -> 9.6292038
A15: 其中：保险费收入 | B15: 5450 | C15: 8300 | D15: =C15/B15*100 -> 152.29358 | E15: 8576 | F15: =E15-C15 -> 276 | G15: =F15/C15*100 -> 3.3253012
A16: 财政补贴收入 | B16: 10267 | C16: 10705 | D16: =C16/B16*100 -> 104.2661 | E16: 12338 | F16: =E16-C16 -> 1633 | G16: =F16/C16*100 -> 15.254554
A17: 利息收入 | B17: 175 | C17: 230 | D17: =C17/B17*100 -> 131.42857 | E17: 150 | F17: =E17-C17 -> -80 | G17: =F17/C17*100 -> -34.782609
A18: 集体补助收入 | F18: =E18-C18 -> 0
A19: 委托投资收益 | B19: 554 | C19: 535 | D19: =C19/B19*100 -> 96.570397 | E19: 716 | F19: =E19-C19 -> 181 | G19: =F19/C19*100 -> 33.831776
A20: 转移收入 | B20: 4 | C20: 4 | D20: =C20/B20*100 -> 100 | E20: 4 | F20: =E20-C20 -> 0 | G20: =F20/C20*100 -> 0
A21: 其他收入 | C21: 1100 | E21: 1100 | F21: =E21-C21 -> 0

Sheet 社保支
A1: 附表24
A2: 柳城县社会保险基金预算2025年支出预算
F3: 单位：万元
A4: 项目 | B4: 2024年 | E4: 2025年预算
B5: 年初预算数 | C5: 执行数 | D5: 完成年初预算% | E5: 建议数 | F5: 比2024年执行数增减
F6: 金额 | G6: %
A7: 二、社会保险基金支出合计 | B7: 45911 | C7: 44940 | D7: 97.885038 | E7: 50229 | F7: 5289 | G7: 11.769025
A8: （一）机关事业单位基本养老保险基金支出 | B8: 34350 | C8: 33310 | D8: 96.972344 | E8: 35949 | F8: 2639 | G8: 7.9225458
A9: 其中：基本养老金支出 | B9: 34314 | C9: 33267 | D9: 96.948767 | E9: 35906 | F9: 2639 | G9: 7.9327862
A10: 转移支出 | B10: 30 | C10: 30 | D10: 100 | E10: 30 | F10: 0 | G10: 0
A11: 其他支出 | B11: 6 | C11: 13 | D11: 216.66667 | E11: 13 | G11: 0
A12: （二）城乡居民基本养老保险基金支出 | B12: 11561 | C12: 11630 | D12: 100.59683 | E12: 14280 | F12: 2650 | G12: 22.785899
A13: 其中：基础养老金支出 | B13: 9909 | C13: 10000 | D13: 100.91836 | E13: 11982 | F13: 1982 | G13: 19.82
A14: 个人账户养老金支出 | B14: 1528 | C14: 1500 | D14: 98.167539 | E14: 2184 | F14: 684 | G14: 45.6
A15: 丧葬补助金支出 | B15: 120 | C15: 110 | D15: 91.666667 | E15: 110 | F15: 0 | G15: 0
A16: 转移支出 | B16: 4 | C16: 20 | D16: 500 | E16: 4 | F16: -16 | G16: -80
A17: 其他支出 | F17: 0
A18: 三、社会保险基金本年收支结余合计 | B18: 4889 | C18: 9244 | D18: 189.07752 | E18: 8604 | F18: -640 | G18: -6.9234098
A19: 社会保险基金年末滚存结余合计 | B19: 38997 | C19: 42666 | D19: 109.40842 | E19: 51270 | F19: 8604 | G19: 20.16594
A20: （一）机关事业单位基本养老保险基金本年收支结余 | B20: 0 | C20: 0 | E20: 0 | F20: 0
A21: 机关事业单位基本养老保险基金年末滚存结余 | B21: 987 | C21: 845 | D21: 85.612969 | E21: 845 | F21: 0 | G21: 0
A22: （二）城乡居民基本养老保险基金本年收支结余 | B22: 4889 | C22: 9244 | D22: 189.07752 | E22: 8604 | F22: -640 | G22: -6.9234098
A23: 城乡居民基本养老保险基金年末滚存结余 | B23: 38010 | C23: 41821 | D23: 110.02631 | E23: 50425 | F23: 8604 | G23: 20.573396

Sheet 政府债券
A1: 附表25
A2: 柳城县2024年-2025年政府债券发行及还本付息情况表
B3: 单位：万元
A4: 项目 | B4: 金额
A5: 一、2024年发行执行数 | B5: =SUM(B6,B8) -> 208233.9
A6: 一般债券 | B6: =19291.1+4794+35+652.8 -> 24772.9
A7: 其中：再融资债券 | B7: 13500
A8: 专项债券 | B8: =182461+1000 -> 183461
A9: 其中：再融资债券 | B9: 70673
A10: 二、2024年还本执行数 | B10: =SUM(B11:B12) -> 90567
A11: 一般债券 | B11: 19794
A12: 专项债券 | B12: 70773
A13: 三、2024年付息执行数 | B13: =SUM(B14:B15) -> 7695.88
A14: 一般债券 | B14: 3842.88
A15: 专项债券 | B15: 3853
A16: 四、2025年还本预算数 | B16: =SUM(B17,B20) -> 11980
A17: 一般债券 | B17: 11980
A18: 其中：再融资债券 | B18: 10700
A19: 财政资金安排 | B19: 1280
A20: 专项债券
A21: 其中：再融资债券
A22: 财政资金安排
A23: 五、2025年付息预算数 | B23: =SUM(B24:B25) -> 10862
A24: 一般债券 | B24: 3533
A25: 专项债券 | B25: 7329
